Workbook
Name BinDivisor: 'SNA Metrics'!$AC$2
Name DynamicFilterForceCalculationRange: 'SNA Metrics'!$U$81:$V$82
Name DynamicFilterSourceColumnRange: 'SNA Metrics'!$AC$4
Name NoMetricMessage: 'SNA Metrics'!$AC$3
Name NotAvailable: 'SNA Metrics'!$AC$2
Name searchTerm: Readme_Settings!$B$9

Sheet Archive
A1: Tweet Order (1 = oldest, 1313 = newest) | B1: id_str | C1: from_user | D1: text | E1: created_at | F1: time | G1: geo_coordinates | H1: user_lang | I1: in_reply_to_user_id_str | J1: in_reply_to_screen_name | K1: from_user_id_str | L1: in_reply_to_status_id_str | M1: source | N1: profile_image_url | O1: user_followers_count | P1: user_friends_count | Q1: user_utc_offset | R1: status_url | S1: entities_str | T1: Retweets (Begins with RT) | U1: DummyCode Retweet | V1: MostRetweets | W1: DummyCodeLink | X1: url
A2: 1 | B2: 433240138630852608 | C2: abbaspeaks | D2: One week to #OERS14 .. Back in conference mode soon. (@ Ontario Research and Innovation Optical Network ( ORION )) http://t.co/Su9nq3WV6y | E2: Tue Feb 11 14:04:32 +0000 2014 | F2: 41681.586 | G2: loc: 43.6508236,-79.38137019 | H2: en | K2: 203543496 | M2: <a href="http://foursquare.com" rel="nofollow">foursquare</a> | N2: http://pbs.twimg.com/profile_images/420650358310838272/SYeVCvzi_normal.jpeg | O2: 389 | P2: 531 | Q2: -28800 | R2: http://twitter.com/abbaspeaks/statuses/433240138630852608 | S2: {"symbols":[],"urls":[{"expanded_url":"http://4sq.com/1fWpdl5","indices":[115,137],"display_url":"4sq.com/1fWpdl5","url":"http://t.co/Su9nq3WV6y"}],"hashtags":[{"text":"OERS14","indices":[12,19]}],"user_mentions":[]} | T2: =LEFT(D2,3) -> One | U2: =IF(SEARCH("RT", T2),1,0) -> #VALUE! | V2: =LEFT(D2,35) -> One week to #OERS14 .. Back in conf | W2: =IF(SEARCH("http:", D2),1,0) -> 1 | X2: ="http:"&MID(D2,FIND("/",D2,8),LEN(D2)+1-FIND("/",D2,8)) -> http://t.co/Su9nq3WV6y
A3: 2 | B3: 434419690295664640 | C3: DanaStClair | D3: Super excited about the exhibits at #OERS14 !! Can't wait to see everyone next week :) | E3: Fri Feb 14 20:11:39 +0000 2014 | F3: 41684.841 | H3: en | K3: 30171986 | M3: web | N3: http://pbs.twimg.com/profile_images/132889748/233044_normal.jpg | O3: 30 | P3: 76 | Q3: -18000 | R3: http://twitter.com/DanaStClair/statuses/434419690295664640 | S3: {"symbols":[],"urls":[],"hashtags":[{"text":"OERS14","indices":[36,43]}],"user_mentions":[]} | T3: =LEFT(D3,3) -> Sup | U3: =IF(SEARCH("RT", T3),1,0) -> #VALUE! | V3: =LEFT(D3,35) -> Super excited about the exhibits at | W3: =IF(SEARCH("http:", D3),1,0) -> #VALUE!
A4: 3 | B4: 435253821090979840 | C4: KNAER_RECRAE | D4: We'll be at #OERS14 this week! http://t.co/CWIf7knjFu Stay tuned for live updates &amp; maybe even some photos @OISENews @westernuEdu | E4: Mon Feb 17 03:26:12 +0000 2014 | F4: 41687.143 | H4: en | K4: 1020257364 | M4: web | N4: http://pbs.twimg.com/profile_images/2991816416/bfc82e11ecb1ae7933cf18dab2e03eb9_normal.png | O4: 193 | P4: 247 | Q4: -18000 | R4: http://twitter.com/KNAER_RECRAE/statuses/435253821090979840 | S4: {"symbols":[],"urls":[{"expanded_url":"http://bit.ly/M5mKeG","indices":[31,53],"display_url":"bit.ly/M5mKeG","url":"http://t.co/CWIf7knjFu"}],"hashtags":[{"text":"OERS14","indices":[12,19]}],"user_mentions":[{"id":120129298,"name":"OISE News","indices":[111,120],"screen_name":"OISENews","id_str":"120129298"},{"id":68163264,"name":"Western - Fac of Ed","indices":[121,133],"screen_name":"westernuEdu","id_str":"68163264"}]} | T4: =LEFT(D4,3) -> We' | U4: =IF(SEARCH("RT", T4),1,0) -> #VALUE! | V4: =LEFT(D4,35) -> We'll be at #OERS14 this week! http | W4: =IF(SEARCH("http:", D4),1,0) -> 1 | X4: ="http:"&MID(D4,FIND("/",D4,8),LEN(D4)+1-FIND("/",D4,8)) -> http://t.co/CWIf7knjFu Stay tuned for live updates &amp; maybe even some photos @OISENews @westernuEdu
A5: 4 | B5: 435254220770377728 | C5: KNAER_RECRAE | D5: #OERS14 this week! http://t.co/CWIf7knjFu Stay tuned for live updates &amp; maybe even some photos @DrKatinaPollock @ShastaCH @CarolCampbell4 | E5: Mon Feb 17 03:27:47 +0000 2014 | F5: 41687.144 | H5: en | K5: 1020257364 | M5: web | N5: http://pbs.twimg.com/profile_images/2991816416/bfc82e11ecb1ae7933cf18dab2e03eb9_normal.png | O5: 193 | P5: 247 | Q5: -18000 | R5: http://twitter.com/KNAER_RECRAE/statuses/435254220770377728 | S5: {"symbols":[],"urls":[{"expanded_url":"http://bit.ly/M5mKeG","indices":[19,41],"display_url":"bit.ly/M5mKeG","url":"http://t.co/CWIf7knjFu"}],"hashtags":[{"text":"OERS14","indices":[0,7]}],"user_mentions":[{"id":636460073,"name":"Katina Pollock","indices":[99,115],"screen_name":"DrKatinaPollock","id_str":"636460073"},{"id":129585627,"name":"Shasta Carr-Harris","indices":[116,125],"screen_name":"ShastaCH","id_str":"129585627"},{"id":300645437,"name":"Carol Campbell","indices":[126,141],"screen_name":"CarolCampbell4","id_str":"300645437"}]} | T5: =LEFT(D5,3) -> #OE | U5: =IF(SEARCH("RT", T5),1,0) -> #VALUE! | V5: =LEFT(D5,35) -> #OERS14 this week! http://t.co/CWIf | W5: =IF(SEARCH("http:", D5),1,0) -> 1 | X5: ="http:"&MID(D5,FIND("/",D5,8),LEN(D5)+1-FIND("/",D5,8)) -> http://t.co/CWIf7knjFu Stay tuned for live updates &amp; maybe even some photos @DrKatinaPollock @ShastaCH @CarolCampbell4
A6: 5 | B6: 435254620865429504 | C6: CarolCampbell4 | D6: Getting ready! RT @KNAER_RECRAE: We'll be at #OERS14 this week! http://t.co/4PqWWStb7h Stay tuned for live updates @OISENews @westernuEdu” | E6: Mon Feb 17 03:29:22 +0000 2014 | F6: 41687.145 | H6: en | I6: 1020257364 | J6: KNAER_RECRAE | K6: 300645437 | L6: 435253821090979840 | M6: <a href="http://twitter.com/#!/download/ipad" rel="nofollow">Twitter for iPad</a> | N6: http://pbs.twimg.com/profile_images/3691905443/d17541206d2df83dd49f40e17076abbc_normal.jpeg | O6: 737 | P6: 316 | Q6: -18000 | R6: http://twitter.com/CarolCampbell4/statuses/435254620865429504 | S6: {"symbols":[],"urls":[{"expanded_url":"http://bit.ly/M5mKeG","indices":[64,86],"display_url":"bit.ly/M5mKeG","url":"http://t.co/4PqWWStb7h"}],"hashtags":[{"text":"OERS14","indices":[45,52]}],"user_mentions":[{"id":1020257364,"name":"KNAER-RECRAE","indices":[18,31],"screen_name":"KNAER_RECRAE","id_str":"1020257364"},{"id":120129298,"name":"OISE News","indices":[115,124],"screen_name":"OISENews","id_str":"120129298"},{"id":68163264,"name":"Western - Fac of Ed","indices":[125,137],"screen_name":"westernuEdu","id_str":"68163264"}]} | T6: =LEFT(D6,3) -> Get | U6: =IF(SEARCH("RT", T6),1,0) -> #VALUE! | V6: =LEFT(D6,35) -> Getting ready! RT @KNAER_RECRAE: We | W6: =IF(SEARCH("http:", D6),1,0) -> 1 | X6: ="http:"&MID(D6,FIND("/",D6,8),LEN(D6)+1-FIND("/",D6,8)) -> http://t.co/4PqWWStb7h Stay tuned for live updates @OISENews @westernuEdu”
A7: 6 | B7: 435255912392294400 | C7: CarolCampbell4 | D7: Looking forward to RT @KNAER_RECRAE #OERS14 this week! http://t.co/4PqWWStb7h Updates from @DrKatinaPollock @ShastaCH @CarolCampbell4 #onted | E7: Mon Feb 17 03:34:30 +0000 2014 | F7: 41687.149 | H7: en | I7: 1020257364 | J7: KNAER_RECRAE | K7: 300645437 | L7: 435254220770377728 | M7: <a href="http://twitter.com/#!/download/ipad" rel="nofollow">Twitter for iPad</a> | N7: http://pbs.twimg.com/profile_images/3691905443/d17541206d2df83dd49f40e17076abbc_normal.jpeg | O7: 737 | P7: 316 | Q7: -18000 | R7: http://twitter.com/CarolCampbell4/statuses/435255912392294400 | S7: {"symbols":[],"urls":[{"expanded_url":"http://bit.ly/M5mKeG","indices":[55,77],"display_url":"bit.ly/M5mKeG","url":"http://t.co/4PqWWStb7h"}],"hashtags":[{"text":"OERS14","indices":[36,43]},{"text":"onted","indices":[134,140]}],"user_mentions":[{"id":1020257364,"name":"KNAER-RECRAE","indices":[22,35],"screen_name":"KNAER_RECRAE","id_str":"1020257364"},{"id":636460073,"name":"Katina Pollock","indices":[91,107],"screen_name":"DrKatinaPollock","id_str":"636460073"},{"id":129585627,"name":"Shasta Carr-Harris","indices":[108,117],"screen_name":"ShastaCH","id_str":"129585627"},{"id":300645437,"name":"Carol Campbell","indices":[118,133],"screen_name":"CarolCampbell4","id_str":"300645437"}]} | T7: =LEFT(D7,3) -> Loo | U7: =IF(SEARCH("RT", T7),1,0) -> #VALUE! | V7: =LEFT(D7,35) -> Looking forward to RT @KNAER_RECRAE | W7: =IF(SEARCH("http:", D7),1,0) -> 1 | X7: ="http:"&MID(D7,FIND("/",D7,8),LEN(D7)+1-FIND("/",D7,8)) -> http://t.co/4PqWWStb7h Updates from @DrKatinaPollock @ShastaCH @CarolCampbell4 #onted
A8: 7 | B8: 435270599112687616 | C8: drcathybruce | D8: Looking forward to #OERS14 @KNAER_RECRAE @dtapscott with focus on knowledge mobilization and great Ontario research | E8: Mon Feb 17 04:32:52 +0000 2014 | F8: 41687.189 | G8: loc: 45.94429796,-75.88182703 | H8: en | K8: 1264968134 | M8: <a href="http://twitter.com/download/iphone" rel="nofollow">Twitter for iPhone</a> | N8: http://pbs.twimg.com/profile_images/432644858201657344/yt5yBNO9_normal.png | O8: 577 | P8: 371 | R8: http://twitter.com/drcathybruce/statuses/435270599112687616 | S8: {"symbols":[],"urls":[],"hashtags":[{"text":"OERS14","indices":[19,26]}],"user_mentions":[{"id":1020257364,"name":"KNAER-RECRAE","indices":[27,40],"screen_name":"KNAER_RECRAE","id_str":"1020257364"},{"id":14128528,"name":"Don Tapscott","indices":[41,51],"screen_name":"dtapscott","id_str":"14128528"}]} | T8: =LEFT(D8,3) -> Loo | U8: =IF(SEARCH("RT", T8),1,0) -> #VALUE! | V8: =LEFT(D8,35) -> Looking forward to #OERS14 @KNAER_R | W8: =IF(SEARCH("http:", D8),1,0) -> #VALUE!
A9: 8 | B9: 435391753244647424 | C9: DrKatinaPollock | D9: RT @KNAER_RECRAE: We'll be at #OERS14 this week! http://t.co/CWIf7knjFu Stay tuned for live updates &amp; maybe even some photos @OISENews @wes… | E9: Mon Feb 17 12:34:17 +0000 2014 | F9: 41687.524 | H9: en | K9: 636460073 | M9: web | N9: http://pbs.twimg.com/profile_images/378800000769246947/3a548e76741de390217e1421e5ba48af_normal.jpeg | O9: 146 | P9: 298 | Q9: -18000 | R9: http://twitter.com/DrKatinaPollock/statuses/435391753244647424 | S9: {"symbols":[],"urls":[{"expanded_url":"http://bit.ly/M5mKeG","indices":[49,71],"display_url":"bit.ly/M5mKeG","url":"http://t.co/CWIf7knjFu"}],"hashtags":[{"text":"OERS14","indices":[30,37]}],"user_mentions":[{"id":1020257364,"name":"KNAER-RECRAE","indices":[3,16],"screen_name":"KNAER_RECRAE","id_str":"1020257364"},{"id":120129298,"name":"OISE News","indices":[129,138],"screen_name":"OISENews","id_str":"120129298"},{"id":68163264,"name":"Western - Fac of Ed","indices":[139,144],"screen_name":"westernuEdu","id_str":"68163264"}]} | T9: =LEFT(D9,3) -> RT | U9: =IF(SEARCH("RT", T9),1,0) -> 1 | V9: =LEFT(D9,35) -> RT @KNAER_RECRAE: We'll be at #OERS | W9: =IF(SEARCH("http:", D9),1,0) -> 1 | X9: ="http:"&MID(D9,FIND("/",D9,8),LEN(D9)+1-FIND("/",D9,8)) -> http://t.co/CWIf7knjFu Stay tuned for live updates &amp; maybe even some photos @OISENews @wes…
A10: 9 | B10: 435391793623220224 | C10: DrKatinaPollock | D10: RT @KNAER_RECRAE: #OERS14 this week! http://t.co/CWIf7knjFu Stay tuned for live updates &amp; maybe even some photos @DrKatinaPollock @ShastaCH… | E10: Mon Feb 17 12:34:27 +0000 2014 | F10: 41687.524 | H10: en | K10: 636460073 | M10: web | N10: http://pbs.twimg.com/profile_images/378800000769246947/3a548e76741de390217e1421e5ba48af_normal.jpeg | O10: 146 | P10: 298 | Q10: -18000 | R10: http://twitter.com/DrKatinaPollock/statuses/435391793623220224 | S10: {"symbols":[],"urls":[{"expanded_url":"http://bit.ly/M5mKeG","indices":[37,59],"display_url":"bit.ly/M5mKeG","url":"http://t.co/CWIf7knjFu"}],"hashtags":[{"text":"OERS14","indices":[18,25]}],"user_mentions":[{"id":1020257364,"name":"KNAER-RECRAE","indices":[3,16],"screen_name":"KNAER_RECRAE","id_str":"1020257364"},{"id":636460073,"name":"Katina Pollock","indices":[117,133],"screen_name":"DrKatinaPollock","id_str":"636460073"},{"id":129585627,"name":"Shasta Carr-Harris","indices":[134,143],"screen_name":"ShastaCH","id_str":"129585627"},{"id":300645437,"name":"Carol Campbell","indices":[143,144],"screen_name":"CarolCampbell4","id_str":"300645437"}]} | T10: =LEFT(D10,3) -> RT | U10: =IF(SEARCH("RT", T10),1,0) -> 1 | V10: =LEFT(D10,35) -> RT @KNAER_RECRAE: #OERS14 this week | W10: =IF(SEARCH("http:", D10),1,0) -> 1 | X10: ="http:"&MID(D10,FIND("/",D10,8),LEN(D10)+1-FIND("/",D10,8)) -> http://t.co/CWIf7knjFu Stay tuned for live updates &amp; maybe even some photos @DrKatinaPollock @ShastaCH…
A11: 10 | B11: 435405054237892610 | C11: ShastaCH | D11: RT @KNAER_RECRAE: #OERS14 this week! http://t.co/CWIf7knjFu Stay tuned for live updates &amp; maybe even some photos @DrKatinaPollock @ShastaCH… | E11: Mon Feb 17 13:27:09 +0000 2014 | F11: 41687.561 | H11: en | K11: 129585627 | M11: <a href="http://twitter.com/download/iphone" rel="nofollow">Twitter for iPhone</a> | N11: http://pbs.twimg.com/profile_images/2272274611/5wd7gucvwq2weh35c02q_normal.jpeg | O11: 149 | P11: 97 | Q11: -21600 | R11: http://twitter.com/ShastaCH/statuses/435405054237892610 | S11: {"symbols":[],"urls":[{"expanded_url":"http://bit.ly/M5mKeG","indices":[37,59],"display_url":"bit.ly/M5mKeG","url":"http://t.co/CWIf7knjFu"}],"hashtags":[{"text":"OERS14","indices":[18,25]}],"user_mentions":[{"id":1020257364,"name":"KNAER-RECRAE","indices":[3,16],"screen_name":"KNAER_RECRAE","id_str":"1020257364"},{"id":636460073,"name":"Katina Pollock","indices":[117,133],"screen_name":"DrKatinaPollock","id_str":"636460073"},{"id":129585627,"name":"Shasta Carr-Harris","indices":[134,143],"screen_name":"ShastaCH","id_str":"129585627"},{"id":300645437,"name":"Carol Campbell","indices":[143,144],"screen_name":"CarolCampbell4","id_str":"300645437"}]} | T11: =LEFT(D11,3) -> RT | U11: =IF(SEARCH("RT", T11),1,0) -> 1 | V11: =LEFT(D11,35) -> RT @KNAER_RECRAE: #OERS14 this week | W11: =IF(SEARCH("http:", D11),1,0) -> 1 | X11: ="http:"&MID(D11,FIND("/",D11,8),LEN(D11)+1-FIND("/",D11,8)) -> http://t.co/CWIf7knjFu Stay tuned for live updates &amp; maybe even some photos @DrKatinaPollock @ShastaCH…
A12: 11 | B12: 435405174232735745 | C12: ShastaCH | D12: RT @CarolCampbell4: Looking forward to RT @KNAER_RECRAE #OERS14 this week! http://t.co/4PqWWStb7h Updates from @DrKatinaPollock @ShastaCH @… | E12: Mon Feb 17 13:27:37 +0000 2014 | F12: 41687.561 | H12: en | K12: 129585627 | M12: <a href="http://twitter.com/download/iphone" rel="nofollow">Twitter for iPhone</a> | N12: http://pbs.twimg.com/profile_images/2272274611/5wd7gucvwq2weh35c02q_normal.jpeg | O12: 149 | P12: 97 | Q12: -21600 | R12: http://twitter.com/ShastaCH/statuses/435405174232735745 | S12: {"symbols":[],"urls":[{"expanded_url":"http://bit.ly/M5mKeG","indices":[75,97],"display_url":"bit.ly/M5mKeG","url":"http://t.co/4PqWWStb7h"}],"hashtags":[{"text":"OERS14","indices":[56,63]},{"text":"onted","indices":[139,140]}],"user_mentions":[{"id":300645437,"name":"Carol Campbell","indices":[3,18],"screen_name":"CarolCampbell4","id_str":"300645437"},{"id":1020257364,"name":"KNAER-RECRAE","indices":[42,55],"screen_name":"KNAER_RECRAE","id_str":"1020257364"},{"id":636460073,"name":"Katina Pollock","indices":[111,127],"screen_name":"DrKatinaPollock","id_str":"636460073"},{"id":129585627,"name":"Shasta Carr-Harris","indices":[128,137],"screen_name":"ShastaCH","id_str":"129585627"},{"id":300645437,"name":"Carol Campbell","indices":[139,140],"screen_name":"CarolCampbell4","id_str":"300645437"}]} | T12: =LEFT(D12,3) -> RT | U12: =IF(SEARCH("RT", T12),1,0) -> 1 | V12: =LEFT(D12,35) -> RT @CarolCampbell4: Looking forward | W12: =IF(SEARCH("http:", D12),1,0) -> 1 | X12: ="http:"&MID(D12,FIND("/",D12,8),LEN(D12)+1-FIND("/",D12,8)) -> http://t.co/4PqWWStb7h Updates from @DrKatinaPollock @ShastaCH @…
A13: 12 | B13: 435421726227189761 | C13: OISENews | D13: RT @CarolCampbell4: Getting ready! RT @KNAER_RECRAE: We'll be at #OERS14 this week! http://t.co/4PqWWStb7h Stay tuned for live updates @OIS… | E13: Mon Feb 17 14:33:23 +0000 2014 | F13: 41687.607 | H13: en | K13: 120129298 | M13: <a href="https://mobile.twitter.com" rel="nofollow">Mobile Web (M5)</a> | N13: http://pbs.twimg.com/profile_images/378800000483716901/60cd288ab1fab8f218956809a7735be6_normal.jpeg | O13: 3668 | P13: 1401 | Q13: -18000 | R13: http://twitter.com/OISENews/statuses/435421726227189761 | S13: {"symbols":[],"urls":[{"expanded_url":"http://bit.ly/M5mKeG","indices":[84,106],"display_url":"bit.ly/M5mKeG","url":"http://t.co/4PqWWStb7h"}],"hashtags":[{"text":"OERS14","indices":[65,72]}],"user_mentions":[{"id":300645437,"name":"Carol Campbell","indices":[3,18],"screen_name":"CarolCampbell4","id_str":"300645437"},{"id":1020257364,"name":"KNAER-RECRAE","indices":[38,51],"screen_name":"KNAER_RECRAE","id_str":"1020257364"},{"id":120129298,"name":"OISE News","indices":[135,140],"screen_name":"OISENews","id_str":"120129298"},{"id":68163264,"name":"Western - Fac of Ed","indices":[139,140],"screen_name":"westernuEdu","id_str":"68163264"}]} | T13: =LEFT(D13,3) -> RT | U13: =IF(SEARCH("RT", T13),1,0) -> 1 | V13: =LEFT(D13,35) -> RT @CarolCampbell4: Getting ready! | W13: =IF(SEARCH("http:", D13),1,0) -> 1 | X13: ="http:"&MID(D13,FIND("/",D13,8),LEN(D13)+1-FIND("/",D13,8)) -> http://t.co/4PqWWStb7h Stay tuned for live updates @OIS…
A14: 13 | B14: 435422260690550784 | C14: OISENews | D14: RT @KNAER_RECRAE: #OERS14 this week! http://t.co/CWIf7knjFu Stay tuned for live updates &amp; maybe even some photos @DrKatinaPollock @ShastaCH… | E14: Mon Feb 17 14:35:31 +0000 2014 | F14: 41687.608 | H14: en | K14: 120129298 | M14: <a href="https://mobile.twitter.com" rel="nofollow">Mobile Web (M5)</a> | N14: http://pbs.twimg.com/profile_images/378800000483716901/60cd288ab1fab8f218956809a7735be6_normal.jpeg | O14: 3668 | P14: 1401 | Q14: -18000 | R14: http://twitter.com/OISENews/statuses/435422260690550784 | S14: {"symbols":[],"urls":[{"expanded_url":"http://bit.ly/M5mKeG","indices":[37,59],"display_url":"bit.ly/M5mKeG","url":"http://t.co/CWIf7knjFu"}],"hashtags":[{"text":"OERS14","indices":[18,25]}],"user_mentions":[{"id":1020257364,"name":"KNAER-RECRAE","indices":[3,16],"screen_name":"KNAER_RECRAE","id_str":"1020257364"},{"id":636460073,"name":"Katina Pollock","indices":[117,133],"screen_name":"DrKatinaPollock","id_str":"636460073"},{"id":129585627,"name":"Shasta Carr-Harris","indices":[134,143],"screen_name":"ShastaCH","id_str":"129585627"},{"id":300645437,"name":"Carol Campbell","indices":[143,144],"screen_name":"CarolCampbell4","id_str":"300645437"}]} | T14: =LEFT(D14,3) -> RT | U14: =IF(SEARCH("RT", T14),1,0) -> 1 | V14: =LEFT(D14,35) -> RT @KNAER_RECRAE: #OERS14 this week | W14: =IF(SEARCH("http:", D14),1,0) -> 1 | X14: ="http:"&MID(D14,FIND("/",D14,8),LEN(D14)+1-FIND("/",D14,8)) -> http://t.co/CWIf7knjFu Stay tuned for live updates &amp; maybe even some photos @DrKatinaPollock @ShastaCH…
A15: 14 | B15: 435731795876016128 | C15: DanaStClair | D15: #oers14 today is the day!! | E15: Tue Feb 18 11:05:30 +0000 2014 | F15: 41688.462 | H15: en | K15: 30171986 | M15: <a href="http://twitter.com/download/iphone" rel="nofollow">Twitter for iPhone</a> | N15: http://pbs.twimg.com/profile_images/132889748/233044_normal.jpg | O15: 30 | P15: 76 | Q15: -18000 | R15: http://twitter.com/DanaStClair/statuses/435731795876016128 | S15: {"symbols":[],"urls":[],"hashtags":[{"text":"oers14","indices":[0,7]}],"user_mentions":[]} | T15: =LEFT(D15,3) -> #oe | U15: =IF(SEARCH("RT", T15),1,0) -> #VALUE! | V15: =LEFT(D15,35) -> #oers14 today is the day!! | W15: =IF(SEARCH("http:", D15),1,0) -> #VALUE!
A16: 15 | B16: 435758730752176128 | C16: ShastaCH | D16: RT @abbaspeaks: One week to #OERS14 .. Back in conference mode soon. (@ Ontario Research and Innovation Optical Network ( ORION )) http://t… | E16: Tue Feb 18 12:52:32 +0000 2014 | F16: 41688.536 | H16: en | K16: 129585627 | M16: <a href="http://twitter.com/download/iphone" rel="nofollow">Twitter for iPhone</a> | N16: http://pbs.twimg.com/profile_images/2272274611/5wd7gucvwq2weh35c02q_normal.jpeg | O16: 149 | P16: 97 | Q16: -21600 | R16: http://twitter.com/ShastaCH/statuses/435758730752176128 | S16: {"symbols":[],"urls":[{"expanded_url":"http://4sq.com/1fWpdl5","indices":[139,140],"display_url":"4sq.com/1fWpdl5","url":"http://t.co/Su9nq3WV6y"}],"hashtags":[{"text":"OERS14","indices":[28,35]}],"user_mentions":[{"id":203543496,"name":"/-\\ l i @bbas","indices":[3,14],"screen_name":"abbaspeaks","id_str":"203543496"}]} | T16: =LEFT(D16,3) -> RT | U16: =IF(SEARCH("RT", T16),1,0) -> 1 | V16: =LEFT(D16,35) -> RT @abbaspeaks: One week to #OERS14 | W16: =IF(SEARCH("http:", D16),1,0) -> 1 | X16: ="http:"&MID(D16,FIND("/",D16,8),LEN(D16)+1-FIND("/",D16,8)) -> http://t…
A17: 16 | B17: 435758814491443200 | C17: ShastaCH | D17: RT @drcathybruce: Looking forward to #OERS14 @KNAER_RECRAE @dtapscott with focus on knowledge mobilization and great Ontario research | E17: Tue Feb 18 12:52:52 +0000 2014 | F17: 41688.537 | H17: en | K17: 129585627 | M17: <a href="http://twitter.com/download/iphone" rel="nofollow">Twitter for iPhone</a> | N17: http://pbs.twimg.com/profile_images/2272274611/5wd7gucvwq2weh35c02q_normal.jpeg | O17: 149 | P17: 97 | Q17: -21600 | R17: http://twitter.com/ShastaCH/statuses/435758814491443200 | S17: {"symbols":[],"urls":[],"hashtags":[{"text":"OERS14","indices":[37,44]}],"user_mentions":[{"id":1264968134,"name":"Cathy Bruce","indices":[3,16],"screen_name":"drcathybruce","id_str":"1264968134"},{"id":1020257364,"name":"KNAER-RECRAE","indices":[45,58],"screen_name":"KNAER_RECRAE","id_str":"1020257364"},{"id":14128528,"name":"Don Tapscott","indices":[59,69],"screen_name":"dtapscott","id_str":"14128528"}]} | T17: =LEFT(D17,3) -> RT | U17: =IF(SEARCH("RT", T17),1,0) -> 1 | V17: =LEFT(D17,35) -> RT @drcathybruce: Looking forward t | W17: =IF(SEARCH("http:", D17),1,0) -> #VALUE!
A18: 17 | B18: 435758880295907328 | C18: ShastaCH | D18: RT @DanaStClair: #oers14 today is the day!! | E18: Tue Feb 18 12:53:07 +0000 2014 | F18: 41688.537 | H18: en | K18: 129585627 | M18: <a href="http://twitter.com/download/iphone" rel="nofollow">Twitter for iPhone</a> | N18: http://pbs.twimg.com/profile_images/2272274611/5wd7gucvwq2weh35c02q_normal.jpeg | O18: 149 | P18: 97 | Q18: -21600 | R18: http://twitter.com/ShastaCH/statuses/435758880295907328 | S18: {"symbols":[],"urls":[],"hashtags":[{"text":"oers14","indices":[17,24]}],"user_mentions":[{"id":30171986,"name":"Dana S","indices":[3,15],"screen_name":"DanaStClair","id_str":"30171986"}]} | T18: =LEFT(D18,3) -> RT | U18: =IF(SEARCH("RT", T18),1,0) -> 1 | V18: =LEFT(D18,35) -> RT @DanaStClair: #oers14 today is t | W18: =IF(SEARCH("http:", D18),1,0) -> #VALUE!
A19: 18 | B19: 435781183944024064 | C19: ResearchChat | D19: Looking forward to #OERS14. A log of tweets (updated every hour) is available here: http://t.co/0vOI9BYwfw #ResearchChat | E19: Tue Feb 18 14:21:45 +0000 2014 | F19: 41688.598 | H19: en | K19: 30002337 | M19: <a href="http://www.hootsuite.com" rel="nofollow">HootSuite</a> | N19: http://pbs.twimg.com/profile_images/146956830/Lighthouse_Lens2_normal.png | O19: 363 | P19: 169 | Q19: -18000 | R19: http://twitter.com/ResearchChat/statuses/435781183944024064 | S19: {"symbols":[],"urls":[{"expanded_url":"http://ow.ly/tK2FR","indices":[87,109],"display_url":"ow.ly/tK2FR","url":"http://t.co/0vOI9BYwfw"}],"hashtags":[{"text":"OERS14","indices":[19,26]},{"text":"ResearchChat","indices":[110,123]}],"user_mentions":[]} | T19: =LEFT(D19,3) -> Loo | U19: =IF(SEARCH("RT", T19),1,0) -> #VALUE! | V19: =LEFT(D19,35) -> Looking forward to #OERS14. A log | W19: =IF(SEARCH("http:", D19),1,0) -> 1 | X19: ="http:"&MID(D19,FIND("/",D19,8),LEN(D19)+1-FIND("/",D19,8)) -> http://t.co/0vOI9BYwfw #ResearchChat
A20: 19 | B20: 435782024767369217 | C20: MISABarrie | D20: The Ontario Education Research Symposium 2014 begins tonight. Follow the discussion at #OERS14 | E20: Tue Feb 18 14:25:05 +0000 2014 | F20: 41688.601 | H20: en | K20: 861759625 | M20: web | N20: http://pbs.twimg.com/profile_images/3526591015/ce7cb0bddc152f41e5ccd02b45f322fa_normal.jpeg | O20: 68 | P20: 27 | Q20: -14400 | R20: http://twitter.com/MISABarrie/statuses/435782024767369217 | S20: {"symbols":[],"urls":[],"hashtags":[{"text":"OERS14","indices":[88,95]}],"user_mentions":[]} | T20: =LEFT(D20,3) -> The | U20: =IF(SEARCH("RT", T20),1,0) -> #VALUE! | V20: =LEFT(D20,35) -> The Ontario Education Research Symp | W20: =IF(SEARCH("http:", D20),1,0) -> #VALUE!
A21: 20 | B21: 435782084175478785 | C21: MISABarrie | D21: RT @ResearchChat Looking forward to #OERS14 A log of tweets (updated every hour) is available here: http://t.co/QdRsECdLQa | E21: Tue Feb 18 14:25:19 +0000 2014 | F21: 41688.601 | H21: en | K21: 861759625 | M21: web | N21: http://pbs.twimg.com/profile_images/3526591015/ce7cb0bddc152f41e5ccd02b45f322fa_normal.jpeg | O21: 68 | P21: 27 | Q21: -14400 | R21: http://twitter.com/MISABarrie/statuses/435782084175478785 | S21: {"symbols":[],"urls":[{"expanded_url":"http://ow.ly/tK2FR","indices":[101,123],"display_url":"ow.ly/tK2FR","url":"http://t.co/QdRsECdLQa"}],"hashtags":[{"text":"OERS14","indices":[36,43]}],"user_mentions":[{"id":30002337,"name":"Chris Conley","indices":[3,16],"screen_name":"ResearchChat","id_str":"30002337"}]} | T21: =LEFT(D21,3) -> RT | U21: =IF(SEARCH("RT", T21),1,0) -> 1 | V21: =LEFT(D21,35) -> RT @ResearchChat Looking forward to | W21: =IF(SEARCH("http:", D21),1,0) -> 1 | X21: ="http:"&MID(D21,FIND("/",D21,8),LEN(D21)+1-FIND("/",D21,8)) -> http://t.co/QdRsECdLQa
A22: 21 | B22: 435782344730243072 | C22: ResearchChat | D22: If you are at #OERS14 be sure to stop by the DUG poster and say 'Hi' #ResearchChat | E22: Tue Feb 18 14:26:22 +0000 2014 | F22: 41688.602 | H22: en | K22: 30002337 | M22: <a href="http://www.hootsuite.com" rel="nofollow">HootSuite</a> | N22: http://pbs.twimg.com/profile_images/146956830/Lighthouse_Lens2_normal.png | O22: 363 | P22: 169 | Q22: -18000 | R22: http://twitter.com/ResearchChat/statuses/435782344730243072 | S22: {"symbols":[],"urls":[],"hashtags":[{"text":"OERS14","indices":[14,21]},{"text":"ResearchChat","indices":[69,82]}],"user_mentions":[]} | T22: =LEFT(D22,3) -> If | U22: =IF(SEARCH("RT", T22),1,0) -> #VALUE! | V22: =LEFT(D22,35) -> If you are at #OERS14 be sure to st | W22: =IF(SEARCH("http:", D22),1,0) -> #VALUE!
A23: 22 | B23: 435784966514155520 | C23: CarolCampbell4 | D23: See you there RT @ResearchChat: If you are at #OERS14 be sure to stop by the DUG poster and say 'Hi' #ResearchChat” | E23: Tue Feb 18 14:36:47 +0000 2014 | F23: 41688.609 | H23: en | I23: 30002337 | J23: ResearchChat | K23: 300645437 | L23: 435782344730243072 | M23: <a href="http://twitter.com/#!/download/ipad" rel="nofollow">Twitter for iPad</a> | N23: http://pbs.twimg.com/profile_images/3691905443/d17541206d2df83dd49f40e17076abbc_normal.jpeg | O23: 737 | P23: 316 | Q23: -18000 | R23: http://twitter.com/CarolCampbell4/statuses/435784966514155520 | S23: {"symbols":[],"urls":[],"hashtags":[{"text":"OERS14","indices":[46,53]},{"text":"ResearchChat","indices":[101,114]}],"user_mentions":[{"id":30002337,"name":"Chris Conley","indices":[17,30],"screen_name":"ResearchChat","id_str":"30002337"}]} | T23: =LEFT(D23,3) -> See | U23: =IF(SEARCH("RT", T23),1,0) -> #VALUE! | V23: =LEFT(D23,35) -> See you there RT @ResearchChat: If | W23: =IF(SEARCH("http:", D23),1,0) -> #VALUE!
A24: 23 | B24: 435785640987602944 | C24: CarolCampbell4 | D24: Will be following the Twitterati! RT @ResearchChat: Looking forward to #OERS14. Log of tweets here: http://t.co/RjOHfnFiof @OISENews | E24: Tue Feb 18 14:39:27 +0000 2014 | F24: 41688.611 | H24: en | I24: 30002337 | J24: ResearchChat | K24: 300645437 | L24: 435781183944024064 | M24: <a href="http://twitter.com/#!/download/ipad" rel="nofollow">Twitter for iPad</a> | N24: http://pbs.twimg.com/profile_images/3691905443/d17541206d2df83dd49f40e17076abbc_normal.jpeg | O24: 737 | P24: 316 | Q24: -18000 | R24: http://twitter.com/CarolCampbell4/statuses/435785640987602944 | S24: {"symbols":[],"urls":[{"expanded_url":"http://ow.ly/tK2FR","indices":[101,123],"display_url":"ow.ly/tK2FR","url":"http://t.co/RjOHfnFiof"}],"hashtags":[{"text":"OERS14","indices":[71,78]}],"user_mentions":[{"id":30002337,"name":"Chris Conley","indices":[37,50],"screen_name":"ResearchChat","id_str":"30002337"},{"id":120129298,"name":"OISE News","indices":[124,133],"screen_name":"OISENews","id_str":"120129298"}]} | T24: =LEFT(D24,3) -> Wil | U24: =IF(SEARCH("RT", T24),1,0) -> #VALUE! | V24: =LEFT(D24,35) -> Will be following the Twitterati! R | W24: =IF(SEARCH("http:", D24),1,0) -> 1 | X24: ="http:"&MID(D24,FIND("/",D24,8),LEN(D24)+1-FIND("/",D24,8)) -> http://t.co/RjOHfnFiof @OISENews
A25: 24 | B25: 435792519029596160 | C25: ShastaCH | D25: RT @ResearchChat: Looking forward to #OERS14. A log of tweets (updated every hour) is available here: http://t.co/0vOI9BYwfw #ResearchCh… | E25: Tue Feb 18 15:06:47 +0000 2014 | F25: 41688.63 | H25: en | K25: 129585627 | M25: <a href="http://twitter.com/download/iphone" rel="nofollow">Twitter for iPhone</a> | N25: http://pbs.twimg.com/profile_images/2272274611/5wd7gucvwq2weh35c02q_normal.jpeg | O25: 151 | P25: 97 | Q25: -21600 | R25: http://twitter.com/ShastaCH/statuses/435792519029596160 | S25: {"symbols":[],"urls":[{"expanded_url":"http://ow.ly/tK2FR","indices":[105,127],"display_url":"ow.ly/tK2FR","url":"http://t.co/0vOI9BYwfw"}],"hashtags":[{"text":"OERS14","indices":[37,44]},{"text":"ResearchChat","indices":[128,140]}],"user_mentions":[{"id":30002337,"name":"Chris Conley","indices":[3,16],"screen_name":"ResearchChat","id_str":"30002337"}]} | T25: =LEFT(D25,3) -> RT | U25: =IF(SEARCH("RT", T25),1,0) -> 1 | V25: =LEFT(D25,35) -> RT @ResearchChat: Looking forward t | W25: =IF(SEARCH("http:", D25),1,0) -> 1 | X25: ="http:"&MID(D25,FIND("/",D25,8),LEN(D25)+1-FIND("/",D25,8)) -> http://t.co/0vOI9BYwfw #ResearchCh…
A26: 25 | B26: 435792672251326464 | C26: ShastaCH | D26: RT @ResearchChat: If you are at #OERS14 be sure to stop by the DUG poster and say 'Hi' #ResearchChat | E26: Tue Feb 18 15:07:24 +0000 2014 | F26: 41688.63 | H26: en | K26: 129585627 | M26: <a href="http://twitter.com/download/iphone" rel="nofollow">Twitter for iPhone</a> | N26: http://pbs.twimg.com/profile_images/2272274611/5wd7gucvwq2weh35c02q_normal.jpeg | O26: 151 | P26: 97 | Q26: -21600 | R26: http://twitter.com/ShastaCH/statuses/435792672251326464 | S26: {"symbols":[],"urls":[],"hashtags":[{"text":"OERS14","indices":[32,39]},{"text":"ResearchChat","indices":[87,100]}],"user_mentions":[{"id":30002337,"name":"Chris Conley","indices":[3,16],"screen_name":"ResearchChat","id_str":"30002337"}]} | T26: =LEFT(D26,3) -> RT | U26: =IF(SEARCH("RT", T26),1,0) -> 1 | V26: =LEFT(D26,35) -> RT @ResearchChat: If you are at #OE | W26: =IF(SEARCH("http:", D26),1,0) -> #VALUE!
A27: 26 | B27: 435797457499209728 | C27: caileycraw | D27: Looking forward to #OERS14! | E27: Tue Feb 18 15:26:25 +0000 2014 | F27: 41688.643 | H27: en | K27: 160170230 | M27: web | N27: http://pbs.twimg.com/profile_images/3055590969/8f9f8d659565e54f3b572b135a261673_normal.png | O27: 662 | P27: 477 | Q27: -18000 | R27: http://twitter.com/caileycraw/statuses/435797457499209728 | S27: {"symbols":[],"urls":[],"hashtags":[{"text":"OERS14","indices":[19,26]}],"user_mentions":[]} | T27: =LEFT(D27,3) -> Loo | U27: =IF(SEARCH("RT", T27),1,0) -> #VALUE! | V27: =LEFT(D27,35) -> Looking forward to #OERS14! | W27: =IF(SEARCH("http:", D27),1,0) -> #VALUE!
A28: 27 | B28: 435822154828222466 | C28: O3atORION | D28: Looking forward to attending #OERS14 ! Wondering what will be different from last yr. | E28: Tue Feb 18 17:04:33 +0000 2014 | F28: 41688.711 | H28: en | K28: 40576448 | M28: <a href="https://about.twitter.com/products/tweetdeck" rel="nofollow">TweetDeck</a> | N28: http://pbs.twimg.com/profile_images/2631441533/dd0ebcbc33a90ccdddc419f43d06c8f4_normal.jpeg | O28: 799 | P28: 1449 | Q28: -18000 | R28: http://twitter.com/O3atORION/statuses/435822154828222466 | S28: {"symbols":[],"urls":[],"hashtags":[{"text":"OERS14","indices":[29,36]}],"user_mentions":[]} | T28: =LEFT(D28,3) -> Loo | U28: =IF(SEARCH("RT", T28),1,0) -> #VALUE! | V28: =LEFT(D28,35) -> Looking forward to attending #OERS1 | W28: =IF(SEARCH("http:", D28),1,0) -> #VALUE!
A29: 28 | B29: 435828659950071810 | C29: AmaniElrofaie | D29: I am in #Toronto for the Ontario Education Research Symposium this week. Looking forward to every sec of it. Follow the discussion: #OERS14 | E29: Tue Feb 18 17:30:24 +0000 2014 | F29: 41688.729 | H29: en | K29: 121959456 | M29: <a href="http://twitter.com/download/android" rel="nofollow">Twitter for Android</a> | N29: http://pbs.twimg.com/profile_images/378800000263129784/0761da68796b3351af43e2a94a41dc92_normal.jpeg | O29: 161 | P29: 206 | Q29: -18000 | R29: http://twitter.com/AmaniElrofaie/statuses/435828659950071810 | S29: {"symbols":[],"urls":[],"hashtags":[{"text":"Toronto","indices":[8,16]},{"text":"OERS14","indices":[132,139]}],"user_mentions":[]} | T29: =LEFT(D29,3) -> I a | U29: =IF(SEARCH("RT", T29),1,0) -> #VALUE! | V29: =LEFT(D29,35) -> I am in #Toronto for the Ontario Ed | W29: =IF(SEARCH("http:", D29),1,0) -> #VALUE!
A30: 29 | B30: 435847600571691008 | C30: O3atORION | D30: We are on our way to #OERS14 .. exciting to setup and meet the community. | E30: Tue Feb 18 18:45:40 +0000 2014 | F30: 41688.782 | H30: en | K30: 40576448 | M30: <a href="https://about.twitter.com/products/tweetdeck" rel="nofollow">TweetDeck</a> | N30: http://pbs.twimg.com/profile_images/2631441533/dd0ebcbc33a90ccdddc419f43d06c8f4_normal.jpeg | O30: 799 | P30: 1450 | Q30: -18000 | R30: http://twitter.com/O3atORION/statuses/435847600571691008 | S30: {"symbols":[],"urls":[],"hashtags":[{"text":"OERS14","indices":[21,28]}],"user_mentions":[]} | T30: =LEFT(D30,3) -> We | U30: =IF(SEARCH("RT", T30),1,0) -> #VALUE! | V30: =LEFT(D30,35) -> We are on our way to #OERS14 .. exc | W30: =IF(SEARCH("http:", D30),1,0) -> #VALUE!
A31: 30 | B31: 435858392943722496 | C31: abbaspeaks | D31: #OERS14 (@ Toronto Marriott Downtown Eaton Centre - @marriottintl) http://t.co/SbCdr28yWb | E31: Tue Feb 18 19:28:33 +0000 2014 | F31: 41688.811 | G31: loc: 43.6546536,-79.382658 | H31: en | K31: 203543496 | M31: <a href="http://foursquare.com" rel="nofollow">foursquare</a> | N31: http://pbs.twimg.com/profile_images/420650358310838272/SYeVCvzi_normal.jpeg | O31: 389 | P31: 531 | Q31: -28800 | R31: http://twitter.com/abbaspeaks/statuses/435858392943722496 | S31: {"symbols":[],"urls":[{"expanded_url":"http://4sq.com/1mrzHjS","indices":[67,89],"display_url":"4sq.com/1mrzHjS","url":"http://t.co/SbCdr28yWb"}],"hashtags":[{"text":"OERS14","indices":[0,7]}],"user_mentions":[{"id":14140913,"name":"Marriott Internat\u0027l","indices":[52,65],"screen_name":"MarriottIntl","id_str":"14140913"}]} | T31: =LEFT(D31,3) -> #OE | U31: =IF(SEARCH("RT", T31),1,0) -> #VALUE! | V31: =LEFT(D31,35) -> #OERS14 (@ Toronto Marriott Downtow | W31: =IF(SEARCH("http:", D31),1,0) -> 1 | X31: ="http:"&MID(D31,FIND("/",D31,8),LEN(D31)+1-FIND("/",D31,8)) -> http://t.co/SbCdr28yWb
A32: 31 | B32: 435868724290023424 | C32: candymcewan | D32: Glad to have made it to TO for #OERS14 Excited to be part of an #amdsb presentation on our work at #dcvi | E32: Tue Feb 18 20:09:36 +0000 2014 | F32: 41688.84 | H32: en | K32: 84337876 | M32: <a href="http://twitter.com/#!/download/ipad" rel="nofollow">Twitter for iPad</a> | N32: http://pbs.twimg.com/profile_images/418561737411928064/bUejaXa5_normal.jpeg | O32: 182 | P32: 327 | Q32: -18000 | R32: http://twitter.com/candymcewan/statuses/435868724290023424 | S32: {"symbols":[],"urls":[],"hashtags":[{"text":"OERS14","indices":[31,38]},{"text":"amdsb","indices":[64,70]},{"text":"dcvi","indices":[99,104]}],"user_mentions":[]} | T32: =LEFT(D32,3) -> Gla | U32: =IF(SEARCH("RT", T32),1,0) -> #VALUE! | V32: =LEFT(D32,35) -> Glad to have made it to TO for #OER | W32: =IF(SEARCH("http:", D32),1,0) -> #VALUE!
A33: 32 | B33: 435873315186421760 | C33: O3atORION | D33: @MGrantORION at our booth. We will be here all of tomorrow and the day after ! #OERS14 http://t.co/gbbUISGTHI | E33: Tue Feb 18 20:27:51 +0000 2014 | F33: 41688.853 | H33: en | I33: 925946222 | J33: MGrantORION | K33: 40576448 | M33: <a href="http://twitter.com/download/android" rel="nofollow">Twitter for Android</a> | N33: http://pbs.twimg.com/profile_images/2631441533/dd0ebcbc33a90ccdddc419f43d06c8f4_normal.jpeg | O33: 801 | P33: 1452 | Q33: -18000 | R33: http://twitter.com/O3atORION/statuses/435873315186421760 | S33: {"symbols":[],"urls":[],"hashtags":[{"text":"OERS14","indices":[80,87]}],"media":[{"sizes":{"small":{"w":340,"resize":"fit","h":453},"thumb":{"w":150,"resize":"crop","h":150},"medium":{"w":600,"resize":"fit","h":800},"large":{"w":1024,"resize":"fit","h":1365}},"id":435873314670538752,"media_url_https":"https://pbs.twimg.com/media/BgyIeGgCcAAu-AT.jpg","media_url":"http://pbs.twimg.com/media/BgyIeGgCcAAu-AT.jpg","expanded_url":"http://twitter.com/O3atORION/status/435873315186421760/photo/1","indices":[88,110],"id_str":"435873314670538752","type":"photo","display_url":"pic.twitter.com/gbbUISGTHI","url":"http://t.co/gbbUISGTHI"}],"user_mentions":[{"id":925946222,"name":"Mark Grant","indices":[0,12],"screen_name":"MGrantORION","id_str":"925946222"}]} | T33: =LEFT(D33,3) -> @MG | U33: =IF(SEARCH("RT", T33),1,0) -> #VALUE! | V33: =LEFT(D33,35) -> @MGrantORION at our booth. We will | W33: =IF(SEARCH("http:", D33),1,0) -> 1 | X33: ="http:"&MID(D33,FIND("/",D33,8),LEN(D33)+1-FIND("/",D33,8)) -> http://t.co/gbbUISGTHI
A34: 33 | B34: 435874143221714944 | C34: abbaspeaks | D34: RT @O3atORION: @MGrantORION at our booth. We will be here all of tomorrow and the day after ! #OERS14 http://t.co/gbbUISGTHI | E34: Tue Feb 18 20:31:08 +0000 2014 | F34: 41688.855 | H34: en | K34: 203543496 | M34: <a href="http://twitter.com/download/android" rel="nofollow">Twitter for Android</a> | N34: http://pbs.twimg.com/profile_images/420650358310838272/SYeVCvzi_normal.jpeg | O34: 389 | P34: 531 | Q34: -28800 | R34: http://twitter.com/abbaspeaks/statuses/435874143221714944 | S34: {"symbols":[],"urls":[],"hashtags":[{"text":"OERS14","indices":[95,102]}],"media":[{"sizes":{"small":{"w":340,"resize":"fit","h":453},"thumb":{"w":150,"resize":"crop","h":150},"medium":{"w":600,"resize":"fit","h":800},"large":{"w":1024,"resize":"fit","h":1365}},"id":435873314670538752,"media_url_https":"https://pbs.twimg.com/media/BgyIeGgCcAAu-AT.jpg","media_url":"http://pbs.twimg.com/media/BgyIeGgCcAAu-AT.jpg","expanded_url":"http://twitter.com/O3atORION/status/435873315186421760/photo/1","indices":[103,125],"id_str":"435873314670538752","type":"photo","display_url":"pic.twitter.com/gbbUISGTHI","url":"http://t.co/gbbUISGTHI"}],"user_mentions":[{"id":40576448,"name":"O3 Collaboration","indices":[3,13],"screen_name":"O3atORION","id_str":"40576448"},{"id":925946222,"name":"Mark Grant","indices":[15,27],"screen_name":"MGrantORION","id_str":"925946222"}]} | T34: =LEFT(D34,3) -> RT | U34: =IF(SEARCH("RT", T34),1,0) -> 1 | V34: =LEFT(D34,35) -> RT @O3atORION: @MGrantORION at our | W34: =IF(SEARCH("http:", D34),1,0) -> 1 | X34: ="http:"&MID(D34,FIND("/",D34,8),LEN(D34)+1-FIND("/",D34,8)) -> http://t.co/gbbUISGTHI
A35: 34 | B35: 435876667400015872 | C35: giannahelling | D35: @TCDSB #OERS14 with Dr. Elliott-Johns, Perspectives on Transitions in Schooling and Instructional Practice http://t.co/eUKGUOdp6N | E35: Tue Feb 18 20:41:10 +0000 2014 | F35: 41688.862 | H35: en | I35: 388424709 | J35: TCDSB | K35: 466897873 | M35: <a href="http://blackberry.com/twitter" rel="nofollow">Twitter for BlackBerry®</a> | N35: http://pbs.twimg.com/profile_images/378800000758246288/011cbb98d5f24fca0c24dd77cdf31fdd_normal.jpeg | O35: 55 | P35: 123 | Q35: -21600 | R35: http://twitter.com/giannahelling/statuses/435876667400015872 | S35: {"symbols":[],"urls":[],"hashtags":[{"text":"OERS14","indices":[7,14]}],"media":[{"sizes":{"small":{"w":340,"resize":"fit","h":255},"thumb":{"w":150,"resize":"crop","h":150},"large":{"w":640,"resize":"fit","h":480},"medium":{"w":600,"resize":"fit","h":450}},"id":435876667295154176,"media_url_https":"https://pbs.twimg.com/media/BgyLhQACQAAfmAZ.jpg","media_url":"http://pbs.twimg.com/media/BgyLhQACQAAfmAZ.jpg","expanded_url":"http://twitter.com/giannahelling/status/435876667400015872/photo/1","indices":[108,130],"id_str":"435876667295154176","type":"photo","display_url":"pic.twitter.com/eUKGUOdp6N","url":"http://t.co/eUKGUOdp6N"}],"user_mentions":[{"id":388424709,"name":"Toronto Catholic DSB","indices":[0,6],"screen_name":"TCDSB","id_str":"388424709"}]} | T35: =LEFT(D35,3) -> @TC | U35: =IF(SEARCH("RT", T35),1,0) -> #VALUE! | V35: =LEFT(D35,35) -> @TCDSB #OERS14 with Dr. Elliott-Jo | W35: =IF(SEARCH("http:", D35),1,0) -> 1 | X35: ="http:"&MID(D35,FIND("/",D35,8),LEN(D35)+1-FIND("/",D35,8)) -> http://t.co/eUKGUOdp6N
A36: 35 | B36: 435916962711879680 | C36: OISENews | D36: Hello! Hey, new poster! "@CarolCampbell4: #oise #UofT is at #OERS14 Say hello to us! @UofTNews http://t.co/3hlnymjhzA" | E36: Tue Feb 18 23:21:17 +0000 2014 | F36: 41688.973 | H36: en | K36: 120129298 | M36: <a href="http://twitter.com/download/android" rel="nofollow">Twitter for Android</a> | N36: http://pbs.twimg.com/profile_images/378800000483716901/60cd288ab1fab8f218956809a7735be6_normal.jpeg | O36: 3672 | P36: 1401 | Q36: -18000 | R36: http://twitter.com/OISENews/statuses/435916962711879680 | S36: {"symbols":[],"urls":[],"hashtags":[{"text":"oise","indices":[42,47]},{"text":"UofT","indices":[48,53]},{"text":"OERS14","indices":[60,67]}],"media":[{"sizes":{"thumb":{"w":150,"resize":"crop","h":150},"small":{"w":340,"resize":"fit","h":254},"medium":{"w":600,"resize":"fit","h":448},"large":{"w":1024,"resize":"fit","h":764}},"media_url":"http://pbs.twimg.com/media/Bgyr8R0CQAA4pem.jpg","type":"photo","display_url":"pic.twitter.com/3hlnymjhzA","url":"http://t.co/3hlnymjhzA","id":435912316010250240,"media_url_https":"https://pbs.twimg.com/media/Bgyr8R0CQAA4pem.jpg","expanded_url":"http://twitter.com/CarolCampbell4/status/435912316224151552/photo/1","source_status_id_str":"435912316224151552","indices":[96,118],"source_status_id":435912316224151552,"id_str":"435912316010250240"}],"user_mentions":[{"id":300645437,"name":"Carol Campbell","indices":[25,40],"screen_name":"CarolCampbell4","id_str":"300645437"},{"id":109046256,"name":"UofT News","indices":[86,95],"screen_name":"UofTNews","id_str":"109046256"}]} | T36: =LEFT(D36,3) -> Hel | U36: =IF(SEARCH("RT", T36),1,0) -> #VALUE! | V36: =LEFT(D36,35) -> Hello! Hey, new poster! "@CarolCamp | W36: =IF(SEARCH("http:", D36),1,0) -> 1 | X36: ="http:"&MID(D36,FIND("/",D36,8),LEN(D36)+1-FIND("/",D36,8)) -> http://t.co/3hlnymjhzA"
A37: 36 | B37: 435891468029681664 | C37: ResearchChat | D37: Checked in, set up and logged on. I'm ready for #OERS14 | E37: Tue Feb 18 21:39:59 +0000 2014 | F37: 41688.903 | H37: en | K37: 30002337 | M37: <a href="http://www.hootsuite.com" rel="nofollow">HootSuite</a> | N37: http://pbs.twimg.com/profile_images/146956830/Lighthouse_Lens2_normal.png | O37: 363 | P37: 169 | Q37: -18000 | R37: http://twitter.com/ResearchChat/statuses/435891468029681664 | S37: {"symbols":[],"urls":[],"hashtags":[{"text":"OERS14","indices":[49,56]}],"user_mentions":[]} | T37: =LEFT(D37,3) -> Che | U37: =IF(SEARCH("RT", T37),1,0) -> #VALUE! | V37: =LEFT(D37,35) -> Checked in, set up and logged on. | W37: =IF(SEARCH("http:", D37),1,0) -> #VALUE!
A38: 37 | B38: 435892635341844480 | C38: PamelaOsmond | D38: RT @CarolCampbell4: Attending #OERS14 ? Say hello to @KNAER_RECRAE team, we're giving KNAER update &amp; workshop on #KMb tools @DrKatinaPolloc… | E38: Tue Feb 18 21:44:37 +0000 2014 | F38: 41688.906 | H38: en | K38: 2292838064 | M38: web | N38: http://pbs.twimg.com/profile_images/423476679353196544/9JYfmEBv_normal.jpeg | O38: 20 | P38: 82 | R38: http://twitter.com/PamelaOsmond/statuses/435892635341844480 | S38: {"symbols":[],"urls":[],"hashtags":[{"text":"OERS14","indices":[30,37]},{"text":"KMb","indices":[117,121]}],"user_mentions":[{"id":300645437,"name":"Carol Campbell","indices":[3,18],"screen_name":"CarolCampbell4","id_str":"300645437"},{"id":1020257364,"name":"KNAER-RECRAE","indices":[53,66],"screen_name":"KNAER_RECRAE","id_str":"1020257364"},{"id":636460073,"name":"Katina Pollock","indices":[143,144],"screen_name":"DrKatinaPollock","id_str":"636460073"},{"id":129585627,"name":"Shasta Carr-Harris","indices":[143,144],"screen_name":"ShastaCH","id_str":"129585627"},{"id":120129298,"name":"OISE News","indices":[143,144],"screen_name":"OISENews","id_str":"120129298"}]} | T38: =LEFT(D38,3) -> RT | U38: =IF(SEARCH("RT", T38),1,0) -> 1 | V38: =LEFT(D38,35) -> RT @CarolCampbell4: Attending #OERS | W38: =IF(SEARCH("http:", D38),1,0) -> #VALUE!
A39: 38 | B39: 435905569547759616 | C39: peachyteachy | D39: Who is going to #oers14 ? Presenting on how iPads remove barriers to accessing the curriculum. #nervous | E39: Tue Feb 18 22:36:01 +0000 2014 | F39: 41688.942 | H39: en | K39: 22331267 | M39: <a href="http://twitter.com/#!/download/ipad" rel="nofollow">Twitter for iPad</a> | N39: http://pbs.twimg.com/profile_images/3587177583/2678f6b5fae4006915a5135991e4def7_normal.png | O39: 369 | P39: 523 | Q39: -18000 | R39: http://twitter.com/peachyteachy/statuses/435905569547759616 | S39: {"symbols":[],"urls":[],"hashtags":[{"text":"oers14","indices":[16,23]},{"text":"nervous","indices":[95,103]}],"user_mentions":[]} | T39: =LEFT(D39,3) -> Who | U39: =IF(SEARCH("RT", T39),1,0) -> #VALUE! | V39: =LEFT(D39,35) -> Who is going to #oers14 ? Presentin | W39: =IF(SEARCH("http:", D39),1,0) -> #VALUE!
A40: 39 | B40: 435910032173981697 | C40: CarolCampbell4 | D40: Getting ready for #OERS14 Visit our @KNAER_RECRAE table for info about #KMb for #OntEd @ShastaCH @DrKatinaPollock http://t.co/rhltvth4Fc | E40: Tue Feb 18 22:53:45 +0000 2014 | F40: 41688.954 | H40: en | K40: 300645437 | M40: <a href="http://twitter.com/#!/download/ipad" rel="nofollow">Twitter for iPad</a> | N40: http://pbs.twimg.com/profile_images/3691905443/d17541206d2df83dd49f40e17076abbc_normal.jpeg | O40: 736 | P40: 316 | Q40: -18000 | R40: http://twitter.com/CarolCampbell4/statuses/435910032173981697 | S40: {"symbols":[],"urls":[],"hashtags":[{"text":"OERS14","indices":[18,25]},{"text":"KMb","indices":[71,75]},{"text":"OntEd","indices":[80,86]}],"media":[{"sizes":{"thumb":{"w":150,"resize":"crop","h":150},"small":{"w":340,"resize":"fit","h":455},"large":{"w":764,"resize":"fit","h":1024},"medium":{"w":599,"resize":"fit","h":804}},"id":435910032014598144,"media_url_https":"https://pbs.twimg.com/media/Bgyp3VRCYAAQkPb.jpg","media_url":"http://pbs.twimg.com/media/Bgyp3VRCYAAQkPb.jpg","expanded_url":"http://twitter.com/CarolCampbell4/status/435910032173981697/photo/1","indices":[114,136],"id_str":"435910032014598144","type":"photo","display_url":"pic.twitter.com/rhltvth4Fc","url":"http://t.co/rhltvth4Fc"}],"user_mentions":[{"id":1020257364,"name":"KNAER-RECRAE","indices":[36,49],"screen_name":"KNAER_RECRAE","id_str":"1020257364"},{"id":129585627,"name":"Shasta Carr-Harris","indices":[87,96],"screen_name":"ShastaCH","id_str":"129585627"},{"id":636460073,"name":"Katina Pollock","indices":[97,113],"screen_name":"DrKatinaPollock","id_str":"636460073"}]} | T40: =LEFT(D40,3) -> Get | U40: =IF(SEARCH("RT", T40),1,0) -> #VALUE! | V40: =LEFT(D40,35) -> Getting ready for #OERS14 Visit our | W40: =IF(SEARCH("http:", D40),1,0) -> 1 | X40: ="http:"&MID(D40,FIND("/",D40,8),LEN(D40)+1-FIND("/",D40,8)) -> http://t.co/rhltvth4Fc
A41: 40 | B41: 435912316224151552 | C41: CarolCampbell4 | D41: #oise #UofT is at Ontario Education Research Symposium #OERS14 Say hello to us! @OISENews @UofTNews http://t.co/7Oe334jzg4 | E41: Tue Feb 18 23:02:49 +0000 2014 | F41: 41688.96 | H41: en | K41: 300645437 | M41: <a href="http://twitter.com/#!/download/ipad" rel="nofollow">Twitter for iPad</a> | N41: http://pbs.twimg.com/profile_images/3691905443/d17541206d2df83dd49f40e17076abbc_normal.jpeg | O41: 736 | P41: 316 | Q41: -18000 | R41: http://twitter.com/CarolCampbell4/statuses/435912316224151552 | S41: {"symbols":[],"urls":[],"hashtags":[{"text":"oise","indices":[0,5]},{"text":"UofT","indices":[6,11]},{"text":"OERS14","indices":[55,62]}],"media":[{"sizes":{"thumb":{"w":150,"resize":"crop","h":150},"small":{"w":340,"resize":"fit","h":254},"medium":{"w":600,"resize":"fit","h":448},"large":{"w":1024,"resize":"fit","h":764}},"id":435912316010250240,"media_url_https":"https://pbs.twimg.com/media/Bgyr8R0CQAA4pem.jpg","media_url":"http://pbs.twimg.com/media/Bgyr8R0CQAA4pem.jpg","expanded_url":"http://twitter.com/CarolCampbell4/status/435912316224151552/photo/1","indices":[100,122],"id_str":"435912316010250240","type":"photo","display_url":"pic.twitter.com/7Oe334jzg4","url":"http://t.co/7Oe334jzg4"}],"user_mentions":[{"id":120129298,"name":"OISE News","indices":[80,89],"screen_name":"OISENews","id_str":"120129298"},{"id":109046256,"name":"UofT News","indices":[90,99],"screen_name":"UofTNews","id_str":"109046256"}]} | T41: =LEFT(D41,3) -> #oi | U41: =IF(SEARCH("RT", T41),1,0) -> #VALUE! | V41: =LEFT(D41,35) -> #oise #UofT is at Ontario Education | W41: =IF(SEARCH("http:", D41),1,0) -> 1 | X41: ="http:"&MID(D41,FIND("/",D41,8),LEN(D41)+1-FIND("/",D41,8)) -> http://t.co/7Oe334jzg4
A42: 41 | B42: 435917595330744320 | C42: OISELibrary | D42: RT @OISENews: Hello! Hey, new poster! "@CarolCampbell4: #oise #UofT is at #OERS14 Say hello to us! @UofTNews http://t.co/3hlnymjhzA" | E42: Tue Feb 18 23:23:48 +0000 2014 | F42: 41688.975 | H42: en | K42: 40140191 | M42: web | N42: http://pbs.twimg.com/profile_images/258701236/esc_normal.jpg | O42: 2223 | P42: 500 | Q42: -18000 | R42: http://twitter.com/OISELibrary/statuses/435917595330744320 | S42: {"symbols":[],"urls":[],"hashtags":[{"text":"oise","indices":[56,61]},{"text":"UofT","indices":[62,67]},{"text":"OERS14","indices":[74,81]}],"media":[{"sizes":{"thumb":{"w":150,"resize":"crop","h":150},"small":{"w":340,"resize":"fit","h":254},"medium":{"w":600,"resize":"fit","h":448},"large":{"w":1024,"resize":"fit","h":764}},"media_url":"http://pbs.twimg.com/media/Bgyr8R0CQAA4pem.jpg","type":"photo","display_url":"pic.twitter.com/3hlnymjhzA","url":"http://t.co/3hlnymjhzA","id":435912316010250240,"media_url_https":"https://pbs.twimg.com/media/Bgyr8R0CQAA4pem.jpg","expanded_url":"http://twitter.com/CarolCampbell4/status/435912316224151552/photo/1","source_status_id_str":"435912316224151552","indices":[110,132],"source_status_id":435912316224151552,"id_str":"435912316010250240"}],"user_mentions":[{"id":120129298,"name":"OISE News","indices":[3,12],"screen_name":"OISENews","id_str":"120129298"},{"id":300645437,"name":"Carol Campbell","indices":[39,54],"screen_name":"CarolCampbell4","id_str":"300645437"},{"id":109046256,"name":"UofT News","indices":[100,109],"screen_name":"UofTNews","id_str":"109046256"}]} | T42: =LEFT(D42,3) -> RT | U42: =IF(SEARCH("RT", T42),1,0) -> 1 | V42: =LEFT(D42,35) -> RT @OISENews: Hello! Hey, new poste | W42: =IF(SEARCH("http:", D42),1,0) -> 1 | X42: ="http:"&MID(D42,FIND("/",D42,8),LEN(D42)+1-FIND("/",D42,8)) -> http://t.co/3hlnymjhzA"
A43: 42 | B43: 435940376885485568 | C43: millied15 | D43: #oers14 fireside chat 8 o'clock. If you are expecting a fire, don't get your hopes up... There isn't one. | E43: Wed Feb 19 00:54:19 +0000 2014 | F43: 41689.038 | H43: en | K43: 38243573 | M43: <a href="http://twitter.com/download/iphone" rel="nofollow">Twitter for iPhone</a> | N43: http://pbs.twimg.com/profile_images/378800000272385164/ed26aa8bb74f5d9acd399cc5e1adfe52_normal.jpeg | O43: 12 | P43: 50 | R43: http://twitter.com/millied15/statuses/435940376885485568 | S43: {"symbols":[],"urls":[],"hashtags":[{"text":"oers14","indices":[0,7]}],"user_mentions":[]} | T43: =LEFT(D43,3) -> #oe | U43: =IF(SEARCH("RT", T43),1,0) -> #VALUE! | V43: =LEFT(D43,35) -> #oers14 fireside chat 8 o'clock. If | W43: =IF(SEARCH("http:", D43),1,0) -> #VALUE!
A44: 43 | B44: 435940376885485568 | C44: millied15 | D44: #oers14 fireside chat 8 o'clock. If you are expecting a fire, don't get your hopes up... There isn't one. | E44: Wed Feb 19 00:54:19 +0000 2014 | F44: 41689.038 | H44: en | K44: 38243573 | M44: <a href="http://twitter.com/download/iphone" rel="nofollow">Twitter for iPhone</a> | N44: http://pbs.twimg.com/profile_images/378800000272385164/ed26aa8bb74f5d9acd399cc5e1adfe52_normal.jpeg | O44: 12 | P44: 50 | R44: http://twitter.com/millied15/statuses/435940376885485568 | S44: {"symbols":[],"urls":[],"hashtags":[{"text":"oers14","indices":[0,7]}],"user_mentions":[]} | T44: =LEFT(D44,3) -> #oe | U44: =IF(SEARCH("RT", T44),1,0) -> #VALUE! | V44: =LEFT(D44,35) -> #oers14 fireside chat 8 o'clock. If | W44: =IF(SEARCH("http:", D44),1,0) -> #VALUE!
A45: 44 | B45: 435940548470644737 | C45: ShastaCH | D45: RT @CarolCampbell4: Getting ready for #OERS14 Visit our @KNAER_RECRAE table for info about #KMb for #OntEd @ShastaCH @DrKatinaPollock http:… | E45: Wed Feb 19 00:55:00 +0000 2014 | F45: 41689.038 | H45: en | K45: 129585627 | M45: <a href="http://twitter.com/download/iphone" rel="nofollow">Twitter for iPhone</a> | N45: http://pbs.twimg.com/profile_images/2272274611/5wd7gucvwq2weh35c02q_normal.jpeg | O45: 153 | P45: 97 | Q45: -21600 | R45: http://twitter.com/ShastaCH/statuses/435940548470644737 | S45: {"symbols":[],"urls":[],"hashtags":[{"text":"OERS14","indices":[38,45]},{"text":"KMb","indices":[91,95]},{"text":"OntEd","indices":[100,106]}],"media":[{"sizes":{"thumb":{"w":150,"resize":"crop","h":150},"small":{"w":340,"resize":"fit","h":455},"large":{"w":764,"resize":"fit","h":1024},"medium":{"w":599,"resize":"fit","h":804}},"id":435910032014598144,"media_url_https":"https://pbs.twimg.com/media/Bgyp3VRCYAAQkPb.jpg","media_url":"http://pbs.twimg.com/media/Bgyp3VRCYAAQkPb.jpg","expanded_url":"http://twitter.com/CarolCampbell4/status/435910032173981697/photo/1","indices":[139,140],"id_str":"435910032014598144","type":"photo","display_url":"pic.twitter.com/rhltvth4Fc","url":"http://t.co/rhltvth4Fc"}],"user_mentions":[{"id":300645437,"name":"Carol Campbell","indices":[3,18],"screen_name":"CarolCampbell4","id_str":"300645437"},{"id":1020257364,"name":"KNAER-RECRAE","indices":[56,69],"screen_name":"KNAER_RECRAE","id_str":"1020257364"},{"id":129585627,"name":"Shasta Carr-Harris","indices":[107,116],"screen_name":"ShastaCH","id_str":"129585627"},{"id":636460073,"name":"Katina Pollock","indices":[117,133],"screen_name":"DrKatinaPollock","id_str":"636460073"}]} | T45: =LEFT(D45,3) -> RT | U45: =IF(SEARCH("RT", T45),1,0) -> 1 | V45: =LEFT(D45,35) -> RT @CarolCampbell4: Getting ready f | W45: =IF(SEARCH("http:", D45),1,0) -> 1 | X45: ="http:"&MID(D45,FIND("/",D45,8),LEN(D45)+1-FIND("/",D45,8)) -> #VALUE!
A46: 45 | B46: 435940758864920576 | C46: millied15 | D46: #oers14 looking forward to some amazing sessions this weekend | E46: Wed Feb 19 00:55:50 +0000 2014 | F46: 41689.039 | H46: en | K46: 38243573 | M46: <a href="http://twitter.com/download/iphone" rel="nofollow">Twitter for iPhone</a> | N46: http://pbs.twimg.com/profile_images/378800000272385164/ed26aa8bb74f5d9acd399cc5e1adfe52_normal.jpeg | O46: 12 | P46: 50 | R46: http://twitter.com/millied15/statuses/435940758864920576 | S46: {"symbols":[],"urls":[],"hashtags":[{"text":"oers14","indices":[0,7]}],"user_mentions":[]} | T46: =LEFT(D46,3) -> #oe | U46: =IF(SEARCH("RT", T46),1,0) -> #VALUE! | V46: =LEFT(D46,35) -> #oers14 looking forward to some ama | W46: =IF(SEARCH("http:", D46),1,0) -> #VALUE!
A47: 46 | B47: 435940958211829760 | C47: AmaniElrofaie | D47: 40 minutes in and I've a bag of teaching resources and research info! #oers14 http://t.co/8VxEAcE6L2 | E47: Wed Feb 19 00:56:38 +0000 2014 | F47: 41689.039 | H47: en | K47: 121959456 | M47: <a href="http://twitter.com/download/android" rel="nofollow">Twitter for Android</a> | N47: http://pbs.twimg.com/profile_images/378800000263129784/0761da68796b3351af43e2a94a41dc92_normal.jpeg | O47: 161 | P47: 206 | Q47: -18000 | R47: http://twitter.com/AmaniElrofaie/statuses/435940958211829760 | S47: {"symbols":[],"urls":[],"hashtags":[{"text":"oers14","indices":[70,77]}],"media":[{"sizes":{"small":{"w":340,"resize":"fit","h":340},"thumb":{"w":150,"resize":"crop","h":150},"large":{"w":1024,"resize":"fit","h":1024},"medium":{"w":600,"resize":"fit","h":600}},"id":435940958023077888,"media_url_https":"https://pbs.twimg.com/media/BgzF_doCUAA1Ugz.jpg","media_url":"http://pbs.twimg.com/media/BgzF_doCUAA1Ugz.jpg","expanded_url":"http://twitter.com/AmaniElrofaie/status/435940958211829760/photo/1","indices":[78,100],"id_str":"435940958023077888","type":"photo","display_url":"pic.twitter.com/8VxEAcE6L2","url":"http://t.co/8VxEAcE6L2"}],"user_mentions":[]} | T47: =LEFT(D47,3) -> 40 | U47: =IF(SEARCH("RT", T47),1,0) -> #VALUE! | V47: =LEFT(D47,35) -> 40 minutes in and I've a bag of tea | W47: =IF(SEARCH("http:", D47),1,0) -> 1 | X47: ="http:"&MID(D47,FIND("/",D47,8),LEN(D47)+1-FIND("/",D47,8)) -> http://t.co/8VxEAcE6L2
A48: 47 | B48: 435941994842841088 | C48: MsShewchuk | D48: About to attend a fireside chat (minus the fire) with Francesco Avvisati. #oers14 | E48: Wed Feb 19 01:00:45 +0000 2014 | F48: 41689.042 | H48: en | K48: 544685545 | M48: <a href="http://twitter.com/download/android" rel="nofollow">Twitter for Android</a> | N48: http://pbs.twimg.com/profile_images/426073979162329088/J8SU3wnI_normal.jpeg | O48: 8 | P48: 50 | R48: http://twitter.com/MsShewchuk/statuses/435941994842841088 | S48: {"symbols":[],"urls":[],"hashtags":[{"text":"oers14","indices":[74,81]}],"user_mentions":[]} | T48: =LEFT(D48,3) -> Abo | U48: =IF(SEARCH("RT", T48),1,0) -> #VALUE! | V48: =LEFT(D48,35) -> About to attend a fireside chat (mi | W48: =IF(SEARCH("http:", D48),1,0) -> #VALUE!
A49: 48 | B49: 435944930997854208 | C49: Anniekidder | D49: #oers14 OECD's Francesco Avvisati says problem-solving skills less related to socio-economic status than math. | E49: Wed Feb 19 01:12:25 +0000 2014 | F49: 41689.05 | G49: loc: 43.65553,-79.38327 | H49: en | K49: 106539218 | M49: <a href="http://blackberry.com/twitter" rel="nofollow">Twitter for BlackBerry®</a> | N49: http://pbs.twimg.com/profile_images/1810925746/Annie_Photo_shoot_November_2011_Web_normal.jpg | O49: 5698 | P49: 154 | Q49: -18000 | R49: http://twitter.com/Anniekidder/statuses/435944930997854208 | S49: {"symbols":[],"urls":[],"hashtags":[{"text":"oers14","indices":[0,7]}],"user_mentions":[]} | T49: =LEFT(D49,3) -> #oe | U49: =IF(SEARCH("RT", T49),1,0) -> #VALUE! | V49: =LEFT(D49,35) -> #oers14 OECD's Francesco Avvisati s | W49: =IF(SEARCH("http:", D49),1,0) -> #VALUE!
A50: 49 | B50: 435946052416331776 | C50: melodyhamdule | D50: #oers14 off to a great start! Loved the dimsum buffet :) looking forward to the next 2 days. | E50: Wed Feb 19 01:16:53 +0000 2014 | F50: 41689.053 | H50: en | K50: 1705669801 | M50: <a href="http://twitter.com/download/iphone" rel="nofollow">Twitter for iPhone</a> | N50: http://pbs.twimg.com/profile_images/378800000371714471/a6b2a4033121627c1af3ee4eb1c9a698_normal.jpeg | O50: 17 | P50: 20 | R50: http://twitter.com/melodyhamdule/statuses/435946052416331776 | S50: {"symbols":[],"urls":[],"hashtags":[{"text":"oers14","indices":[0,7]}],"user_mentions":[]} | T50: =LEFT(D50,3) -> #oe | U50: =IF(SEARCH("RT", T50),1,0) -> #VALUE! | V50: =LEFT(D50,35) -> #oers14 off to a great start! Loved | W50: =IF(SEARCH("http:", D50),1,0) -> #VALUE!
A51: 50 | B51: 435946052416331776 | C51: melodyhamdule | D51: #oers14 off to a great start! Loved the dimsum buffet :) looking forward to the next 2 days. | E51: Wed Feb 19 01:16:53 +0000 2014 | F51: 41689.053 | H51: en | K51: 1705669801 | M51: <a href="http://twitter.com/download/iphone" rel="nofollow">Twitter for iPhone</a> | N51: http://pbs.twimg.com/profile_images/378800000371714471/a6b2a4033121627c1af3ee4eb1c9a698_normal.jpeg | O51: 17 | P51: 20 | R51: http://twitter.com/melodyhamdule/statuses/435946052416331776 | S51: {"symbols":[],"urls":[],"hashtags":[{"text":"oers14","indices":[0,7]}],"user_mentions":[]} | T51: =LEFT(D51,3) -> #oe | U51: =IF(SEARCH("RT", T51),1,0) -> #VALUE! | V51: =LEFT(D51,35) -> #oers14 off to a great start! Loved | W51: =IF(SEARCH("http:", D51),1,0) -> #VALUE!
A52: 51 | B52: 435946398106673153 | C52: Anniekidder | D52: #oers14 Avvisati OECD: "problem-solving skills not related to math." It's capacity to solve problems you've never encountered before. | E52: Wed Feb 19 01:18:15 +0000 2014 | F52: 41689.054 | G52: loc: 43.65553,-79.38327 | H52: en | K52: 106539218 | M52: <a href="http://blackberry.com/twitter" rel="nofollow">Twitter for BlackBerry®</a> | N52: http://pbs.twimg.com/profile_images/1810925746/Annie_Photo_shoot_November_2011_Web_normal.jpg | O52: 5700 | P52: 154 | Q52: -18000 | R52: http://twitter.com/Anniekidder/statuses/435946398106673153 | S52: {"symbols":[],"urls":[],"hashtags":[{"text":"oers14","indices":[0,7]}],"user_mentions":[]} | T52: =LEFT(D52,3) -> #oe | U52: =IF(SEARCH("RT", T52),1,0) -> #VALUE! | V52: =LEFT(D52,35) -> #oers14 Avvisati OECD: "problem-sol | W52: =IF(SEARCH("http:", D52),1,0) -> #VALUE!
A53: 52 | B53: 435946401365630976 | C53: giannahelling | D53: RT @Anniekidder: #oers14 OECD's Francesco Avvisati says problem-solving skills less related to socio-economic status than math. | E53: Wed Feb 19 01:18:16 +0000 2014 | F53: 41689.054 | H53: en | K53: 466897873 | M53: <a href="http://blackberry.com/twitter" rel="nofollow">Twitter for BlackBerry®</a> | N53: http://pbs.twimg.com/profile_images/378800000758246288/011cbb98d5f24fca0c24dd77cdf31fdd_normal.jpeg | O53: 56 | P53: 123 | Q53: -21600 | R53: http://twitter.com/giannahelling/statuses/435946401365630976 | S53: {"symbols":[],"urls":[],"hashtags":[{"text":"oers14","indices":[17,24]}],"user_mentions":[{"id":106539218,"name":"Annie Kidder","indices":[3,15],"screen_name":"Anniekidder","id_str":"106539218"}]} | T53: =LEFT(D53,3) -> RT | U53: =IF(SEARCH("RT", T53),1,0) -> 1 | V53: =LEFT(D53,35) -> RT @Anniekidder: #oers14 OECD's Fra | W53: =IF(SEARCH("http:", D53),1,0) -> #VALUE!
A54: 53 | B54: 435946817914548224 | C54: cmorrissette1 | D54: RT @Anniekidder: #oers14 OECD's Francesco Avvisati says problem-solving skills less related to socio-economic status than math. | E54: Wed Feb 19 01:19:55 +0000 2014 | F54: 41689.055 | H54: fr | K54: 91436396 | M54: <a href="http://twitter.com/#!/download/ipad" rel="nofollow">Twitter for iPad</a> | N54: http://pbs.twimg.com/profile_images/1118845406/Qu_bec2007_011_normal.jpg | O54: 290 | P54: 402 | Q54: -21600 | R54: http://twitter.com/cmorrissette1/statuses/435946817914548224 | S54: {"symbols":[],"urls":[],"hashtags":[{"text":"oers14","indices":[17,24]}],"user_mentions":[{"id":106539218,"name":"Annie Kidder","indices":[3,15],"screen_name":"Anniekidder","id_str":"106539218"}]} | T54: =LEFT(D54,3) -> RT | U54: =IF(SEARCH("RT", T54),1,0) -> 1 | V54: =LEFT(D54,35) -> RT @Anniekidder: #oers14 OECD's Fra | W54: =IF(SEARCH("http:", D54),1,0) -> #VALUE!
A55: 54 | B55: 435947185189171200 | C55: millied15 | D55: RT @Anniekidder: #oers14 Avvisati OECD: "problem-solving skills not related to math." It's capacity to solve problems you've never encounte… | E55: Wed Feb 19 01:21:23 +0000 2014 | F55: 41689.057 | H55: en | K55: 38243573 | M55: <a href="http://twitter.com/#!/download/ipad" rel="nofollow">Twitter for iPad</a> | N55: http://pbs.twimg.com/profile_images/378800000272385164/ed26aa8bb74f5d9acd399cc5e1adfe52_normal.jpeg | O55: 12 | P55: 50 | R55: http://twitter.com/millied15/statuses/435947185189171200 | S55: {"symbols":[],"urls":[],"hashtags":[{"text":"oers14","indices":[17,24]}],"user_mentions":[{"id":106539218,"name":"Annie Kidder","indices":[3,15],"screen_name":"Anniekidder","id_str":"106539218"}]} | T55: =LEFT(D55,3) -> RT | U55: =IF(SEARCH("RT", T55),1,0) -> 1 | V55: =LEFT(D55,35) -> RT @Anniekidder: #oers14 Avvisati O | W55: =IF(SEARCH("http:", D55),1,0) -> #VALUE!
A56: 55 | B56: 435947666434818049 | C56: CarolCampbell4 | D56: Discussing use of teacher led projects to stimulate innovation &amp; empower champions of change in Italy #OERS14 Sounds like #tllp @LindyAmato | E56: Wed Feb 19 01:23:17 +0000 2014 | F56: 41689.058 | H56: en | K56: 300645437 | M56: <a href="http://twitter.com/#!/download/ipad" rel="nofollow">Twitter for iPad</a> | N56: http://pbs.twimg.com/profile_images/3691905443/d17541206d2df83dd49f40e17076abbc_normal.jpeg | O56: 737 | P56: 316 | Q56: -18000 | R56: http://twitter.com/CarolCampbell4/statuses/435947666434818049 | S56: {"symbols":[],"urls":[],"hashtags":[{"text":"OERS14","indices":[106,113]},{"text":"tllp","indices":[126,131]}],"user_mentions":[{"id":1173268963,"name":"Lindy Amato","indices":[132,143],"screen_name":"LindyAmato","id_str":"1173268963"}]} | T56: =LEFT(D56,3) -> Dis | U56: =IF(SEARCH("RT", T56),1,0) -> #VALUE! | V56: =LEFT(D56,35) -> Discussing use of teacher led proje | W56: =IF(SEARCH("http:", D56),1,0) -> #VALUE!
A57: 56 | B57: 435947902125363200 | C57: giannahelling | D57: #OERS14 Francesco Avvisati- fund projects proposed by teachers- empower them to successfully integrate technology into classroom practice | E57: Wed Feb 19 01:24:14 +0000 2014 | F57: 41689.058 | H57: en | K57: 466897873 | M57: <a href="http://blackberry.com/twitter" rel="nofollow">Twitter for BlackBerry®</a> | N57: http://pbs.twimg.com/profile_images/378800000758246288/011cbb98d5f24fca0c24dd77cdf31fdd_normal.jpeg | O57: 56 | P57: 123 | Q57: -21600 | R57: http://twitter.com/giannahelling/statuses/435947902125363200 | S57: {"symbols":[],"urls":[],"hashtags":[{"text":"OERS14","indices":[0,7]}],"user_mentions":[]} | T57: =LEFT(D57,3) -> #OE | U57: =IF(SEARCH("RT", T57),1,0) -> #VALUE! | V57: =LEFT(D57,35) -> #OERS14 Francesco Avvisati- fund pr | W57: =IF(SEARCH("http:", D57),1,0) -> #VALUE!
A58: 57 | B58: 435949011422298113 | C58: AmaniElrofaie | D58: Avvisati: Schools have the capacity to build a trusting relationship w parents. Parent involvement is a public good. #oers14 | E58: Wed Feb 19 01:28:38 +0000 2014 | F58: 41689.062 | H58: en | K58: 121959456 | M58: <a href="http://twitter.com/download/android" rel="nofollow">Twitter for Android</a> | N58: http://pbs.twimg.com/profile_images/378800000263129784/0761da68796b3351af43e2a94a41dc92_normal.jpeg | O58: 161 | P58: 206 | Q58: -18000 | R58: http://twitter.com/AmaniElrofaie/statuses/435949011422298113 | S58: {"symbols":[],"urls":[],"hashtags":[{"text":"oers14","indices":[117,124]}],"user_mentions":[]} | T58: =LEFT(D58,3) -> Avv | U58: =IF(SEARCH("RT", T58),1,0) -> #VALUE! | V58: =LEFT(D58,35) -> Avvisati: Schools have the capacity | W58: =IF(SEARCH("http:", D58),1,0) -> #VALUE!
A59: 58 | B59: 435949529620553729 | C59: pauldhondt | D59: RT @Anniekidder: #oers14 Avvisati OECD: "problem-solving skills not related to math." It's capacity to solve problems you've never encounte… | E59: Wed Feb 19 01:30:42 +0000 2014 | F59: 41689.063 | H59: en | K59: 285724042 | M59: <a href="http://twitter.com/#!/download/ipad" rel="nofollow">Twitter for iPad</a> | N59: http://pbs.twimg.com/profile_images/3597554140/9d17900f8c92b17beae6e2ef7532065b_normal.jpeg | O59: 143 | P59: 161 | R59: http://twitter.com/pauldhondt/statuses/435949529620553729 | S59: {"symbols":[],"urls":[],"hashtags":[{"text":"oers14","indices":[17,24]}],"user_mentions":[{"id":106539218,"name":"Annie Kidder","indices":[3,15],"screen_name":"Anniekidder","id_str":"106539218"}]} | T59: =LEFT(D59,3) -> RT | U59: =IF(SEARCH("RT", T59),1,0) -> 1 | V59: =LEFT(D59,35) -> RT @Anniekidder: #oers14 Avvisati O | W59: =IF(SEARCH("http:", D59),1,0) -> #VALUE!
A60: 59 | B60: 435949530962337793 | C60: cmorrissette1 | D60: #OERS14 Avvisati OECD: schools has a critical role in fostering parent's involvement early on in the school year to close achievement gaps. | E60: Wed Feb 19 01:30:42 +0000 2014 | F60: 41689.063 | H60: fr | K60: 91436396 | M60: <a href="http://twitter.com/#!/download/ipad" rel="nofollow">Twitter for iPad</a> | N60: http://pbs.twimg.com/profile_images/1118845406/Qu_bec2007_011_normal.jpg | O60: 290 | P60: 402 | Q60: -21600 | R60: http://twitter.com/cmorrissette1/statuses/435949530962337793 | S60: {"symbols":[],"urls":[],"hashtags":[{"text":"OERS14","indices":[0,7]}],"user_mentions":[]} | T60: =LEFT(D60,3) -> #OE | U60: =IF(SEARCH("RT", T60),1,0) -> #VALUE! | V60: =LEFT(D60,35) -> #OERS14 Avvisati OECD: schools has | W60: =IF(SEARCH("http:", D60),1,0) -> #VALUE!
A61: 60 | B61: 435949664676749312 | C61: giannahelling | D61: #OERS14 F Avvisati Empower parent engagement. Schools can change the level of engagement of families. These interactions raise achievement | E61: Wed Feb 19 01:31:14 +0000 2014 | F61: 41689.063 | H61: en | K61: 466897873 | M61: <a href="http://blackberry.com/twitter" rel="nofollow">Twitter for BlackBerry®</a> | N61: http://pbs.twimg.com/profile_images/378800000758246288/011cbb98d5f24fca0c24dd77cdf31fdd_normal.jpeg | O61: 56 | P61: 123 | Q61: -21600 | R61: http://twitter.com/giannahelling/statuses/435949664676749312 | S61: {"symbols":[],"urls":[],"hashtags":[{"text":"OERS14","indices":[0,7]}],"user_mentions":[]} | T61: =LEFT(D61,3) -> #OE | U61: =IF(SEARCH("RT", T61),1,0) -> #VALUE! | V61: =LEFT(D61,35) -> #OERS14 F Avvisati Empower parent e | W61: =IF(SEARCH("http:", D61),1,0) -> #VALUE!
A62: 61 | B62: 435949881933324288 | C62: Anniekidder | D62: #oers14 OECD research showed it's crucial that one staff person - not the teacher - is responsible for reaching out to/engaging parents. | E62: Wed Feb 19 01:32:06 +0000 2014 | F62: 41689.064 | G62: loc: 43.65553,-79.38327 | H62: en | K62: 106539218 | M62: <a href="http://blackberry.com/twitter" rel="nofollow">Twitter for BlackBerry®</a> | N62: http://pbs.twimg.com/profile_images/1810925746/Annie_Photo_shoot_November_2011_Web_normal.jpg | O62: 5700 | P62: 154 | Q62: -18000 | R62: http://twitter.com/Anniekidder/statuses/435949881933324288 | S62: {"symbols":[],"urls":[],"hashtags":[{"text":"oers14","indices":[0,7]}],"user_mentions":[]} | T62: =LEFT(D62,3) -> #oe | U62: =IF(SEARCH("RT", T62),1,0) -> #VALUE! | V62: =LEFT(D62,35) -> #oers14 OECD research showed it's c | W62: =IF(SEARCH("http:", D62),1,0) -> #VALUE!
A63: 62 | B63: 435950704906084352 | C63: DavidSpencerEdu | D63: RT @Anniekidder: #oers14 OECD research showed it's crucial that one staff person - not the teacher - is responsible for reaching out to/eng… | E63: Wed Feb 19 01:35:22 +0000 2014 | F63: 41689.066 | H63: en | K63: 998040132 | M63: <a href="http://twitter.com/#!/download/ipad" rel="nofollow">Twitter for iPad</a> | N63: http://pbs.twimg.com/profile_images/2949478613/a504061c770a09a1f837591a7b42c912_normal.jpeg | O63: 1096 | P63: 1889 | Q63: -14400 | R63: http://twitter.com/DavidSpencerEdu/statuses/435950704906084352 | S63: {"symbols":[],"urls":[],"hashtags":[{"text":"oers14","indices":[17,24]}],"user_mentions":[{"id":106539218,"name":"Annie Kidder","indices":[3,15],"screen_name":"Anniekidder","id_str":"106539218"}]} | T63: =LEFT(D63,3) -> RT | U63: =IF(SEARCH("RT", T63),1,0) -> 1 | V63: =LEFT(D63,35) -> RT @Anniekidder: #oers14 OECD resea | W63: =IF(SEARCH("http:", D63),1,0) -> #VALUE!
A64: 63 | B64: 435951178942132225 | C64: giannahelling | D64: #OERS14 If students believe that they can succeed and if teachers believe that learning is a process - then students will succeed F Avvisati | E64: Wed Feb 19 01:37:15 +0000 2014 | F64: 41689.068 | H64: en | K64: 466897873 | M64: <a href="http://blackberry.com/twitter" rel="nofollow">Twitter for BlackBerry®</a> | N64: http://pbs.twimg.com/profile_images/378800000758246288/011cbb98d5f24fca0c24dd77cdf31fdd_normal.jpeg | O64: 56 | P64: 123 | Q64: -21600 | R64: http://twitter.com/giannahelling/statuses/435951178942132225 | S64: {"symbols":[],"urls":[],"hashtags":[{"text":"OERS14","indices":[0,7]}],"user_mentions":[]} | T64: =LEFT(D64,3) -> #OE | U64: =IF(SEARCH("RT", T64),1,0) -> #VALUE! | V64: =LEFT(D64,35) -> #OERS14 If students believe that th | W64: =IF(SEARCH("http:", D64),1,0) -> #VALUE!
A65: 64 | B65: 435951208960765953 | C65: cmorrissette1 | D65: #oers14 Avvisati OECD: Students' motivation, perseverance and resilience is correlated to teachers and parents expectation. | E65: Wed Feb 19 01:37:22 +0000 2014 | F65: 41689.068 | H65: fr | K65: 91436396 | M65: <a href="http://twitter.com/#!/download/ipad" rel="nofollow">Twitter for iPad</a> | N65: http://pbs.twimg.com/profile_images/1118845406/Qu_bec2007_011_normal.jpg | O65: 290 | P65: 402 | Q65: -21600 | R65: http://twitter.com/cmorrissette1/statuses/435951208960765953 | S65: {"symbols":[],"urls":[],"hashtags":[{"text":"oers14","indices":[0,7]}],"user_mentions":[]} | T65: =LEFT(D65,3) -> #oe | U65: =IF(SEARCH("RT", T65),1,0) -> #VALUE! | V65: =LEFT(D65,35) -> #oers14 Avvisati OECD: Students' mo | W65: =IF(SEARCH("http:", D65),1,0) -> #VALUE!
A66: 65 | B66: 435951260609433600 | C66: giannahelling | D66: RT @Anniekidder: #oers14 OECD research showed it's crucial that one staff person - not the teacher - is responsible for reaching out to/eng… | E66: Wed Feb 19 01:37:34 +0000 2014 | F66: 41689.068 | H66: en | K66: 466897873 | M66: <a href="http://blackberry.com/twitter" rel="nofollow">Twitter for BlackBerry®</a> | N66: http://pbs.twimg.com/profile_images/378800000758246288/011cbb98d5f24fca0c24dd77cdf31fdd_normal.jpeg | O66: 56 | P66: 123 | Q66: -21600 | R66: http://twitter.com/giannahelling/statuses/435951260609433600 | S66: {"symbols":[],"urls":[],"hashtags":[{"text":"oers14","indices":[17,24]}],"user_mentions":[{"id":106539218,"name":"Annie Kidder","indices":[3,15],"screen_name":"Anniekidder","id_str":"106539218"}]} | T66: =LEFT(D66,3) -> RT | U66: =IF(SEARCH("RT", T66),1,0) -> 1 | V66: =LEFT(D66,35) -> RT @Anniekidder: #oers14 OECD resea | W66: =IF(SEARCH("http:", D66),1,0) -> #VALUE!
A67: 66 | B67: 435951816140795904 | C67: giannahelling | D67: Learning is the result of hard work not summative assessment #OERS14 F. Avvisati | E67: Wed Feb 19 01:39:47 +0000 2014 | F67: 41689.069 | H67: en | K67: 466897873 | M67: <a href="http://blackberry.com/twitter" rel="nofollow">Twitter for BlackBerry®</a> | N67: http://pbs.twimg.com/profile_images/378800000758246288/011cbb98d5f24fca0c24dd77cdf31fdd_normal.jpeg | O67: 56 | P67: 123 | Q67: -21600 | R67: http://twitter.com/giannahelling/statuses/435951816140795904 | S67: {"symbols":[],"urls":[],"hashtags":[{"text":"OERS14","indices":[62,69]}],"user_mentions":[]} | T67: =LEFT(D67,3) -> Lea | U67: =IF(SEARCH("RT", T67),1,0) -> #VALUE! | V67: =LEFT(D67,35) -> Learning is the result of hard work | W67: =IF(SEARCH("http:", D67),1,0) -> #VALUE!
A68: 67 | B68: 435951850261454848 | C68: Anniekidder | D68: #oers14 OECD: Vital to recognize learning is result of hard work. We need tasks with "room inside" for more questions, for struggle. | E68: Wed Feb 19 01:39:55 +0000 2014 | F68: 41689.069 | G68: loc: 43.65553,-79.38327 | H68: en | K68: 106539218 | M68: <a href="http://blackberry.com/twitter" rel="nofollow">Twitter for BlackBerry®</a> | N68: http://pbs.twimg.com/profile_images/1810925746/Annie_Photo_shoot_November_2011_Web_normal.jpg | O68: 5700 | P68: 154 | Q68: -18000 | R68: http://twitter.com/Anniekidder/statuses/435951850261454848 | S68: {"symbols":[],"urls":[],"hashtags":[{"text":"oers14","indices":[0,7]}],"user_mentions":[]} | T68: =LEFT(D68,3) -> #oe | U68: =IF(SEARCH("RT", T68),1,0) -> #VALUE! | V68: =LEFT(D68,35) -> #oers14 OECD: Vital to recognize le | W68: =IF(SEARCH("http:", D68),1,0) -> #VALUE!
A69: 68 | B69: 435952048526598144 | C69: CoteKelli | D69: RT @Anniekidder: #oers14 OECD: Vital to recognize learning is result of hard work. We need tasks with "room inside" for more questions, for… | E69: Wed Feb 19 01:40:42 +0000 2014 | F69: 41689.07 | H69: en | K69: 839792016 | M69: <a href="http://twitter.com/#!/download/ipad" rel="nofollow">Twitter for iPad</a> | N69: http://pbs.twimg.com/profile_images/3357451422/73185909d90279ab594cee42169f30ff_normal.jpeg | O69: 44 | P69: 149 | R69: http://twitter.com/CoteKelli/statuses/435952048526598144 | S69: {"symbols":[],"urls":[],"hashtags":[{"text":"oers14","indices":[17,24]}],"user_mentions":[{"id":106539218,"name":"Annie Kidder","indices":[3,15],"screen_name":"Anniekidder","id_str":"106539218"}]} | T69: =LEFT(D69,3) -> RT | U69: =IF(SEARCH("RT", T69),1,0) -> 1 | V69: =LEFT(D69,35) -> RT @Anniekidder: #oers14 OECD: Vita | W69: =IF(SEARCH("http:", D69),1,0) -> #VALUE!
A70: 69 | B70: 435952156248535040 | C70: AmaniElrofaie | D70: Avvisati explains the growth mindset as a process, the function of hard work, not a grade. This mindset diminishes learning anxiety. #oers14 | E70: Wed Feb 19 01:41:08 +0000 2014 | F70: 41689.07 | H70: en | K70: 121959456 | M70: <a href="http://twitter.com/download/android" rel="nofollow">Twitter for Android</a> | N70: http://pbs.twimg.com/profile_images/378800000263129784/0761da68796b3351af43e2a94a41dc92_normal.jpeg | O70: 161 | P70: 206 | Q70: -18000 | R70: http://twitter.com/AmaniElrofaie/statuses/435952156248535040 | S70: {"symbols":[],"urls":[],"hashtags":[{"text":"oers14","indices":[133,140]}],"user_mentions":[]} | T70: =LEFT(D70,3) -> Avv | U70: =IF(SEARCH("RT", T70),1,0) -> #VALUE! | V70: =LEFT(D70,35) -> Avvisati explains the growth mindse | W70: =IF(SEARCH("http:", D70),1,0) -> #VALUE!
A71: 70 | B71: 435952159188729856 | C71: candymcewan | D71: Avvisati OECD: research shows that if students struggle through the learning process they value their learning more #OERS14 | E71: Wed Feb 19 01:41:09 +0000 2014 | F71: 41689.07 | H71: en | K71: 84337876 | M71: <a href="http://twitter.com/#!/download/ipad" rel="nofollow">Twitter for iPad</a> | N71: http://pbs.twimg.com/profile_images/418561737411928064/bUejaXa5_normal.jpeg | O71: 182 | P71: 329 | Q71: -18000 | R71: http://twitter.com/candymcewan/statuses/435952159188729856 | S71: {"symbols":[],"urls":[],"hashtags":[{"text":"OERS14","indices":[116,123]}],"user_mentions":[]} | T71: =LEFT(D71,3) -> Avv | U71: =IF(SEARCH("RT", T71),1,0) -> #VALUE! | V71: =LEFT(D71,35) -> Avvisati OECD: research shows that | W71: =IF(SEARCH("http:", D71),1,0) -> #VALUE!
A72: 71 | B72: 435952337073352704 | C72: giannahelling | D72: RT @Anniekidder: #oers14 OECD: Vital to recognize learning is result of hard work. We need tasks with "room inside" for more questions, for… | E72: Wed Feb 19 01:41:51 +0000 2014 | F72: 41689.071 | H72: en | K72: 466897873 | M72: <a href="http://blackberry.com/twitter" rel="nofollow">Twitter for BlackBerry®</a> | N72: http://pbs.twimg.com/profile_images/378800000758246288/011cbb98d5f24fca0c24dd77cdf31fdd_normal.jpeg | O72: 56 | P72: 123 | Q72: -21600 | R72: http://twitter.com/giannahelling/statuses/435952337073352704 | S72: {"symbols":[],"urls":[],"hashtags":[{"text":"oers14","indices":[17,24]}],"user_mentions":[{"id":106539218,"name":"Annie Kidder","indices":[3,15],"screen_name":"Anniekidder","id_str":"106539218"}]} | T72: =LEFT(D72,3) -> RT | U72: =IF(SEARCH("RT", T72),1,0) -> 1 | V72: =LEFT(D72,35) -> RT @Anniekidder: #oers14 OECD: Vita | W72: =IF(SEARCH("http:", D72),1,0) -> #VALUE!
A73: 72 | B73: 435952439603126272 | C73: candymcewan | D73: Avvisati OECD: all students need to experience the struggle of learning not just our weak students #OERS14 | E73: Wed Feb 19 01:42:15 +0000 2014 | F73: 41689.071 | H73: en | K73: 84337876 | M73: <a href="http://twitter.com/#!/download/ipad" rel="nofollow">Twitter for iPad</a> | N73: http://pbs.twimg.com/profile_images/418561737411928064/bUejaXa5_normal.jpeg | O73: 182 | P73: 329 | Q73: -18000 | R73: http://twitter.com/candymcewan/statuses/435952439603126272 | S73: {"symbols":[],"urls":[],"hashtags":[{"text":"OERS14","indices":[99,106]}],"user_mentions":[]} | T73: =LEFT(D73,3) -> Avv | U73: =IF(SEARCH("RT", T73),1,0) -> #VALUE! | V73: =LEFT(D73,35) -> Avvisati OECD: all students need to | W73: =IF(SEARCH("http:", D73),1,0) -> #VALUE!
A74: 73 | B74: 435952980358365185 | C74: GeraldtonSteve | D74: RT @Anniekidder: #oers14 OECD research showed it's crucial that one staff person - not the teacher - is responsible for reaching out to/eng… | E74: Wed Feb 19 01:44:24 +0000 2014 | F74: 41689.073 | H74: en | K74: 95226372 | M74: <a href="https://about.twitter.com/products/tweetdeck" rel="nofollow">TweetDeck</a> | N74: http://pbs.twimg.com/profile_images/428590549999030272/eZfbbWKz_normal.jpeg | O74: 663 | P74: 761 | Q74: -18000 | R74: http://twitter.com/GeraldtonSteve/statuses/435952980358365185 | S74: {"symbols":[],"urls":[],"hashtags":[{"text":"oers14","indices":[17,24]}],"user_mentions":[{"id":106539218,"name":"Annie Kidder","indices":[3,15],"screen_name":"Anniekidder","id_str":"106539218"}]} | T74: =LEFT(D74,3) -> RT | U74: =IF(SEARCH("RT", T74),1,0) -> 1 | V74: =LEFT(D74,35) -> RT @Anniekidder: #oers14 OECD resea | W74: =IF(SEARCH("http:", D74),1,0) -> #VALUE!
A75: 74 | B75: 435953499126239232 | C75: giannahelling | D75: @Anniekidder #OERS14 Measures of Success What should be added to the measures of success of an education system? Questions to guide inquiry | E75: Wed Feb 19 01:46:28 +0000 2014 | F75: 41689.074 | H75: en | I75: 106539218 | J75: Anniekidder | K75: 466897873 | M75: <a href="http://blackberry.com/twitter" rel="nofollow">Twitter for BlackBerry®</a> | N75: http://pbs.twimg.com/profile_images/378800000758246288/011cbb98d5f24fca0c24dd77cdf31fdd_normal.jpeg | O75: 56 | P75: 123 | Q75: -21600 | R75: http://twitter.com/giannahelling/statuses/435953499126239232 | S75: {"symbols":[],"urls":[],"hashtags":[{"text":"OERS14","indices":[13,20]}],"user_mentions":[{"id":106539218,"name":"Annie Kidder","indices":[0,12],"screen_name":"Anniekidder","id_str":"106539218"}]} | T75: =LEFT(D75,3) -> @An | U75: =IF(SEARCH("RT", T75),1,0) -> #VALUE! | V75: =LEFT(D75,35) -> @Anniekidder #OERS14 Measures of Su | W75: =IF(SEARCH("http:", D75),1,0) -> #VALUE!
A76: 75 | B76: 435954209792724993 | C76: CarolCampbell4 | D76: Future PISA tests to include collaborative problem solving &amp; global citizenship #oers14 | E76: Wed Feb 19 01:49:17 +0000 2014 | F76: 41689.076 | H76: en | K76: 300645437 | M76: <a href="http://twitter.com/#!/download/ipad" rel="nofollow">Twitter for iPad</a> | N76: http://pbs.twimg.com/profile_images/3691905443/d17541206d2df83dd49f40e17076abbc_normal.jpeg | O76: 737 | P76: 316 | Q76: -18000 | R76: http://twitter.com/CarolCampbell4/statuses/435954209792724993 | S76: {"symbols":[],"urls":[],"hashtags":[{"text":"oers14","indices":[84,91]}],"user_mentions":[]} | T76: =LEFT(D76,3) -> Fut | U76: =IF(SEARCH("RT", T76),1,0) -> #VALUE! | V76: =LEFT(D76,35) -> Future PISA tests to include collab | W76: =IF(SEARCH("http:", D76),1,0) -> #VALUE!
A77: 76 | B77: 435954246937092096 | C77: giannahelling | D77: Global Citizenship, Collaboration, Perseverance Should these be measured? #OERS14 F Avvisati answers @Anniekidder question | E77: Wed Feb 19 01:49:26 +0000 2014 | F77: 41689.076 | H77: en | K77: 466897873 | M77: <a href="http://blackberry.com/twitter" rel="nofollow">Twitter for BlackBerry®</a> | N77: http://pbs.twimg.com/profile_images/378800000758246288/011cbb98d5f24fca0c24dd77cdf31fdd_normal.jpeg | O77: 56 | P77: 123 | Q77: -21600 | R77: http://twitter.com/giannahelling/statuses/435954246937092096 | S77: {"symbols":[],"urls":[],"hashtags":[{"text":"OERS14","indices":[74,81]}],"user_mentions":[{"id":106539218,"name":"Annie Kidder","indices":[101,113],"screen_name":"Anniekidder","id_str":"106539218"}]} | T77: =LEFT(D77,3) -> Glo | U77: =IF(SEARCH("RT", T77),1,0) -> #VALUE! | V77: =LEFT(D77,35) -> Global Citizenship, Collaboration, | W77: =IF(SEARCH("http:", D77),1,0) -> #VALUE!
A78: 77 | B78: 435954711644995584 | C78: Anniekidder | D78: #oers14 Avvisati from OECD says if it doesn't get measured it doesn't get taught or valued. | E78: Wed Feb 19 01:51:17 +0000 2014 | F78: 41689.077 | G78: loc: 43.65553,-79.38327 | H78: en | K78: 106539218 | M78: <a href="http://blackberry.com/twitter" rel="nofollow">Twitter for BlackBerry®</a> | N78: http://pbs.twimg.com/profile_images/1810925746/Annie_Photo_shoot_November_2011_Web_normal.jpg | O78: 5700 | P78: 154 | Q78: -18000 | R78: http://twitter.com/Anniekidder/statuses/435954711644995584 | S78: {"symbols":[],"urls":[],"hashtags":[{"text":"oers14","indices":[0,7]}],"user_mentions":[]} | T78: =LEFT(D78,3) -> #oe | U78: =IF(SEARCH("RT", T78),1,0) -> #VALUE! | V78: =LEFT(D78,35) -> #oers14 Avvisati from OECD says if | W78: =IF(SEARCH("http:", D78),1,0) -> #VALUE!
A79: 78 | B79: 435954730498400257 | C79: cmorrissette1 | D79: @cmorrissette1: #oers14 Avvisati OECD: Collaboration, global citizenship and perseverance.... Competencies we are looking to assess | E79: Wed Feb 19 01:51:22 +0000 2014 | F79: 41689.077 | H79: fr | I79: 91436396 | J79: cmorrissette1 | K79: 91436396 | M79: <a href="http://twitter.com/#!/download/ipad" rel="nofollow">Twitter for iPad</a> | N79: http://pbs.twimg.com/profile_images/1118845406/Qu_bec2007_011_normal.jpg | O79: 290 | P79: 402 | Q79: -21600 | R79: http://twitter.com/cmorrissette1/statuses/435954730498400257 | S79: {"symbols":[],"urls":[],"hashtags":[{"text":"oers14","indices":[16,23]}],"user_mentions":[{"id":91436396,"name":"Carole Morrissette","indices":[0,14],"screen_name":"cmorrissette1","id_str":"91436396"}]} | T79: =LEFT(D79,3) -> @cm | U79: =IF(SEARCH("RT", T79),1,0) -> #VALUE! | V79: =LEFT(D79,35) -> @cmorrissette1: #oers14 Avvisati OE | W79: =IF(SEARCH("http:", D79),1,0) -> #VALUE!
A80: 79 | B80: 435956358576209920 | C80: newalberta | D80: RT @Anniekidder: #oers14 Avvisati from OECD says if it doesn't get measured it doesn't get taught or valued. #asba | E80: Wed Feb 19 01:57:50 +0000 2014 | F80: 41689.082 | H80: en | K80: 113092004 | M80: <a href="https://about.twitter.com/products/tweetdeck" rel="nofollow">TweetDeck</a> | N80: http://pbs.twimg.com/profile_images/1082884749/suzanne_lundrigan2_normal.jpg | O80: 1856 | P80: 1294 | Q80: -28800 | R80: http://twitter.com/newalberta/statuses/435956358576209920 | S80: {"symbols":[],"urls":[],"hashtags":[{"text":"oers14","indices":[17,24]},{"text":"asba","indices":[109,114]}],"user_mentions":[{"id":106539218,"name":"Annie Kidder","indices":[3,15],"screen_name":"Anniekidder","id_str":"106539218"}]} | T80: =LEFT(D80,3) -> RT | U80: =IF(SEARCH("RT", T80),1,0) -> 1 | V80: =LEFT(D80,35) -> RT @Anniekidder: #oers14 Avvisati f | W80: =IF(SEARCH("http:", D80),1,0) -> #VALUE!
A81: 80 | B81: 435964391935074305 | C81: hardyfd | D81: RT @Anniekidder: #oers14 OECD research showed it's crucial that one staff person - not the teacher - is responsible for reaching out to/eng… | E81: Wed Feb 19 02:29:45 +0000 2014 | F81: 41689.104 | H81: en | K81: 92572432 | M81: <a href="http://twitter.com/download/iphone" rel="nofollow">Twitter for iPhone</a> | N81: http://pbs.twimg.com/profile_images/378800000353070568/eb2228730d150bc79fb2a21e0247bb0d_normal.png | O81: 120 | P81: 121 | Q81: -18000 | R81: http://twitter.com/hardyfd/statuses/435964391935074305 | S81: {"symbols":[],"urls":[],"hashtags":[{"text":"oers14","indices":[17,24]}],"user_mentions":[{"id":106539218,"name":"Annie Kidder","indices":[3,15],"screen_name":"Anniekidder","id_str":"106539218"}]} | T81: =LEFT(D81,3) -> RT | U81: =IF(SEARCH("RT", T81),1,0) -> 1 | V81: =LEFT(D81,35) -> RT @Anniekidder: #oers14 OECD resea | W81: =IF(SEARCH("http:", D81),1,0) -> #VALUE!
A82: 81 | B82: 435964391935074305 | C82: hardyfd | D82: RT @Anniekidder: #oers14 OECD research showed it's crucial that one staff person - not the teacher - is responsible for reaching out to/eng… | E82: Wed Feb 19 02:29:45 +0000 2014 | F82: 41689.104 | H82: en | K82: 92572432 | M82: <a href="http://twitter.com/download/iphone" rel="nofollow">Twitter for iPhone</a> | N82: http://pbs.twimg.com/profile_images/378800000353070568/eb2228730d150bc79fb2a21e0247bb0d_normal.png | O82: 120 | P82: 121 | Q82: -18000 | R82: http://twitter.com/hardyfd/statuses/435964391935074305 | S82: {"symbols":[],"urls":[],"hashtags":[{"text":"oers14","indices":[17,24]}],"user_mentions":[{"id":106539218,"name":"Annie Kidder","indices":[3,15],"screen_name":"Anniekidder","id_str":"106539218"}]} | T82: =LEFT(D82,3) -> RT | U82: =IF(SEARCH("RT", T82),1,0) -> 1 | V82: =LEFT(D82,35) -> RT @Anniekidder: #oers14 OECD resea | W82: =IF(SEARCH("http:", D82),1,0) -> #VALUE!
A83: 82 | B83: 435964471647801344 | C83: hardyfd | D83: RT @Anniekidder: #oers14 OECD: Vital to recognize learning is result of hard work. We need tasks with "room inside" for more questions, for… | E83: Wed Feb 19 02:30:04 +0000 2014 | F83: 41689.104 | H83: en | K83: 92572432 | M83: <a href="http://twitter.com/download/iphone" rel="nofollow">Twitter for iPhone</a> | N83: http://pbs.twimg.com/profile_images/378800000353070568/eb2228730d150bc79fb2a21e0247bb0d_normal.png | O83: 120 | P83: 121 | Q83: -18000 | R83: http://twitter.com/hardyfd/statuses/435964471647801344 | S83: {"symbols":[],"urls":[],"hashtags":[{"text":"oers14","indices":[17,24]}],"user_mentions":[{"id":106539218,"name":"Annie Kidder","indices":[3,15],"screen_name":"Anniekidder","id_str":"106539218"}]} | T83: =LEFT(D83,3) -> RT | U83: =IF(SEARCH("RT", T83),1,0) -> 1 | V83: =LEFT(D83,35) -> RT @Anniekidder: #oers14 OECD: Vita | W83: =IF(SEARCH("http:", D83),1,0) -> #VALUE!
A84: 83 | B84: 435967710367719424 | C84: MikeMcLachlin | D84: RT @Anniekidder: #oers14 Avvisati from OECD says if it doesn't get measured it doesn't get taught or valued. | E84: Wed Feb 19 02:42:56 +0000 2014 | F84: 41689.113 | H84: en | K84: 17594100 | M84: <a href="http://twitter.com/download/iphone" rel="nofollow">Twitter for iPhone</a> | N84: http://pbs.twimg.com/profile_images/3046014664/49e50040f69bb093181d3cffe4d88e8b_normal.jpeg | O84: 238 | P84: 437 | Q84: -18000 | R84: http://twitter.com/MikeMcLachlin/statuses/435967710367719424 | S84: {"symbols":[],"urls":[],"hashtags":[{"text":"oers14","indices":[17,24]}],"user_mentions":[{"id":106539218,"name":"Annie Kidder","indices":[3,15],"screen_name":"Anniekidder","id_str":"106539218"}]} | T84: =LEFT(D84,3) -> RT | U84: =IF(SEARCH("RT", T84),1,0) -> 1 | V84: =LEFT(D84,35) -> RT @Anniekidder: #oers14 Avvisati f | W84: =IF(SEARCH("http:", D84),1,0) -> #VALUE!
A85: 84 | B85: 435970137506598912 | C85: kimgadsdon | D85: RT @Anniekidder: #oers14 OECD research showed it's crucial that one staff person - not the teacher - is responsible for reaching out to/eng… | E85: Wed Feb 19 02:52:35 +0000 2014 | F85: 41689.12 | H85: en | K85: 1059385782 | M85: <a href="http://twitter.com/#!/download/ipad" rel="nofollow">Twitter for iPad</a> | N85: http://pbs.twimg.com/profile_images/378800000846949046/058d610f5c4a0ffc46be5f1a3bd1a494_normal.jpeg | O85: 74 | P85: 54 | Q85: -18000 | R85: http://twitter.com/kimgadsdon/statuses/435970137506598912 | S85: {"symbols":[],"urls":[],"hashtags":[{"text":"oers14","indices":[17,24]}],"user_mentions":[{"id":106539218,"name":"Annie Kidder","indices":[3,15],"screen_name":"Anniekidder","id_str":"106539218"}]} | T85: =LEFT(D85,3) -> RT | U85: =IF(SEARCH("RT", T85),1,0) -> 1 | V85: =LEFT(D85,35) -> RT @Anniekidder: #oers14 OECD resea | W85: =IF(SEARCH("http:", D85),1,0) -> #VALUE!
A86: 85 | B86: 435970909992935424 | C86: DrKatinaPollock | D86: RT @CarolCampbell4: Getting ready for #OERS14 Visit our @KNAER_RECRAE table for info about #KMb for #OntEd @ShastaCH @DrKatinaPollock http:… | E86: Wed Feb 19 02:55:39 +0000 2014 | F86: 41689.122 | H86: en | K86: 636460073 | M86: <a href="http://twitter.com/download/iphone" rel="nofollow">Twitter for iPhone</a> | N86: http://pbs.twimg.com/profile_images/378800000769246947/3a548e76741de390217e1421e5ba48af_normal.jpeg | O86: 146 | P86: 298 | Q86: -18000 | R86: http://twitter.com/DrKatinaPollock/statuses/435970909992935424 | S86: {"symbols":[],"urls":[],"hashtags":[{"text":"OERS14","indices":[38,45]},{"text":"KMb","indices":[91,95]},{"text":"OntEd","indices":[100,106]}],"media":[{"sizes":{"thumb":{"w":150,"resize":"crop","h":150},"small":{"w":340,"resize":"fit","h":455},"large":{"w":764,"resize":"fit","h":1024},"medium":{"w":599,"resize":"fit","h":804}},"id":435910032014598144,"media_url_https":"https://pbs.twimg.com/media/Bgyp3VRCYAAQkPb.jpg","media_url":"http://pbs.twimg.com/media/Bgyp3VRCYAAQkPb.jpg","expanded_url":"http://twitter.com/CarolCampbell4/status/435910032173981697/photo/1","indices":[139,140],"id_str":"435910032014598144","type":"photo","display_url":"pic.twitter.com/rhltvth4Fc","url":"http://t.co/rhltvth4Fc"}],"user_mentions":[{"id":300645437,"name":"Carol Campbell","indices":[3,18],"screen_name":"CarolCampbell4","id_str":"300645437"},{"id":1020257364,"name":"KNAER-RECRAE","indices":[56,69],"screen_name":"KNAER_RECRAE","id_str":"1020257364"},{"id":129585627,"name":"Shasta Carr-Harris","indices":[107,116],"screen_name":"ShastaCH","id_str":"129585627"},{"id":636460073,"name":"Katina Pollock","indices":[117,133],"screen_name":"DrKatinaPollock","id_str":"636460073"}]} | T86: =LEFT(D86,3) -> RT | U86: =IF(SEARCH("RT", T86),1,0) -> 1 | V86: =LEFT(D86,35) -> RT @CarolCampbell4: Getting ready f | W86: =IF(SEARCH("http:", D86),1,0) -> 1 | X86: ="http:"&MID(D86,FIND("/",D86,8),LEN(D86)+1-FIND("/",D86,8)) -> #VALUE!
A87: 86 | B87: 435973459873890304 | C87: taniasterling | D87: RT @CarolCampbell4: Future PISA tests to include collaborative problem solving &amp; global citizenship #oers14 | E87: Wed Feb 19 03:05:47 +0000 2014 | F87: 41689.129 | H87: en | K87: 97134757 | M87: <a href="http://twitter.com/download/iphone" rel="nofollow">Twitter for iPhone</a> | N87: http://pbs.twimg.com/profile_images/3750217086/388f2b18ac44da8d783f9140c4a6c73c_normal.png | O87: 1696 | P87: 913 | Q87: -18000 | R87: http://twitter.com/taniasterling/statuses/435973459873890304 | S87: {"symbols":[],"urls":[],"hashtags":[{"text":"oers14","indices":[104,111]}],"user_mentions":[{"id":300645437,"name":"Carol Campbell","indices":[3,18],"screen_name":"CarolCampbell4","id_str":"300645437"}]} | T87: =LEFT(D87,3) -> RT | U87: =IF(SEARCH("RT", T87),1,0) -> 1 | V87: =LEFT(D87,35) -> RT @CarolCampbell4: Future PISA tes | W87: =IF(SEARCH("http:", D87),1,0) -> #VALUE!
A88: 87 | B88: 435973840154271744 | C88: taniasterling | D88: RT @Anniekidder: #oers14 OECD: Vital to recognize learning is result of hard work. We need tasks with "room inside" for more questions, for… | E88: Wed Feb 19 03:07:18 +0000 2014 | F88: 41689.13 | H88: en | K88: 97134757 | M88: <a href="http://twitter.com/download/iphone" rel="nofollow">Twitter for iPhone</a> | N88: http://pbs.twimg.com/profile_images/3750217086/388f2b18ac44da8d783f9140c4a6c73c_normal.png | O88: 1696 | P88: 913 | Q88: -18000 | R88: http://twitter.com/taniasterling/statuses/435973840154271744 | S88: {"symbols":[],"urls":[],"hashtags":[{"text":"oers14","indices":[17,24]}],"user_mentions":[{"id":106539218,"name":"Annie Kidder","indices":[3,15],"screen_name":"Anniekidder","id_str":"106539218"}]} | T88: =LEFT(D88,3) -> RT | U88: =IF(SEARCH("RT", T88),1,0) -> 1 | V88: =LEFT(D88,35) -> RT @Anniekidder: #oers14 OECD: Vita | W88: =IF(SEARCH("http:", D88),1,0) -> #VALUE!
A89: 88 | B89: 435974040360996864 | C89: taniasterling | D89: RT @cmorrissette1: @cmorrissette1: #oers14 Avvisati OECD: Collaboration, global citizenship and perseverance.... Competencies we are lookin… | E89: Wed Feb 19 03:08:05 +0000 2014 | F89: 41689.131 | H89: en | K89: 97134757 | M89: <a href="http://twitter.com/download/iphone" rel="nofollow">Twitter for iPhone</a> | N89: http://pbs.twimg.com/profile_images/3750217086/388f2b18ac44da8d783f9140c4a6c73c_normal.png | O89: 1696 | P89: 913 | Q89: -18000 | R89: http://twitter.com/taniasterling/statuses/435974040360996864 | S89: {"symbols":[],"urls":[],"hashtags":[{"text":"oers14","indices":[35,42]}],"user_mentions":[{"id":91436396,"name":"Carole Morrissette","indices":[3,17],"screen_name":"cmorrissette1","id_str":"91436396"},{"id":91436396,"name":"Carole Morrissette","indices":[19,33],"screen_name":"cmorrissette1","id_str":"91436396"}]} | T89: =LEFT(D89,3) -> RT | U89: =IF(SEARCH("RT", T89),1,0) -> 1 | V89: =LEFT(D89,35) -> RT @cmorrissette1: @cmorrissette1: | W89: =IF(SEARCH("http:", D89),1,0) -> #VALUE!
A90: 89 | B90: 435974090302562306 | C90: taniasterling | D90: RT @Anniekidder: #oers14 Avvisati from OECD says if it doesn't get measured it doesn't get taught or valued. | E90: Wed Feb 19 03:08:17 +0000 2014 | F90: 41689.131 | H90: en | K90: 97134757 | M90: <a href="http://twitter.com/download/iphone" rel="nofollow">Twitter for iPhone</a> | N90: http://pbs.twimg.com/profile_images/3750217086/388f2b18ac44da8d783f9140c4a6c73c_normal.png | O90: 1696 | P90: 913 | Q90: -18000 | R90: http://twitter.com/taniasterling/statuses/435974090302562306 | S90: {"symbols":[],"urls":[],"hashtags":[{"text":"oers14","indices":[17,24]}],"user_mentions":[{"id":106539218,"name":"Annie Kidder","indices":[3,15],"screen_name":"Anniekidder","id_str":"106539218"}]} | T90: =LEFT(D90,3) -> RT | U90: =IF(SEARCH("RT", T90),1,0) -> 1 | V90: =LEFT(D90,35) -> RT @Anniekidder: #oers14 Avvisati f | W90: =IF(SEARCH("http:", D90),1,0) -> #VALUE!
A91: 90 | B91: 435974467030761472 | C91: taniasterling | D91: RT @cmorrissette1: #OERS14 Avvisati OECD: schools has a critical role in fostering parent's involvement early on in the school year to clos… | E91: Wed Feb 19 03:09:47 +0000 2014 | F91: 41689.132 | H91: en | K91: 97134757 | M91: <a href="http://twitter.com/download/iphone" rel="nofollow">Twitter for iPhone</a> | N91: http://pbs.twimg.com/profile_images/3750217086/388f2b18ac44da8d783f9140c4a6c73c_normal.png | O91: 1696 | P91: 913 | Q91: -18000 | R91: http://twitter.com/taniasterling/statuses/435974467030761472 | S91: {"symbols":[],"urls":[],"hashtags":[{"text":"OERS14","indices":[19,26]}],"user_mentions":[{"id":91436396,"name":"Carole Morrissette","indices":[3,17],"screen_name":"cmorrissette1","id_str":"91436396"}]} | T91: =LEFT(D91,3) -> RT | U91: =IF(SEARCH("RT", T91),1,0) -> 1 | V91: =LEFT(D91,35) -> RT @cmorrissette1: #OERS14 Avvisati | W91: =IF(SEARCH("http:", D91),1,0) -> #VALUE!
A92: 91 | B92: 435974565517205504 | C92: taniasterling | D92: RT @CarolCampbell4: Discussing use of teacher led projects to stimulate innovation &amp; empower champions of change in Italy #OERS14 Sounds li… | E92: Wed Feb 19 03:10:11 +0000 2014 | F92: 41689.132 | H92: en | K92: 97134757 | M92: <a href="http://twitter.com/download/iphone" rel="nofollow">Twitter for iPhone</a> | N92: http://pbs.twimg.com/profile_images/3750217086/388f2b18ac44da8d783f9140c4a6c73c_normal.png | O92: 1696 | P92: 913 | Q92: -18000 | R92: http://twitter.com/taniasterling/statuses/435974565517205504 | S92: {"symbols":[],"urls":[],"hashtags":[{"text":"OERS14","indices":[126,133]},{"text":"tllp","indices":[143,144]}],"user_mentions":[{"id":300645437,"name":"Carol Campbell","indices":[3,18],"screen_name":"CarolCampbell4","id_str":"300645437"},{"id":1173268963,"name":"Lindy Amato","indices":[143,144],"screen_name":"LindyAmato","id_str":"1173268963"}]} | T92: =LEFT(D92,3) -> RT | U92: =IF(SEARCH("RT", T92),1,0) -> 1 | V92: =LEFT(D92,35) -> RT @CarolCampbell4: Discussing use | W92: =IF(SEARCH("http:", D92),1,0) -> #VALUE!
A93: 92 | B93: 435974635734065152 | C93: taniasterling | D93: RT @Anniekidder: #oers14 OECD's Francesco Avvisati says problem-solving skills less related to socio-economic status than math. | E93: Wed Feb 19 03:10:27 +0000 2014 | F93: 41689.132 | H93: en | K93: 97134757 | M93: <a href="http://twitter.com/download/iphone" rel="nofollow">Twitter for iPhone</a> | N93: http://pbs.twimg.com/profile_images/3750217086/388f2b18ac44da8d783f9140c4a6c73c_normal.png | O93: 1696 | P93: 913 | Q93: -18000 | R93: http://twitter.com/taniasterling/statuses/435974635734065152 | S93: {"symbols":[],"urls":[],"hashtags":[{"text":"oers14","indices":[17,24]}],"user_mentions":[{"id":106539218,"name":"Annie Kidder","indices":[3,15],"screen_name":"Anniekidder","id_str":"106539218"}]} | T93: =LEFT(D93,3) -> RT | U93: =IF(SEARCH("RT", T93),1,0) -> 1 | V93: =LEFT(D93,35) -> RT @Anniekidder: #oers14 OECD's Fra | W93: =IF(SEARCH("http:", D93),1,0) -> #VALUE!
A94: 93 | B94: 435975144909963265 | C94: taniasterling | D94: RT @abbaspeaks: #OERS14 (@ Toronto Marriott Downtown Eaton Centre - @marriottintl) http://t.co/SbCdr28yWb | E94: Wed Feb 19 03:12:29 +0000 2014 | F94: 41689.134 | H94: en | K94: 97134757 | M94: <a href="http://twitter.com/download/iphone" rel="nofollow">Twitter for iPhone</a> | N94: http://pbs.twimg.com/profile_images/3750217086/388f2b18ac44da8d783f9140c4a6c73c_normal.png | O94: 1696 | P94: 913 | Q94: -18000 | R94: http://twitter.com/taniasterling/statuses/435975144909963265 | S94: {"symbols":[],"urls":[{"expanded_url":"http://4sq.com/1mrzHjS","indices":[83,105],"display_url":"4sq.com/1mrzHjS","url":"http://t.co/SbCdr28yWb"}],"hashtags":[{"text":"OERS14","indices":[16,23]}],"user_mentions":[{"id":203543496,"name":"/-\\ l i @bbas","indices":[3,14],"screen_name":"abbaspeaks","id_str":"203543496"},{"id":14140913,"name":"Marriott Internat\u0027l","indices":[68,81],"screen_name":"MarriottIntl","id_str":"14140913"}]} | T94: =LEFT(D94,3) -> RT | U94: =IF(SEARCH("RT", T94),1,0) -> 1 | V94: =LEFT(D94,35) -> RT @abbaspeaks: #OERS14 (@ Toronto | W94: =IF(SEARCH("http:", D94),1,0) -> 1 | X94: ="http:"&MID(D94,FIND("/",D94,8),LEN(D94)+1-FIND("/",D94,8)) -> http://t.co/SbCdr28yWb
A95: 94 | B95: 435975316201541632 | C95: drcathybruce | D95: RT @CarolCampbell4: Future PISA tests to include collaborative problem solving &amp; global citizenship #oers14 | E95: Wed Feb 19 03:13:10 +0000 2014 | F95: 41689.134 | H95: en | K95: 1264968134 | M95: <a href="http://twitter.com/download/iphone" rel="nofollow">Twitter for iPhone</a> | N95: http://pbs.twimg.com/profile_images/432644858201657344/yt5yBNO9_normal.png | O95: 582 | P95: 373 | R95: http://twitter.com/drcathybruce/statuses/435975316201541632 | S95: {"symbols":[],"urls":[],"hashtags":[{"text":"oers14","indices":[104,111]}],"user_mentions":[{"id":300645437,"name":"Carol Campbell","indices":[3,18],"screen_name":"CarolCampbell4","id_str":"300645437"}]} | T95: =LEFT(D95,3) -> RT | U95: =IF(SEARCH("RT", T95),1,0) -> 1 | V95: =LEFT(D95,35) -> RT @CarolCampbell4: Future PISA tes | W95: =IF(SEARCH("http:", D95),1,0) -> #VALUE!
A96: 95 | B96: 435975316201541632 | C96: drcathybruce | D96: RT @CarolCampbell4: Future PISA tests to include collaborative problem solving &amp; global citizenship #oers14 | E96: Wed Feb 19 03:13:10 +0000 2014 | F96: 41689.134 | H96: en | K96: 1264968134 | M96: <a href="http://twitter.com/download/iphone" rel="nofollow">Twitter for iPhone</a> | N96: http://pbs.twimg.com/profile_images/432644858201657344/yt5yBNO9_normal.png | O96: 582 | P96: 373 | R96: http://twitter.com/drcathybruce/statuses/435975316201541632 | S96: {"symbols":[],"urls":[],"hashtags":[{"text":"oers14","indices":[104,111]}],"user_mentions":[{"id":300645437,"name":"Carol Campbell","indices":[3,18],"screen_name":"CarolCampbell4","id_str":"300645437"}]} | T96: =LEFT(D96,3) -> RT | U96: =IF(SEARCH("RT", T96),1,0) -> 1 | V96: =LEFT(D96,35) -> RT @CarolCampbell4: Future PISA tes | W96: =IF(SEARCH("http:", D96),1,0) -> #VALUE!
A97: 96 | B97: 435975417909227520 | C97: taniasterling | D97: RT @drcathybruce: Looking forward to #OERS14 @KNAER_RECRAE @dtapscott with focus on knowledge mobilization and great Ontario research | E97: Wed Feb 19 03:13:34 +0000 2014 | F97: 41689.134 | H97: en | K97: 97134757 | M97: <a href="http://twitter.com/download/iphone" rel="nofollow">Twitter for iPhone</a> | N97: http://pbs.twimg.com/profile_images/3750217086/388f2b18ac44da8d783f9140c4a6c73c_normal.png | O97: 1696 | P97: 913 | Q97: -18000 | R97: http://twitter.com/taniasterling/statuses/435975417909227520 | S97: {"symbols":[],"urls":[],"hashtags":[{"text":"OERS14","indices":[37,44]}],"user_mentions":[{"id":1264968134,"name":"Cathy Bruce","indices":[3,16],"screen_name":"drcathybruce","id_str":"1264968134"},{"id":1020257364,"name":"KNAER-RECRAE","indices":[45,58],"screen_name":"KNAER_RECRAE","id_str":"1020257364"},{"id":14128528,"name":"Don Tapscott","indices":[59,69],"screen_name":"dtapscott","id_str":"14128528"}]} | T97: =LEFT(D97,3) -> RT | U97: =IF(SEARCH("RT", T97),1,0) -> 1 | V97: =LEFT(D97,35) -> RT @drcathybruce: Looking forward t | W97: =IF(SEARCH("http:", D97),1,0) -> #VALUE!
A98: 97 | B98: 435975502822924289 | C98: CarolCampbell4 | D98: RT @drcathybruce: Looking forward to #OERS14 @KNAER_RECRAE @dtapscott with focus on knowledge mobilization and great Ontario research | E98: Wed Feb 19 03:13:54 +0000 2014 | F98: 41689.135 | H98: en | K98: 300645437 | M98: <a href="http://twitter.com/#!/download/ipad" rel="nofollow">Twitter for iPad</a> | N98: http://pbs.twimg.com/profile_images/3691905443/d17541206d2df83dd49f40e17076abbc_normal.jpeg | O98: 741 | P98: 317 | Q98: -18000 | R98: http://twitter.com/CarolCampbell4/statuses/435975502822924289 | S98: {"symbols":[],"urls":[],"hashtags":[{"text":"OERS14","indices":[37,44]}],"user_mentions":[{"id":1264968134,"name":"Cathy Bruce","indices":[3,16],"screen_name":"drcathybruce","id_str":"1264968134"},{"id":1020257364,"name":"KNAER-RECRAE","indices":[45,58],"screen_name":"KNAER_RECRAE","id_str":"1020257364"},{"id":14128528,"name":"Don Tapscott","indices":[59,69],"screen_name":"dtapscott","id_str":"14128528"}]} | T98: =LEFT(D98,3) -> RT | U98: =IF(SEARCH("RT", T98),1,0) -> 1 | V98: =LEFT(D98,35) -> RT @drcathybruce: Looking forward t | W98: =IF(SEARCH("http:", D98),1,0) -> #VALUE!
A99: 98 | B99: 435975642819993601 | C99: CarolCampbell4 | D99: RT @OISENews: Hello! Hey, new poster! "@CarolCampbell4: #oise #UofT is at #OERS14 Say hello to us! @UofTNews http://t.co/3hlnymjhzA" | E99: Wed Feb 19 03:14:27 +0000 2014 | F99: 41689.135 | H99: en | K99: 300645437 | M99: <a href="http://twitter.com/#!/download/ipad" rel="nofollow">Twitter for iPad</a> | N99: http://pbs.twimg.com/profile_images/3691905443/d17541206d2df83dd49f40e17076abbc_normal.jpeg | O99: 741 | P99: 317 | Q99: -18000 | R99: http://twitter.com/CarolCampbell4/statuses/435975642819993601 | S99: {"symbols":[],"urls":[],"hashtags":[{"text":"oise","indices":[56,61]},{"text":"UofT","indices":[62,67]},{"text":"OERS14","indices":[74,81]}],"media":[{"sizes":{"thumb":{"w":150,"resize":"crop","h":150},"small":{"w":340,"resize":"fit","h":254},"medium":{"w":600,"resize":"fit","h":448},"large":{"w":1024,"resize":"fit","h":764}},"media_url":"http://pbs.twimg.com/media/Bgyr8R0CQAA4pem.jpg","type":"photo","display_url":"pic.twitter.com/3hlnymjhzA","url":"http://t.co/3hlnymjhzA","id":435912316010250240,"media_url_https":"https://pbs.twimg.com/media/Bgyr8R0CQAA4pem.jpg","expanded_url":"http://twitter.com/CarolCampbell4/status/435912316224151552/photo/1","source_status_id_str":"435912316224151552","indices":[110,132],"source_status_id":435912316224151552,"id_str":"435912316010250240"}],"user_mentions":[{"id":120129298,"name":"OISE News","indices":[3,12],"screen_name":"OISENews","id_str":"120129298"},{"id":300645437,"name":"Carol Campbell","indices":[39,54],"screen_name":"CarolCampbell4","id_str":"300645437"},{"id":109046256,"name":"UofT News","indices":[100,109],"screen_name":"UofTNews","id_str":"109046256"}]} | T99: =LEFT(D99,3) -> RT | U99: =IF(SEARCH("RT", T99),1,0) -> 1 | V99: =LEFT(D99,35) -> RT @OISENews: Hello! Hey, new poste | W99: =IF(SEARCH("http:", D99),1,0) -> 1 | X99: ="http:"&MID(D99,FIND("/",D99,8),LEN(D99)+1-FIND("/",D99,8)) -> http://t.co/3hlnymjhzA"
A100: 99 | B100: 435975793387536384 | C100: CarolCampbell4 | D100: RT @KNAER_RECRAE: #OERS14 this week! http://t.co/CWIf7knjFu Stay tuned for live updates &amp; maybe even some photos @DrKatinaPollock @ShastaCH… | E100: Wed Feb 19 03:15:03 +0000 2014 | F100: 41689.135 | H100: en | K100: 300645437 | M100: <a href="http://twitter.com/#!/download/ipad" rel="nofollow">Twitter for iPad</a> | N100: http://pbs.twimg.com/profile_images/3691905443/d17541206d2df83dd49f40e17076abbc_normal.jpeg | O100: 741 | P100: 317 | Q100: -18000 | R100: http://twitter.com/CarolCampbell4/statuses/435975793387536384 | S100: {"symbols":[],"urls":[{"expanded_url":"http://bit.ly/M5mKeG","indices":[37,59],"display_url":"bit.ly/M5mKeG","url":"http://t.co/CWIf7knjFu"}],"hashtags":[{"text":"OERS14","indices":[18,25]}],"user_mentions":[{"id":1020257364,"name":"KNAER-RECRAE","indices":[3,16],"screen_name":"KNAER_RECRAE","id_str":"1020257364"},{"id":636460073,"name":"Katina Pollock","indices":[117,133],"screen_name":"DrKatinaPollock","id_str":"636460073"},{"id":129585627,"name":"Shasta Carr-Harris","indices":[134,143],"screen_name":"ShastaCH","id_str":"129585627"},{"id":300645437,"name":"Carol Campbell","indices":[143,144],"screen_name":"CarolCampbell4","id_str":"300645437"}]} | T100: =LEFT(D100,3) -> RT | U100: =IF(SEARCH("RT", T100),1,0) -> 1 | V100: =LEFT(D100,35) -> RT @KNAER_RECRAE: #OERS14 this week | W100: =IF(SEARCH("http:", D100),1,0) -> 1 | X100: ="http:"&MID(D100,FIND("/",D100,8),LEN(D100)+1-FIND("/",D100,8)) -> http://t.co/CWIf7knjFu Stay tuned for live updates &amp; maybe even some photos @DrKatinaPollock @ShastaCH…
...

Sheet Summary
B1: Filter | C1: Top Tweeters | D1: No. | E1: @'s | F1: % RT | G1: Twitter Activity | M1: Date Bin
B2: Link | C2: abbaspeaks | D2: 100 | E2: 29 | F2: 0.33 | I2: Number of links | J2: {=SUM(IF(ISERROR(FIND("http://",LOWER(Archive!D:D))),0,1))} -> 271 | M2: 41681
B3: Link | C3: ResearchChat | D3: 95 | E3: 134 | F3: 0.010526316 | I3: Number of RTs | J3: {=SUM(IF(ISERROR(FIND("RT",Archive!D:D)),0,1))} -> 565 | K3: <-estimate based on occurrence of RT | M3: =(((M$21-M$2)/20)*(ROW()-1))+M$2 -> 41681.9
B4: Link | C4: O3atORION | D4: 93 | E4: 43 | F4: 0.43010753 | I4: Number of Tweets | J4: =COUNTA(Archive!B:B)-1 -> 1280 | M4: =(((M$21-M$2)/20)*(ROW()-1))+M$2 -> 41682.35
B5: Link | C5: CarolCampbell4 | D5: 76 | E5: 129 | F5: 0.40789474 | I5: Unique tweets | J5: 1221 | K5: <-used to monitor quality of archive | M5: =(((M$21-M$2)/20)*(ROW()-1))+M$2 -> 41682.8
B6: Link | C6: KNAER_RECRAE | D6: 63 | E6: 147 | F6: 0.6031746 | I6: First Tweet in Archive | J6: =MIN(Archive!F:F) -> 41681.586 | K6: GMT | M6: =(((M$21-M$2)/20)*(ROW()-1))+M$2 -> 41683.25
B7: Link | C7: adrossis | D7: 55 | E7: 28 | F7: 0.36363636 | I7: Last Tweet in Archive | J7: =MAX(Archive!F:F) -> 41690.938 | K7: GMT | M7: =(((M$21-M$2)/20)*(ROW()-1))+M$2 -> 41683.7
B8: Link | C8: ShastaCH | D8: 50 | E8: 61 | F8: 0.9 | I8: In Reply Ids | J8: =COUNTA(Archive!L:L)-1 -> 108 | M8: =(((M$21-M$2)/20)*(ROW()-1))+M$2 -> 41684.15
B9: Link | C9: OhMissAcosta | D9: 36 | E9: 31 | F9: 0.083333333 | I9: In Reply @s | J9: 97 | M9: =(((M$21-M$2)/20)*(ROW()-1))+M$2 -> 41684.6
B10: Link | C10: giannahelling | D10: 35 | E10: 6 | F10: 0.37142857 | I10: Tweet rate (tw/min) | J10: =COUNTIF(Archive!F:F,(">"&(J7-(((1/24)/60)*10))))/10 -> 0.1 | K10: Tweets/min (from last archive 10mins) | M10: =(((M$21-M$2)/20)*(ROW()-1))+M$2 -> 41685.05
B11: Link | C11: DrKatinaPollock | D11: 34 | E11: 72 | F11: 0.97058824 | M11: =(((M$21-M$2)/20)*(ROW()-1))+M$2 -> 41685.5
B12: Link | C12: BrendaCourey | D12: 29 | E12: 9 | F12: 0.17241379 | I12: Tweets/Person Average | J12: =AVERAGE(D2:D) -> #NAME? | M12: =(((M$21-M$2)/20)*(ROW()-1))+M$2 -> 41685.95
B13: Link | C13: GerriGershon | D13: 29 | E13: 9 | F13: 0.31034483 | I13: Tweets/Person Median | J13: =MEDIAN(D2:D) -> #NAME? | M13: =(((M$21-M$2)/20)*(ROW()-1))+M$2 -> 41686.4
B14: Link | C14: dberrill | D14: 29 | E14: 14 | F14: #N/A:emptyOutput | M14: =(((M$21-M$2)/20)*(ROW()-1))+M$2 -> 41686.85
B15: Link | C15: westernulibsEDU | D15: 22 | E15: 6 | F15: 0.90909091 | I15: Public web views | J15: =HYPERLINK((("http://hawksey.info/tagsexplorer/?key="&returnID())&"&sheet=oaw"), "TAGS Explorer") -> #NAME? | K15: <- conversation explorer | M15: =(((M$21-M$2)/20)*(ROW()-1))+M$2 -> 41687.3
B16: Link | C16: taniasterling | D16: 21 | E16: 9 | F16: 0.47619048 | J16: =HYPERLINK(("http://hawksey.info/tagsexplorer/arc.html?key="&returnID()), "TAGS Archive") -> #NAME? | K16: <- searchable archive | M16: =(((M$21-M$2)/20)*(ROW()-1))+M$2 -> 41687.75
B17: Link | C17: AmaniElrofaie | D17: 20 | E17: 7 | F17: 0.1 | M17: =(((M$21-M$2)/20)*(ROW()-1))+M$2 -> 41688.2
B18: Link | C18: _DrDi | D18: 20 | E18: 17 | F18: 0.05 | M18: =(((M$21-M$2)/20)*(ROW()-1))+M$2 -> 41688.65
B19: Link | C19: LStevens2511 | D19: 15 | E19: 7 | F19: 0.46666667 | I19: Note | J19: Grey = calculated fields | M19: =(((M$21-M$2)/20)*(ROW()-1))+M$2 -> 41689.1
B20: Link | C20: drcathybruce | D20: 15 | E20: 33 | F20: 0.33333333 | J20: Blue = Require File > Published to the web | M20: =(((M$21-M$2)/20)*(ROW()-1))+M$2 -> 41689.55
B21: Link | C21: fdelk_nmc | D21: 15 | E21: 4 | F21: 0.066666667 | M21: 41690
B22: Link | C22: Anniekidder | D22: 13 | E22: 71 | F22: #N/A:emptyOutput
B23: Link | C23: professor_jess | D23: 13 | E23: 7 | F23: 0.23076923
B24: Link | C24: CheyRatnam | D24: 12 | E24: 6 | F24: 0.33333333
B25: Link | C25: OISENews | D25: 12 | E25: 64 | F25: 0.75
B26: Link | C26: annemariepetras | D26: 11 | E26: 3 | F26: 0.72727273
B27: Link | C27: lisacollimore | D27: 11 | E27: 4 | F27: 0.27272727
B28: Link | C28: rchids | D28: 11 | E28: 5 | F28: #N/A:emptyOutput
B29: Link | C29: SamKloetstra | D29: 10 | E29: 11 | F29: 0.5
B30: Link | C30: brandy_doan | D30: 10 | E30: 3 | F30: 0.4
B31: Link | C31: ACooperKMb | D31: 9 | E31: 11 | F31: 0.44444444
B32: Link | C32: candymcewan | D32: 9
B33: Link | C33: jmuellertate | D33: 9
B34: Link | C34: peachyteachy | D34: 8
B35: Link | C35: AngelaMercier1 | D35: 7
B36: Link | C36: MISABarrie | D36: 6
B37: Link | C37: cmorrissette1 | D37: 6
B38: Link | C38: emoyer2009 | D38: 6
B39: Link | C39: AlexCWiseman | D39: 5
B40: Link | C40: Errs5 | D40: 5
B41: Link | C41: HIRGUWO | D41: 5
B42: Link | C42: LynneCharette | D42: 5
B43: Link | C43: PamelaOsmond | D43: 5
... B178: Link | C178: vradrian99 | D178: 1

Sheet Dashboard
B1: ="TAGS Archive for "&Readme_Settings!B9 -> TAGS Archive for #OERS14
E2: Twitter activity - last 3 days | K2: Frequency | L2: Count | N2: Tweets | O2: Replies | Q2: Top Tweeter
B3: Archive Contains | C3: Archive Started | D3: Last tweet | K3: 41681 | L3: {=FREQUENCY(Archive!F:F,K3:K33)} -> 0 | M3: =ROUND($D$4,1)-3 -> 41687.9 | N3: {=FREQUENCY(Archive!F:F,M3:M148)} -> 13 | O3: 2 | Q3: =Summary!C2 -> abbaspeaks | R3: =Summary!D2 -> 100
B4: =Summary!J5&" Tweets" -> 1221 Tweets | C4: =Summary!J6 -> 41681.586 | D4: =Summary!J7 -> 41690.938 | K4: 41681.333 | L4: 0 | M4: =M3+(1/48) -> 41687.921 | N4: 0 | O4: 0 | Q4: =Summary!C3 -> ResearchChat | R4: =Summary!D3 -> 95
B5: =(((Summary!J2&" Links ")&Summary!J3)&" RTs Threads ")&IF((Summary!J5>0),(((TEXT((Summary!J8/Summary!J5),"#%")&" (n.")&Summary!J8)&")"),"") -> 271 Links 565 RTs Threads 9% (n.108) | K5: 41681.667 | L5: 1 | M5: =M4+(1/48) -> 41687.942 | N5: 0 | O5: 0 | Q5: =Summary!C4 -> O3atORION | R5: =Summary!D4 -> 93
K6: 41682 | L6: 0 | M6: =M5+(1/48) -> 41687.963 | N6: 0 | O6: 0 | Q6: =Summary!C5 -> CarolCampbell4 | R6: =Summary!D5 -> 76
K7: 41682.333 | L7: 0 | M7: =M6+(1/48) -> 41687.983 | N7: 0 | O7: 0 | Q7: =Summary!C6 -> KNAER_RECRAE | R7: =Summary!D6 -> 63
K8: 41682.667 | L8: 0 | M8: =M7+(1/48) -> 41688.004 | N8: 0 | O8: 0 | Q8: =Summary!C7 -> adrossis | R8: =Summary!D7 -> 55
K9: 41683 | L9: 0 | M9: =M8+(1/48) -> 41688.025 | N9: 0 | O9: 0 | Q9: =Summary!C8 -> ShastaCH | R9: =Summary!D8 -> 50
K10: 41683.333 | L10: 0 | M10: =M9+(1/48) -> 41688.046 | N10: 0 | O10: 0 | Q10: =Summary!C9 -> OhMissAcosta | R10: =Summary!D9 -> 36
K11: 41683.667 | L11: 0 | M11: =M10+(1/48) -> 41688.067 | N11: 0 | O11: 0 | Q11: =Summary!C10 -> giannahelling | R11: =Summary!D10 -> 35
K12: 41684 | L12: 0 | M12: =M11+(1/48) -> 41688.088 | N12: 0 | O12: 0 | Q12: =Summary!C11 -> DrKatinaPollock | R12: =Summary!D11 -> 34
K13: 41684.333 | L13: 0 | M13: =M12+(1/48) -> 41688.108 | N13: 0 | O13: 0 | Q13: Others | R13: =COUNTA(Summary!G:G)-COUNTA(Q2:Q12) -> -5
K14: 41684.667 | L14: 0 | M14: =M13+(1/48) -> 41688.129 | N14: 0 | O14: 0
K15: 41685 | L15: 1 | M15: =M14+(1/48) -> 41688.15 | N15: 0 | O15: 0
K16: 41685.333 | L16: 0 | M16: =M15+(1/48) -> 41688.171 | N16: 0 | O16: 0
K17: 41685.667 | L17: 0 | M17: =M16+(1/48) -> 41688.192 | N17: 0 | O17: 0
K18: 41686 | L18: 0 | M18: =M17+(1/48) -> 41688.213 | N18: 0 | O18: 0
K19: 41686.333 | L19: 0 | M19: =M18+(1/48) -> 41688.233 | N19: 0 | O19: 0
K20: 41686.667 | L20: 0 | M20: =M19+(1/48) -> 41688.254 | N20: 0 | O20: 0
K21: 41687 | L21: 0 | M21: =M20+(1/48) -> 41688.275 | N21: 0 | O21: 0
F22: Key | G22: Tweet | I22: Reply | K22: 41687.333 | L22: 5 | M22: =M21+(1/48) -> 41688.296 | N22: 0 | O22: 0
K23: 41687.667 | L23: 6 | M23: =M22+(1/48) -> 41688.317 | N23: 0 | O23: 0
K24: 41688 | L24: 0 | M24: =M23+(1/48) -> 41688.338 | N24: 0 | O24: 0
F25: Tweets with the most RTs from last 24hrs | G25: RTs | K25: 41688.333 | L25: 0 | M25: =M24+(1/48) -> 41688.358 | N25: 0 | O25: 0
F26: RT @ResearchChat: Prodigy game - Math RPG built on Ontario math curriculum and EQAO http://t.co/nnFgZH7Boz did I mention it is free? #OERS14 | G26: 8 | H26: http://twitter.com/baird_jess/statuses/436327522867769345 | I26: =IF((LEN(H26)>0),HYPERLINK(H26,"Tweet"),"") -> Tweet | K26: 41688.667 | L26: 13 | M26: =M25+(1/48) -> 41688.379 | N26: 0 | O26: 0
F27: RT @KNAER_RECRAE: Looking for education resources in French on various subjects? Check out http://t.co/zlnPXIMNlH #oers14 @OISENews @wester… | G27: 7 | H27: http://twitter.com/annemariepetras/statuses/436594219679895552 | I27: =IF((LEN(H27)>0),HYPERLINK(H27,"Tweet"),"") -> Tweet | K27: 41689 | L27: 15 | M27: =M26+(1/48) -> 41688.4 | N27: 0 | O27: 0
F28: RT @adrossis: Highlights of full-day kindergarten research: http://t.co/IoA8WpmcVy #OERS14 | G28: 5 | H28: http://twitter.com/annemariepetras/statuses/436594290882396160 | I28: =IF((LEN(H28)>0),HYPERLINK(H28,"Tweet"),"") -> Tweet | K28: 41689.333 | L28: 67 | M28: =M27+(1/48) -> 41688.421 | N28: 0 | O28: 0
F29: RT @drcathybruce: @CarolCampbell4 @KNAER_RECRAE @ShastaCH @DrKatinaPollock Tx for helping us consider diff kinds of KMb impact: Activity … | G29: 4 | H29: http://twitter.com/CarolCampbell4/statuses/436341283712684032 | I29: =IF((LEN(H29)>0),HYPERLINK(H29,"Tweet"),"") -> Tweet | K29: 41689.667 | L29: 274 | M29: =M28+(1/48) -> 41688.442 | N29: 0 | O29: 0
F30: RT @KNAER_RECRAE: Look at our partnerships! @DrKatinaPollock @CarolCampbell4 @westernuEdu @OISENews #OERS14 http://t.co/v8Gq4djTs8 | G30: 4 | H30: http://twitter.com/CarolCampbell4/statuses/436341620888596480 | I30: =IF((LEN(H30)>0),HYPERLINK(H30,"Tweet"),"") -> Tweet | K30: 41690 | L30: 387 | M30: =M29+(1/48) -> 41688.463 | N30: 1 | O30: 0
F31: RT @ResearchChat: "Blaming the internet is like blaming the library for ignorance" #OERS14 | G31: 4 | H31: http://twitter.com/LisaNewton3/statuses/436335080634478592 | I31: =IF((LEN(H31)>0),HYPERLINK(H31,"Tweet"),"") -> Tweet | K31: 41690.333 | L31: 151 | M31: =M30+(1/48) -> 41688.483 | N31: 0 | O31: 0
F32: RT @KNAER_RECRAE: Great discussions at our workshop today on building KMb plans! @ShastaCH @DrKatinaPollock @CarolCampbell4 @OISENews @west… | G32: 4 | H32: http://twitter.com/ShastaCH/statuses/436334554815541249 | I32: =IF((LEN(H32)>0),HYPERLINK(H32,"Tweet"),"") -> Tweet | K32: 41690.667 | L32: 208 | M32: =M31+(1/48) -> 41688.504 | N32: 0 | O32: 0
F33: RT @emoyer2009: #OERS14 pen and paper is still a very useful technology in the classroom today - need to make sure we aren't too dependent … | G33: 4 | H33: http://twitter.com/westernulibsEDU/statuses/436498763641659393 | I33: =IF((LEN(H33)>0),HYPERLINK(H33,"Tweet"),"") -> Tweet | K33: 41691 | L33: 152 | M33: =M32+(1/48) -> 41688.525 | N33: 0 | O33: 0
F34: RT @CarolCampbell4: Completely agree with @susanmdrake about brilliant teacher networks on Twitter #OERS14 @KNAER_RECRAE #KMb | G34: 4 | H34: http://twitter.com/SkLitNet/statuses/436521604647256064 | I34: =IF((LEN(H34)>0),HYPERLINK(H34,"Tweet"),"") -> Tweet | L34: 0 | M34: =M33+(1/48) -> 41688.546 | N34: 3 | O34: 0
F35: RT @ResearchChat: Last day of #OERS14. So far there have been 883 tweets and 231 links shared. An archive of tweets and summary here http… | G35: 4 | H35: http://twitter.com/ShastaCH/statuses/436544807415328768 | I35: =IF((LEN(H35)>0),HYPERLINK(H35,"Tweet"),"") -> Tweet | M35: =M34+(1/48) -> 41688.567 | N35: 0 | O35: 0
F36: RT @ResearchChat: The future is not something to be predicted, it is something to be achieved. Don Tapscott #OERS14 #ResearchChat | G36: 3 | H36: http://twitter.com/westernulibsEDU/statuses/436498913013424129 | I36: =IF((LEN(H36)>0),HYPERLINK(H36,"Tweet"),"") -> Tweet | M36: =M35+(1/48) -> 41688.588 | N36: 0 | O36: 0
F37: RT @O3atORION: "@ResearchChat: "Blaming the internet is like blaming the library for ignorance" #OERS14" sound bytes from Don Tapscott! | G37: 3 | H37: http://twitter.com/westernulibsEDU/statuses/436498829999734787 | I37: =IF((LEN(H37)>0),HYPERLINK(H37,"Tweet"),"") -> Tweet | M37: =M36+(1/48) -> 41688.608 | N37: 4 | O37: 0
H38: #VALUE!:blankIndicator: | M38: =M37+(1/48) -> 41688.629 | N38: 2 | O38: 2
B39: Web views | C39: =HYPERLINK((("http://hawksey.info/tagsexplorer/?key="&returnID())&"&sheet=oaw"), "TAGS Explorer") -> #NAME? | M39: =M38+(1/48) -> 41688.65 | N39: 3 | O39: 0
C40: =HYPERLINK(("http://hawksey.info/tagsexplorer/arc.html?key="&returnID()), "TAGS Archive") -> #NAME? | M40: =M39+(1/48) -> 41688.671 | N40: 0 | O40: 0
M41: =M40+(1/48) -> 41688.692 | N41: 0 | O41: 0
M42: =M41+(1/48) -> 41688.713 | N42: 1 | O42: 0
M43: =M42+(1/48) -> 41688.733 | N43: 1 | O43: 0
M44: =M43+(1/48) -> 41688.754 | N44: 0 | O44: 0
M45: =M44+(1/48) -> 41688.775 | N45: 0 | O45: 0
M46: =M45+(1/48) -> 41688.796 | N46: 1 | O46: 0
M47: =M46+(1/48) -> 41688.817 | N47: 1 | O47: 0
M48: =M47+(1/48) -> 41688.838 | N48: 0 | O48: 0
M49: =M48+(1/48) -> 41688.858 | N49: 3 | O49: 0
M50: =M49+(1/48) -> 41688.879 | N50: 1 | O50: 0
M51: =M50+(1/48) -> 41688.9 | N51: 0 | O51: 0
M52: =M51+(1/48) -> 41688.921 | N52: 2 | O52: 0
... M148: =M147+(1/48) -> 41690.921 | N148: 4 | O148: 0
N149: 4 | O149: 0

Sheet Readme_Settings
A1: TAGS v5.1
A2: Created by mhawksey. Read more about this at:
A3: http://mashe.hawksey.info/twitter-archive-tagsv5/
A4: With this spreadsheet you can:
A5: - automatically pull results from a Twitter Search into a Google Spreadsheet
A6: Instructions:
A7: 1. Click this button twice (once to authenticate, second to add custom menu) --> 2. Open TAGS > Twitter API Authentication and follow the instructions
A9: 3. Enter search term | B9: #OERS14 | C9: <- you can use serach operators like AND OR as well as from: and to: eg '#JobsNow AND from:BarackObama' (without quotes)
A11: 4. Make a one off collection with TAGS > Run now! or set a trigger to collect every hour TAGS > Update archive every hour. To change the frequency open Tools -> Script Editor then Triggers -> Current script's triggers... and adjust
A12: Advanced Settings:
A13: Period | B13: default | C13: <- if NOT using default switch to 'paged' below
A14: Continuous/paged | B14: continuous | C14: <- continuous will add results to a single sheet, paged adds results to a new sheet
A15: Follower count filter | B15: 0 | C15: <- if search term is being spammed you can set the minimum followers a person must have to be included in archive
A16: Number of tweets | B16: 1500 | C16: <- maximum number of tweets to collect from last 7 days (upto 18000) - high values may no work dues to script timeouts
A17: Make interactive
A18: Turn your archive into an interactive online resource using TAGSExplorer - see http://bit.ly/TAGSsetup
A19: News
A20: Uldis Bojars (@CaptSolo) has highlighted an issue with TAGS V5.0 which meant it would not page all the results. This has been fixed with the release of v5.1. If you are running version 5.0 of TAGS it's highly recommended you update the code.
A21: https://gist.github.com/mhawksey/7230553

Sheet Pivot Table
A3: Row Labels | B3: Count of url
A4: http://t.co/nnFgZH7Boz did I mention it is free? #OERS14 | B4: 9
A5: http://t.co/QulEU2Sz1l #OERS14 #ResearchChat | B5: 9
A6: http://t.co/XwySdaifii #OERS14 | B6: 7
A7: http://t.co/zlnPXIMNlH #oers14 @OISENews @wester… | B7: 7
A8: http://t.co/YigaizwuSP” | B8: 6
A9: http://t.co/IoA8WpmcVy #OERS14 | B9: 6
A10: http://t.co/v8Gq4djTs8 | B10: 6
A11: http://t.co… | B11: 5
A12: http://t.co/KsM1D3l5Kw | B12: 5
A13: http://t.co/IuRFqXJiDX | B13: 5
A14: http://t.co/v9ZjT6L9Hi | B14: 4
A15: http://t.co/xyWLSBZ0S2 #OERS14 #ResearchChat | B15: 4
... A154: http://t.co/HzV8M7Zp6W #OERS14 | B154: 1
A155: (blank)
A156: Grand Total | B156: 273

Sheet Vertices
A1: id | B1: screen_name | C1: degree | D1: degree_in | E1: degree_out | F1: betweenness_centrality | G1: pagerank | H1: eigenvector_centrality | I1: group | J1: archive_perc | K1: weighted_bc | L1: name | M1: friends_count | N1: followers_count | O1: statuses_count | P1: favourites_count | Q1: description | R1: location | S1: url | T1: profile_image_url | U1: time_zone | V1: utc_offset | W1: created_at | X1: protected | Y1: friend_ids | Z1: follower_ids

Sheet QuestionsFilter
A1: Combination of Qs and As | B1: All Qs (possible_question = TRUE) | C1: Tweets with replies (id_str, in_reply_to_id_str)
A2: "=getReplies(B2:B26,C2:D26)" | B2: "=QUERY(Archive!A:M,"select A WHERE C contains '?' LIMIT 25",FALSE)" | C2: "=QUERY(Archive!A:M,"select A, K WHERE K <> '' LIMIT 25 OFFSET 1",FALSE)" | D2: #VALUE!:blankIndicator:
A3: #VALUE!:blankIndicator: | B3: #VALUE!:blankIndicator: | C3: #VALUE!:blankIndicator: | D3: #VALUE!:blankIndicator:
A4: #VALUE!:blankIndicator: | B4: #VALUE!:blankIndicator: | C4: #VALUE!:blankIndicator: | D4: #VALUE!:blankIndicator:
A5: #VALUE!:blankIndicator: | B5: #VALUE!:blankIndicator: | C5: #VALUE!:blankIndicator: | D5: #VALUE!:blankIndicator:
A6: #VALUE!:blankIndicator: | B6: #VALUE!:blankIndicator: | C6: #VALUE!:blankIndicator: | D6: #VALUE!:blankIndicator:
A7: #VALUE!:blankIndicator: | B7: #VALUE!:blankIndicator: | C7: #VALUE!:blankIndicator: | D7: #VALUE!:blankIndicator:
A8: #VALUE!:blankIndicator: | B8: #VALUE!:blankIndicator: | C8: #VALUE!:blankIndicator: | D8: #VALUE!:blankIndicator:
A9: #VALUE!:blankIndicator: | B9: #VALUE!:blankIndicator: | C9: #VALUE!:blankIndicator: | D9: #VALUE!:blankIndicator:
A10: #VALUE!:blankIndicator: | B10: #VALUE!:blankIndicator: | C10: #VALUE!:blankIndicator: | D10: #VALUE!:blankIndicator:
A11: #VALUE!:blankIndicator: | B11: #VALUE!:blankIndicator: | C11: #VALUE!:blankIndicator: | D11: #VALUE!:blankIndicator:
A12: #VALUE!:blankIndicator: | B12: #VALUE!:blankIndicator: | C12: #VALUE!:blankIndicator: | D12: #VALUE!:blankIndicator:
A13: #VALUE!:blankIndicator: | B13: #VALUE!:blankIndicator: | C13: #VALUE!:blankIndicator: | D13: #VALUE!:blankIndicator:
... A26: #VALUE!:blankIndicator: | B26: #VALUE!:blankIndicator: | C26: #VALUE!:blankIndicator: | D26: #VALUE!:blankIndicator:
A1083: #VALUE!:blankIndicator:

Sheet TopDistributors
B1: Top Twitter Distributors from Google Analytics Data
B2: This sheet is for users who are archiving tweets for a website domain for cross referencing with Google Analytics data to see which tweets generate the most click-through traffic. To use open Tools > Script Editor and Run > authenticateGoogleAnalytics and athenticate against your Google Analytics account, then select TAGS - Advanced > Google Analytics Configuration to select an account profile. More information about this feature is at http://mashe.hawksey.info/2012/03/combine-twitter-and-google-analytics-data-to-find-your-top-content-distributors/
B4: Period | C4: =D4-7 -> 41683 | D4: =TODAY() -> 41690
B5: {=getGATwitterRef(C4,D4)} -> #NAME? | C5: #NAME? | D5: #NAME? | E5: #NAME? | G5: Screen name | H5: Tweet | I5: Date | J5: Status Link | K5: Image Profile URL
B6: #NAME? | C6: #NAME? | D6: #NAME? | E6: #NAME? | G6: #N/A:noData | H6: #N/A:noData | I6: #N/A:noData | J6: #N/A:noData | K6: #N/A:noData
B7: #NAME? | C7: #NAME? | D7: #NAME? | E7: #NAME? | G7: #N/A:noData | H7: #N/A:noData | I7: #N/A:noData | J7: #N/A:noData | K7: #N/A:noData
B8: #NAME? | C8: #NAME? | D8: #NAME? | E8: #NAME? | G8: #N/A:noData | H8: #N/A:noData | I8: #N/A:noData | J8: #N/A:noData | K8: #N/A:noData
B9: #NAME? | C9: #NAME? | D9: #NAME? | E9: #NAME? | G9: #N/A:noData | H9: #N/A:noData | I9: #N/A:noData | J9: #N/A:noData | K9: #N/A:noData
B10: #NAME? | C10: #NAME? | D10: #NAME? | E10: #NAME? | G10: #N/A:noData | H10: #N/A:noData | I10: #N/A:noData | J10: #N/A:noData | K10: #N/A:noData
B11: #NAME? | C11: #NAME? | D11: #NAME? | E11: #NAME? | G11: #N/A:noData | H11: #N/A:noData | I11: #N/A:noData | J11: #N/A:noData | K11: #N/A:noData
B12: #NAME? | C12: #NAME? | D12: #NAME? | E12: #NAME? | G12: #N/A:noData | H12: #N/A:noData | I12: #N/A:noData | J12: #N/A:noData | K12: #N/A:noData
B13: #NAME? | C13: #NAME? | D13: #NAME? | E13: #NAME? | G13: #N/A:noData | H13: #N/A:noData | I13: #N/A:noData | J13: #N/A:noData | K13: #N/A:noData
B14: #NAME? | C14: #NAME? | D14: #NAME? | E14: #NAME? | G14: #N/A:noData | H14: #N/A:noData | I14: #N/A:noData | J14: #N/A:noData | K14: #N/A:noData
B15: #NAME? | C15: #NAME? | D15: #NAME? | E15: #NAME? | G15: #N/A:noData | H15: #N/A:noData | I15: #N/A:noData | J15: #N/A:noData | K15: #N/A:noData
B17: Period | C17: =D17-28 -> 41662 | D17: =TODAY() -> 41690
B18: {=getGATwitterRef(C17,D17)} -> #NAME? | C18: #NAME? | D18: #NAME? | E18: #NAME? | G18: Screen name | H18: Tweet | I18: Date | J18: Status Link | K18: Image Profile URL
B19: #NAME? | C19: #NAME? | D19: #NAME? | E19: #NAME? | G19: #N/A:noData | H19: #N/A:noData | I19: #N/A:noData | J19: #N/A:noData | K19: #N/A:noData
B20: #NAME? | C20: #NAME? | D20: #NAME? | E20: #NAME? | G20: #N/A:noData | H20: #N/A:noData | I20: #N/A:noData | J20: #N/A:noData | K20: #N/A:noData
B21: #NAME? | C21: #NAME? | D21: #NAME? | E21: #NAME? | G21: #N/A:noData | H21: #N/A:noData | I21: #N/A:noData | J21: #N/A:noData | K21: #N/A:noData
B22: #NAME? | C22: #NAME? | D22: #NAME? | E22: #NAME? | G22: #N/A:noData | H22: #N/A:noData | I22: #N/A:noData | J22: #N/A:noData | K22: #N/A:noData
B23: #NAME? | C23: #NAME? | D23: #NAME? | E23: #NAME? | G23: #N/A:noData | H23: #N/A:noData | I23: #N/A:noData | J23: #N/A:noData | K23: #N/A:noData
B24: #NAME? | C24: #NAME? | D24: #NAME? | E24: #NAME? | G24: #N/A:noData | H24: #N/A:noData | I24: #N/A:noData | J24: #N/A:noData | K24: #N/A:noData
B25: #NAME? | C25: #NAME? | D25: #NAME? | E25: #NAME? | G25: #N/A:noData | H25: #N/A:noData | I25: #N/A:noData | J25: #N/A:noData | K25: #N/A:noData
B26: #NAME? | C26: #NAME? | D26: #NAME? | E26: #NAME? | G26: #N/A:noData | H26: #N/A:noData | I26: #N/A:noData | J26: #N/A:noData | K26: #N/A:noData
B27: #NAME? | C27: #NAME? | D27: #NAME? | E27: #NAME? | G27: #N/A:noData | H27: #N/A:noData | I27: #N/A:noData | J27: #N/A:noData | K27: #N/A:noData
B28: #NAME? | C28: #NAME? | D28: #NAME? | E28: #NAME? | G28: #N/A:noData | H28: #N/A:noData | I28: #N/A:noData | J28: #N/A:noData | K28: #N/A:noData

Sheet Edges

Sheet SNA Metrics
A1: SNA Metrics | I1: Degree Bin | J1: Degree Frequency | K1: In-Degree Bin | L1: In-Degree Frequency | M1: Out-Degree Bin | N1: Out-Degree Frequency | O1: Betweenness Centrality Bin | P1: Betweenness Centrality Frequency | Q1: Closeness Centrality Bin | R1: Closeness Centrality Frequency | S1: Eigenvector Centrality Bin | T1: Eigenvector Centrality Frequency | U1: PageRank Bin | V1: PageRank Frequency | W1: Clustering Coefficient Bin | X1: Clustering Coefficient Frequency | Y1: Dynamic Filter Bin | Z1: Dynamic Filter Frequency | AB1: Histogram Property | AC1: Value
A2: This page is generated from statistics calculated in R using igraph. To use read the information at http://mashe.hawksey.info/2012/01/tags-r/ [If not required this sheet can be deleted - Graphs and stats on right-hand-side 'borrowed' from NodeXL] | I2: =MIN(Vertices!C:C) -> 0 | J2: =COUNTIF(Vertices!C:C,(">= "&I2))-COUNTIF(Vertices!C:C,(">="&I3)) -> 0 | K2: =MIN(Vertices!D:D) -> 0 | L2: =COUNTIF(Vertices!D:D,(">= "&K2))-COUNTIF(Vertices!D:D,(">="&K3)) -> 0 | M2: =MIN(Vertices!E:E) -> 0 | N2: =COUNTIF(Vertices!E:E,(">= "&M2))-COUNTIF(Vertices!E:E,(">="&M3)) -> 0 | O2: =MIN(Vertices!F:F) -> 0 | P2: =COUNTIF(Vertices!F:F,(">= "&O2))-COUNTIF(Vertices!F:F,(">="&O3)) -> 0 | Q2: =#REF! -> #REF! | R2: =#REF! -> #REF! | S2: =MIN(Vertices!H:H) -> 0 | T2: =COUNTIF(Vertices!H:H,(">= "&S2))-COUNTIF(Vertices!H:H,(">="&S3)) -> 0 | U2: =MIN(Vertices!G:G) -> 0 | V2: =COUNTIF(Vertices!G:G,(">= "&U2))-COUNTIF(Vertices!G:G,(">="&U3)) -> 0 | W2: =#REF! -> #REF! | X2: =#REF! -> #REF! | Y2: =MIN(INDIRECT(DynamicFilterSourceColumnRange)) -> #REF! | Z2: =COUNTIF(INDIRECT(DynamicFilterSourceColumnRange),(">= "&Y2))-COUNTIF(INDIRECT(DynamicFilterSourceColumnRange),(">="&Y3)) -> #REF! | AB2: Bin Divisor | AC2: =ROWS('SNA Metrics'!$I$2:$I$45)-1 -> 43
A3: Degree - Top 10 | I3: =I2+(($I$45-$I$2)/BinDivisor) -> 0 | J3: =COUNTIF(Vertices!C:C,(">= "&I3))-COUNTIF(Vertices!C:C,(">="&I4)) -> 0 | K3: =K2+(($K$45-$K$2)/BinDivisor) -> 0 | L3: =COUNTIF(Vertices!D:D,(">= "&K3))-COUNTIF(Vertices!D:D,(">="&K4)) -> 0 | M3: =M2+(($M$45-$M$2)/BinDivisor) -> 0 | N3: =COUNTIF(Vertices!E:E,(">= "&M3))-COUNTIF(Vertices!E:E,(">="&M4)) -> 0 | O3: =O2+(($O$45-$O$2)/BinDivisor) -> 0 | P3: =COUNTIF(Vertices!F:F,(">= "&O3))-COUNTIF(Vertices!F:F,(">="&O4)) -> 0 | Q3: =Q2+(($Q$45-$Q$2)/BinDivisor) -> #REF! | R3: =#REF! -> #REF! | S3: =S2+(($S$45-$S$2)/BinDivisor) -> 0 | T3: =COUNTIF(Vertices!H:H,(">= "&S3))-COUNTIF(Vertices!H:H,(">="&S4)) -> 0 | U3: =U2+(($U$45-$U$2)/BinDivisor) -> 0 | V3: =COUNTIF(Vertices!G:G,(">= "&U3))-COUNTIF(Vertices!G:G,(">="&U4)) -> 0 | W3: =W2+(($W$45-$W$2)/BinDivisor) -> #REF! | X3: =#REF! -> #REF! | Y3: =Y2+(($Y$45-$Y$2)/BinDivisor) -> #REF! | Z3: =COUNTIF(INDIRECT(DynamicFilterSourceColumnRange),(">= "&Y3))-COUNTIF(INDIRECT(DynamicFilterSourceColumnRange),(">="&Y4)) -> #REF! | AB3: No Metric Message | AC3: Not Available
C4: 1 | I4: =I3+(($I$45-$I$2)/BinDivisor) -> 0 | J4: =COUNTIF(Vertices!C:C,(">= "&I4))-COUNTIF(Vertices!C:C,(">="&I5)) -> 0 | K4: =K3+(($K$45-$K$2)/BinDivisor) -> 0 | L4: =COUNTIF(Vertices!D:D,(">= "&K4))-COUNTIF(Vertices!D:D,(">="&K5)) -> 0 | M4: =M3+(($M$45-$M$2)/BinDivisor) -> 0 | N4: =COUNTIF(Vertices!E:E,(">= "&M4))-COUNTIF(Vertices!E:E,(">="&M5)) -> 0 | O4: =O3+(($O$45-$O$2)/BinDivisor) -> 0 | P4: =COUNTIF(Vertices!F:F,(">= "&O4))-COUNTIF(Vertices!F:F,(">="&O5)) -> 0 | Q4: =Q3+(($Q$45-$Q$2)/BinDivisor) -> #REF! | R4: =#REF! -> #REF! | S4: =S3+(($S$45-$S$2)/BinDivisor) -> 0 | T4: =COUNTIF(Vertices!H:H,(">= "&S4))-COUNTIF(Vertices!H:H,(">="&S5)) -> 0 | U4: =U3+(($U$45-$U$2)/BinDivisor) -> 0 | V4: =COUNTIF(Vertices!G:G,(">= "&U4))-COUNTIF(Vertices!G:G,(">="&U5)) -> 0 | W4: =W3+(($W$45-$W$2)/BinDivisor) -> #REF! | X4: =#REF! -> #REF! | Y4: =Y3+(($Y$45-$Y$2)/BinDivisor) -> #REF! | Z4: =COUNTIF(INDIRECT(DynamicFilterSourceColumnRange),(">= "&Y4))-COUNTIF(INDIRECT(DynamicFilterSourceColumnRange),(">="&Y5)) -> #REF! | AB4: Dynamic Filter Source Column Range | AC4: TableName[ColumnName]
C5: 1 | I5: =I4+(($I$45-$I$2)/BinDivisor) -> 0 | J5: =COUNTIF(Vertices!C:C,(">= "&I5))-COUNTIF(Vertices!C:C,(">="&I6)) -> 0 | K5: =K4+(($K$45-$K$2)/BinDivisor) -> 0 | L5: =COUNTIF(Vertices!D:D,(">= "&K5))-COUNTIF(Vertices!D:D,(">="&K6)) -> 0 | M5: =M4+(($M$45-$M$2)/BinDivisor) -> 0 | N5: =COUNTIF(Vertices!E:E,(">= "&M5))-COUNTIF(Vertices!E:E,(">="&M6)) -> 0 | O5: =O4+(($O$45-$O$2)/BinDivisor) -> 0 | P5: =COUNTIF(Vertices!F:F,(">= "&O5))-COUNTIF(Vertices!F:F,(">="&O6)) -> 0 | Q5: =Q4+(($Q$45-$Q$2)/BinDivisor) -> #REF! | R5: =#REF! -> #REF! | S5: =S4+(($S$45-$S$2)/BinDivisor) -> 0 | T5: =COUNTIF(Vertices!H:H,(">= "&S5))-COUNTIF(Vertices!H:H,(">="&S6)) -> 0 | U5: =U4+(($U$45-$U$2)/BinDivisor) -> 0 | V5: =COUNTIF(Vertices!G:G,(">= "&U5))-COUNTIF(Vertices!G:G,(">="&U6)) -> 0 | W5: =W4+(($W$45-$W$2)/BinDivisor) -> #REF! | X5: =#REF! -> #REF! | Y5: =Y4+(($Y$45-$Y$2)/BinDivisor) -> #REF! | Z5: =COUNTIF(INDIRECT(DynamicFilterSourceColumnRange),(">= "&Y5))-COUNTIF(INDIRECT(DynamicFilterSourceColumnRange),(">="&Y6)) -> #REF!
C6: 1 | I6: =I5+(($I$45-$I$2)/BinDivisor) -> 0 | J6: =COUNTIF(Vertices!C:C,(">= "&I6))-COUNTIF(Vertices!C:C,(">="&I7)) -> 0 | K6: =K5+(($K$45-$K$2)/BinDivisor) -> 0 | L6: =COUNTIF(Vertices!D:D,(">= "&K6))-COUNTIF(Vertices!D:D,(">="&K7)) -> 0 | M6: =M5+(($M$45-$M$2)/BinDivisor) -> 0 | N6: =COUNTIF(Vertices!E:E,(">= "&M6))-COUNTIF(Vertices!E:E,(">="&M7)) -> 0 | O6: =O5+(($O$45-$O$2)/BinDivisor) -> 0 | P6: =COUNTIF(Vertices!F:F,(">= "&O6))-COUNTIF(Vertices!F:F,(">="&O7)) -> 0 | Q6: =Q5+(($Q$45-$Q$2)/BinDivisor) -> #REF! | R6: =#REF! -> #REF! | S6: =S5+(($S$45-$S$2)/BinDivisor) -> 0 | T6: =COUNTIF(Vertices!H:H,(">= "&S6))-COUNTIF(Vertices!H:H,(">="&S7)) -> 0 | U6: =U5+(($U$45-$U$2)/BinDivisor) -> 0 | V6: =COUNTIF(Vertices!G:G,(">= "&U6))-COUNTIF(Vertices!G:G,(">="&U7)) -> 0 | W6: =W5+(($W$45-$W$2)/BinDivisor) -> #REF! | X6: =#REF! -> #REF! | Y6: =Y5+(($Y$45-$Y$2)/BinDivisor) -> #REF! | Z6: =COUNTIF(INDIRECT(DynamicFilterSourceColumnRange),(">= "&Y6))-COUNTIF(INDIRECT(DynamicFilterSourceColumnRange),(">="&Y7)) -> #REF!
C7: 1 | I7: =I6+(($I$45-$I$2)/BinDivisor) -> 0 | J7: =COUNTIF(Vertices!C:C,(">= "&I7))-COUNTIF(Vertices!C:C,(">="&I8)) -> 0 | K7: =K6+(($K$45-$K$2)/BinDivisor) -> 0 | L7: =COUNTIF(Vertices!D:D,(">= "&K7))-COUNTIF(Vertices!D:D,(">="&K8)) -> 0 | M7: =M6+(($M$45-$M$2)/BinDivisor) -> 0 | N7: =COUNTIF(Vertices!E:E,(">= "&M7))-COUNTIF(Vertices!E:E,(">="&M8)) -> 0 | O7: =O6+(($O$45-$O$2)/BinDivisor) -> 0 | P7: =COUNTIF(Vertices!F:F,(">= "&O7))-COUNTIF(Vertices!F:F,(">="&O8)) -> 0 | Q7: =Q6+(($Q$45-$Q$2)/BinDivisor) -> #REF! | R7: =#REF! -> #REF! | S7: =S6+(($S$45-$S$2)/BinDivisor) -> 0 | T7: =COUNTIF(Vertices!H:H,(">= "&S7))-COUNTIF(Vertices!H:H,(">="&S8)) -> 0 | U7: =U6+(($U$45-$U$2)/BinDivisor) -> 0 | V7: =COUNTIF(Vertices!G:G,(">= "&U7))-COUNTIF(Vertices!G:G,(">="&U8)) -> 0 | W7: =W6+(($W$45-$W$2)/BinDivisor) -> #REF! | X7: =#REF! -> #REF! | Y7: =Y6+(($Y$45-$Y$2)/BinDivisor) -> #REF! | Z7: =COUNTIF(INDIRECT(DynamicFilterSourceColumnRange),(">= "&Y7))-COUNTIF(INDIRECT(DynamicFilterSourceColumnRange),(">="&Y8)) -> #REF!
C8: 1 | I8: =I7+(($I$45-$I$2)/BinDivisor) -> 0 | J8: =COUNTIF(Vertices!C:C,(">= "&I8))-COUNTIF(Vertices!C:C,(">="&I9)) -> 0 | K8: =K7+(($K$45-$K$2)/BinDivisor) -> 0 | L8: =COUNTIF(Vertices!D:D,(">= "&K8))-COUNTIF(Vertices!D:D,(">="&K9)) -> 0 | M8: =M7+(($M$45-$M$2)/BinDivisor) -> 0 | N8: =COUNTIF(Vertices!E:E,(">= "&M8))-COUNTIF(Vertices!E:E,(">="&M9)) -> 0 | O8: =O7+(($O$45-$O$2)/BinDivisor) -> 0 | P8: =COUNTIF(Vertices!F:F,(">= "&O8))-COUNTIF(Vertices!F:F,(">="&O9)) -> 0 | Q8: =Q7+(($Q$45-$Q$2)/BinDivisor) -> #REF! | R8: =#REF! -> #REF! | S8: =S7+(($S$45-$S$2)/BinDivisor) -> 0 | T8: =COUNTIF(Vertices!H:H,(">= "&S8))-COUNTIF(Vertices!H:H,(">="&S9)) -> 0 | U8: =U7+(($U$45-$U$2)/BinDivisor) -> 0 | V8: =COUNTIF(Vertices!G:G,(">= "&U8))-COUNTIF(Vertices!G:G,(">="&U9)) -> 0 | W8: =W7+(($W$45-$W$2)/BinDivisor) -> #REF! | X8: =#REF! -> #REF! | Y8: =Y7+(($Y$45-$Y$2)/BinDivisor) -> #REF! | Z8: =COUNTIF(INDIRECT(DynamicFilterSourceColumnRange),(">= "&Y8))-COUNTIF(INDIRECT(DynamicFilterSourceColumnRange),(">="&Y9)) -> #REF!
C9: 1 | I9: =I8+(($I$45-$I$2)/BinDivisor) -> 0 | J9: =COUNTIF(Vertices!C:C,(">= "&I9))-COUNTIF(Vertices!C:C,(">="&I10)) -> 0 | K9: =K8+(($K$45-$K$2)/BinDivisor) -> 0 | L9: =COUNTIF(Vertices!D:D,(">= "&K9))-COUNTIF(Vertices!D:D,(">="&K10)) -> 0 | M9: =M8+(($M$45-$M$2)/BinDivisor) -> 0 | N9: =COUNTIF(Vertices!E:E,(">= "&M9))-COUNTIF(Vertices!E:E,(">="&M10)) -> 0 | O9: =O8+(($O$45-$O$2)/BinDivisor) -> 0 | P9: =COUNTIF(Vertices!F:F,(">= "&O9))-COUNTIF(Vertices!F:F,(">="&O10)) -> 0 | Q9: =Q8+(($Q$45-$Q$2)/BinDivisor) -> #REF! | R9: =#REF! -> #REF! | S9: =S8+(($S$45-$S$2)/BinDivisor) -> 0 | T9: =COUNTIF(Vertices!H:H,(">= "&S9))-COUNTIF(Vertices!H:H,(">="&S10)) -> 0 | U9: =U8+(($U$45-$U$2)/BinDivisor) -> 0 | V9: =COUNTIF(Vertices!G:G,(">= "&U9))-COUNTIF(Vertices!G:G,(">="&U10)) -> 0 | W9: =W8+(($W$45-$W$2)/BinDivisor) -> #REF! | X9: =#REF! -> #REF! | Y9: =Y8+(($Y$45-$Y$2)/BinDivisor) -> #REF! | Z9: =COUNTIF(INDIRECT(DynamicFilterSourceColumnRange),(">= "&Y9))-COUNTIF(INDIRECT(DynamicFilterSourceColumnRange),(">="&Y10)) -> #REF!
C10: 1 | I10: =I9+(($I$45-$I$2)/BinDivisor) -> 0 | J10: =COUNTIF(Vertices!C:C,(">= "&I10))-COUNTIF(Vertices!C:C,(">="&I11)) -> 0 | K10: =K9+(($K$45-$K$2)/BinDivisor) -> 0 | L10: =COUNTIF(Vertices!D:D,(">= "&K10))-COUNTIF(Vertices!D:D,(">="&K11)) -> 0 | M10: =M9+(($M$45-$M$2)/BinDivisor) -> 0 | N10: =COUNTIF(Vertices!E:E,(">= "&M10))-COUNTIF(Vertices!E:E,(">="&M11)) -> 0 | O10: =O9+(($O$45-$O$2)/BinDivisor) -> 0 | P10: =COUNTIF(Vertices!F:F,(">= "&O10))-COUNTIF(Vertices!F:F,(">="&O11)) -> 0 | Q10: =Q9+(($Q$45-$Q$2)/BinDivisor) -> #REF! | R10: =#REF! -> #REF! | S10: =S9+(($S$45-$S$2)/BinDivisor) -> 0 | T10: =COUNTIF(Vertices!H:H,(">= "&S10))-COUNTIF(Vertices!H:H,(">="&S11)) -> 0 | U10: =U9+(($U$45-$U$2)/BinDivisor) -> 0 | V10: =COUNTIF(Vertices!G:G,(">= "&U10))-COUNTIF(Vertices!G:G,(">="&U11)) -> 0 | W10: =W9+(($W$45-$W$2)/BinDivisor) -> #REF! | X10: =#REF! -> #REF! | Y10: =Y9+(($Y$45-$Y$2)/BinDivisor) -> #REF! | Z10: =COUNTIF(INDIRECT(DynamicFilterSourceColumnRange),(">= "&Y10))-COUNTIF(INDIRECT(DynamicFilterSourceColumnRange),(">="&Y11)) -> #REF!
C11: 1 | I11: =I10+(($I$45-$I$2)/BinDivisor) -> 0 | J11: =COUNTIF(Vertices!C:C,(">= "&I11))-COUNTIF(Vertices!C:C,(">="&I12)) -> 0 | K11: =K10+(($K$45-$K$2)/BinDivisor) -> 0 | L11: =COUNTIF(Vertices!D:D,(">= "&K11))-COUNTIF(Vertices!D:D,(">="&K12)) -> 0 | M11: =M10+(($M$45-$M$2)/BinDivisor) -> 0 | N11: =COUNTIF(Vertices!E:E,(">= "&M11))-COUNTIF(Vertices!E:E,(">="&M12)) -> 0 | O11: =O10+(($O$45-$O$2)/BinDivisor) -> 0 | P11: =COUNTIF(Vertices!F:F,(">= "&O11))-COUNTIF(Vertices!F:F,(">="&O12)) -> 0 | Q11: =Q10+(($Q$45-$Q$2)/BinDivisor) -> #REF! | R11: =#REF! -> #REF! | S11: =S10+(($S$45-$S$2)/BinDivisor) -> 0 | T11: =COUNTIF(Vertices!H:H,(">= "&S11))-COUNTIF(Vertices!H:H,(">="&S12)) -> 0 | U11: =U10+(($U$45-$U$2)/BinDivisor) -> 0 | V11: =COUNTIF(Vertices!G:G,(">= "&U11))-COUNTIF(Vertices!G:G,(">="&U12)) -> 0 | W11: =W10+(($W$45-$W$2)/BinDivisor) -> #REF! | X11: =#REF! -> #REF! | Y11: =Y10+(($Y$45-$Y$2)/BinDivisor) -> #REF! | Z11: =COUNTIF(INDIRECT(DynamicFilterSourceColumnRange),(">= "&Y11))-COUNTIF(INDIRECT(DynamicFilterSourceColumnRange),(">="&Y12)) -> #REF!
C12: 1 | E12: Minimum Degree | F12: =IF((COUNT(Vertices!C:C)>0),I2,NoMetricMessage) -> Not Available | I12: =I11+(($I$45-$I$2)/BinDivisor) -> 0 | J12: =COUNTIF(Vertices!C:C,(">= "&I12))-COUNTIF(Vertices!C:C,(">="&I13)) -> 0 | K12: =K11+(($K$45-$K$2)/BinDivisor) -> 0 | L12: =COUNTIF(Vertices!D:D,(">= "&K12))-COUNTIF(Vertices!D:D,(">="&K13)) -> 0 | M12: =M11+(($M$45-$M$2)/BinDivisor) -> 0 | N12: =COUNTIF(Vertices!E:E,(">= "&M12))-COUNTIF(Vertices!E:E,(">="&M13)) -> 0 | O12: =O11+(($O$45-$O$2)/BinDivisor) -> 0 | P12: =COUNTIF(Vertices!F:F,(">= "&O12))-COUNTIF(Vertices!F:F,(">="&O13)) -> 0 | Q12: =Q11+(($Q$45-$Q$2)/BinDivisor) -> #REF! | R12: =#REF! -> #REF! | S12: =S11+(($S$45-$S$2)/BinDivisor) -> 0 | T12: =COUNTIF(Vertices!H:H,(">= "&S12))-COUNTIF(Vertices!H:H,(">="&S13)) -> 0 | U12: =U11+(($U$45-$U$2)/BinDivisor) -> 0 | V12: =COUNTIF(Vertices!G:G,(">= "&U12))-COUNTIF(Vertices!G:G,(">="&U13)) -> 0 | W12: =W11+(($W$45-$W$2)/BinDivisor) -> #REF! | X12: =#REF! -> #REF! | Y12: =Y11+(($Y$45-$Y$2)/BinDivisor) -> #REF! | Z12: =COUNTIF(INDIRECT(DynamicFilterSourceColumnRange),(">= "&Y12))-COUNTIF(INDIRECT(DynamicFilterSourceColumnRange),(">="&Y13)) -> #REF!
C13: 1 | E13: Maximum Degree | F13: =IF((COUNT(Vertices!$C:C)>0),I45,NoMetricMessage) -> Not Available | I13: =I12+(($I$45-$I$2)/BinDivisor) -> 0 | J13: =COUNTIF(Vertices!C:C,(">= "&I13))-COUNTIF(Vertices!C:C,(">="&I14)) -> 0 | K13: =K12+(($K$45-$K$2)/BinDivisor) -> 0 | L13: =COUNTIF(Vertices!D:D,(">= "&K13))-COUNTIF(Vertices!D:D,(">="&K14)) -> 0 | M13: =M12+(($M$45-$M$2)/BinDivisor) -> 0 | N13: =COUNTIF(Vertices!E:E,(">= "&M13))-COUNTIF(Vertices!E:E,(">="&M14)) -> 0 | O13: =O12+(($O$45-$O$2)/BinDivisor) -> 0 | P13: =COUNTIF(Vertices!F:F,(">= "&O13))-COUNTIF(Vertices!F:F,(">="&O14)) -> 0 | Q13: =Q12+(($Q$45-$Q$2)/BinDivisor) -> #REF! | R13: =#REF! -> #REF! | S13: =S12+(($S$45-$S$2)/BinDivisor) -> 0 | T13: =COUNTIF(Vertices!H:H,(">= "&S13))-COUNTIF(Vertices!H:H,(">="&S14)) -> 0 | U13: =U12+(($U$45-$U$2)/BinDivisor) -> 0 | V13: =COUNTIF(Vertices!G:G,(">= "&U13))-COUNTIF(Vertices!G:G,(">="&U14)) -> 0 | W13: =W12+(($W$45-$W$2)/BinDivisor) -> #REF! | X13: =#REF! -> #REF! | Y13: =Y12+(($Y$45-$Y$2)/BinDivisor) -> #REF! | Z13: =COUNTIF(INDIRECT(DynamicFilterSourceColumnRange),(">= "&Y13))-COUNTIF(INDIRECT(DynamicFilterSourceColumnRange),(">="&Y14)) -> #REF!
E14: Average Degree | F14: =IFERROR(AVERAGE(Vertices!C:C),NoMetricMessage) -> Not Available | I14: =I13+(($I$45-$I$2)/BinDivisor) -> 0 | J14: =COUNTIF(Vertices!C:C,(">= "&I14))-COUNTIF(Vertices!C:C,(">="&I15)) -> 0 | K14: =K13+(($K$45-$K$2)/BinDivisor) -> 0 | L14: =COUNTIF(Vertices!D:D,(">= "&K14))-COUNTIF(Vertices!D:D,(">="&K15)) -> 0 | M14: =M13+(($M$45-$M$2)/BinDivisor) -> 0 | N14: =COUNTIF(Vertices!E:E,(">= "&M14))-COUNTIF(Vertices!E:E,(">="&M15)) -> 0 | O14: =O13+(($O$45-$O$2)/BinDivisor) -> 0 | P14: =COUNTIF(Vertices!F:F,(">= "&O14))-COUNTIF(Vertices!F:F,(">="&O15)) -> 0 | Q14: =Q13+(($Q$45-$Q$2)/BinDivisor) -> #REF! | R14: =#REF! -> #REF! | S14: =S13+(($S$45-$S$2)/BinDivisor) -> 0 | T14: =COUNTIF(Vertices!H:H,(">= "&S14))-COUNTIF(Vertices!H:H,(">="&S15)) -> 0 | U14: =U13+(($U$45-$U$2)/BinDivisor) -> 0 | V14: =COUNTIF(Vertices!G:G,(">= "&U14))-COUNTIF(Vertices!G:G,(">="&U15)) -> 0 | W14: =W13+(($W$45-$W$2)/BinDivisor) -> #REF! | X14: =#REF! -> #REF! | Y14: =Y13+(($Y$45-$Y$2)/BinDivisor) -> #REF! | Z14: =COUNTIF(INDIRECT(DynamicFilterSourceColumnRange),(">= "&Y14))-COUNTIF(INDIRECT(DynamicFilterSourceColumnRange),(">="&Y15)) -> #REF!
E15: Median Degree | F15: =IFERROR(MEDIAN(Vertices!C:C),NoMetricMessage) -> Not Available | I15: =I14+(($I$45-$I$2)/BinDivisor) -> 0 | J15: =COUNTIF(Vertices!C:C,(">= "&I15))-COUNTIF(Vertices!C:C,(">="&I16)) -> 0 | K15: =K14+(($K$45-$K$2)/BinDivisor) -> 0 | L15: =COUNTIF(Vertices!D:D,(">= "&K15))-COUNTIF(Vertices!D:D,(">="&K16)) -> 0 | M15: =M14+(($M$45-$M$2)/BinDivisor) -> 0 | N15: =COUNTIF(Vertices!E:E,(">= "&M15))-COUNTIF(Vertices!E:E,(">="&M16)) -> 0 | O15: =O14+(($O$45-$O$2)/BinDivisor) -> 0 | P15: =COUNTIF(Vertices!F:F,(">= "&O15))-COUNTIF(Vertices!F:F,(">="&O16)) -> 0 | Q15: =Q14+(($Q$45-$Q$2)/BinDivisor) -> #REF! | R15: =#REF! -> #REF! | S15: =S14+(($S$45-$S$2)/BinDivisor) -> 0 | T15: =COUNTIF(Vertices!H:H,(">= "&S15))-COUNTIF(Vertices!H:H,(">="&S16)) -> 0 | U15: =U14+(($U$45-$U$2)/BinDivisor) -> 0 | V15: =COUNTIF(Vertices!G:G,(">= "&U15))-COUNTIF(Vertices!G:G,(">="&U16)) -> 0 | W15: =W14+(($W$45-$W$2)/BinDivisor) -> #REF! | X15: =#REF! -> #REF! | Y15: =Y14+(($Y$45-$Y$2)/BinDivisor) -> #REF! | Z15: =COUNTIF(INDIRECT(DynamicFilterSourceColumnRange),(">= "&Y15))-COUNTIF(INDIRECT(DynamicFilterSourceColumnRange),(">="&Y16)) -> #REF!
A16: Degree In - Top 10 | I16: =I15+(($I$45-$I$2)/BinDivisor) -> 0 | J16: =COUNTIF(Vertices!C:C,(">= "&I16))-COUNTIF(Vertices!C:C,(">="&I17)) -> 0 | K16: =K15+(($K$45-$K$2)/BinDivisor) -> 0 | L16: =COUNTIF(Vertices!D:D,(">= "&K16))-COUNTIF(Vertices!D:D,(">="&K17)) -> 0 | M16: =M15+(($M$45-$M$2)/BinDivisor) -> 0 | N16: =COUNTIF(Vertices!E:E,(">= "&M16))-COUNTIF(Vertices!E:E,(">="&M17)) -> 0 | O16: =O15+(($O$45-$O$2)/BinDivisor) -> 0 | P16: =COUNTIF(Vertices!F:F,(">= "&O16))-COUNTIF(Vertices!F:F,(">="&O17)) -> 0 | Q16: =Q15+(($Q$45-$Q$2)/BinDivisor) -> #REF! | R16: =#REF! -> #REF! | S16: =S15+(($S$45-$S$2)/BinDivisor) -> 0 | T16: =COUNTIF(Vertices!H:H,(">= "&S16))-COUNTIF(Vertices!H:H,(">="&S17)) -> 0 | U16: =U15+(($U$45-$U$2)/BinDivisor) -> 0 | V16: =COUNTIF(Vertices!G:G,(">= "&U16))-COUNTIF(Vertices!G:G,(">="&U17)) -> 0 | W16: =W15+(($W$45-$W$2)/BinDivisor) -> #REF! | X16: =#REF! -> #REF! | Y16: =Y15+(($Y$45-$Y$2)/BinDivisor) -> #REF! | Z16: =COUNTIF(INDIRECT(DynamicFilterSourceColumnRange),(">= "&Y16))-COUNTIF(INDIRECT(DynamicFilterSourceColumnRange),(">="&Y17)) -> #REF!
C17: 2 | I17: =I16+(($I$45-$I$2)/BinDivisor) -> 0 | J17: =COUNTIF(Vertices!C:C,(">= "&I17))-COUNTIF(Vertices!C:C,(">="&I18)) -> 0 | K17: =K16+(($K$45-$K$2)/BinDivisor) -> 0 | L17: =COUNTIF(Vertices!D:D,(">= "&K17))-COUNTIF(Vertices!D:D,(">="&K18)) -> 0 | M17: =M16+(($M$45-$M$2)/BinDivisor) -> 0 | N17: =COUNTIF(Vertices!E:E,(">= "&M17))-COUNTIF(Vertices!E:E,(">="&M18)) -> 0 | O17: =O16+(($O$45-$O$2)/BinDivisor) -> 0 | P17: =COUNTIF(Vertices!F:F,(">= "&O17))-COUNTIF(Vertices!F:F,(">="&O18)) -> 0 | Q17: =Q16+(($Q$45-$Q$2)/BinDivisor) -> #REF! | R17: =#REF! -> #REF! | S17: =S16+(($S$45-$S$2)/BinDivisor) -> 0 | T17: =COUNTIF(Vertices!H:H,(">= "&S17))-COUNTIF(Vertices!H:H,(">="&S18)) -> 0 | U17: =U16+(($U$45-$U$2)/BinDivisor) -> 0 | V17: =COUNTIF(Vertices!G:G,(">= "&U17))-COUNTIF(Vertices!G:G,(">="&U18)) -> 0 | W17: =W16+(($W$45-$W$2)/BinDivisor) -> #REF! | X17: =#REF! -> #REF! | Y17: =Y16+(($Y$45-$Y$2)/BinDivisor) -> #REF! | Z17: =COUNTIF(INDIRECT(DynamicFilterSourceColumnRange),(">= "&Y17))-COUNTIF(INDIRECT(DynamicFilterSourceColumnRange),(">="&Y18)) -> #REF!
C18: 2 | I18: =I17+(($I$45-$I$2)/BinDivisor) -> 0 | J18: =COUNTIF(Vertices!C:C,(">= "&I18))-COUNTIF(Vertices!C:C,(">="&I19)) -> 0 | K18: =K17+(($K$45-$K$2)/BinDivisor) -> 0 | L18: =COUNTIF(Vertices!D:D,(">= "&K18))-COUNTIF(Vertices!D:D,(">="&K19)) -> 0 | M18: =M17+(($M$45-$M$2)/BinDivisor) -> 0 | N18: =COUNTIF(Vertices!E:E,(">= "&M18))-COUNTIF(Vertices!E:E,(">="&M19)) -> 0 | O18: =O17+(($O$45-$O$2)/BinDivisor) -> 0 | P18: =COUNTIF(Vertices!F:F,(">= "&O18))-COUNTIF(Vertices!F:F,(">="&O19)) -> 0 | Q18: =Q17+(($Q$45-$Q$2)/BinDivisor) -> #REF! | R18: =#REF! -> #REF! | S18: =S17+(($S$45-$S$2)/BinDivisor) -> 0 | T18: =COUNTIF(Vertices!H:H,(">= "&S18))-COUNTIF(Vertices!H:H,(">="&S19)) -> 0 | U18: =U17+(($U$45-$U$2)/BinDivisor) -> 0 | V18: =COUNTIF(Vertices!G:G,(">= "&U18))-COUNTIF(Vertices!G:G,(">="&U19)) -> 0 | W18: =W17+(($W$45-$W$2)/BinDivisor) -> #REF! | X18: =#REF! -> #REF! | Y18: =Y17+(($Y$45-$Y$2)/BinDivisor) -> #REF! | Z18: =COUNTIF(INDIRECT(DynamicFilterSourceColumnRange),(">= "&Y18))-COUNTIF(INDIRECT(DynamicFilterSourceColumnRange),(">="&Y19)) -> #REF!
C19: 2 | I19: =I18+(($I$45-$I$2)/BinDivisor) -> 0 | J19: =COUNTIF(Vertices!C:C,(">= "&I19))-COUNTIF(Vertices!C:C,(">="&I20)) -> 0 | K19: =K18+(($K$45-$K$2)/BinDivisor) -> 0 | L19: =COUNTIF(Vertices!D:D,(">= "&K19))-COUNTIF(Vertices!D:D,(">="&K20)) -> 0 | M19: =M18+(($M$45-$M$2)/BinDivisor) -> 0 | N19: =COUNTIF(Vertices!E:E,(">= "&M19))-COUNTIF(Vertices!E:E,(">="&M20)) -> 0 | O19: =O18+(($O$45-$O$2)/BinDivisor) -> 0 | P19: =COUNTIF(Vertices!F:F,(">= "&O19))-COUNTIF(Vertices!F:F,(">="&O20)) -> 0 | Q19: =Q18+(($Q$45-$Q$2)/BinDivisor) -> #REF! | R19: =#REF! -> #REF! | S19: =S18+(($S$45-$S$2)/BinDivisor) -> 0 | T19: =COUNTIF(Vertices!H:H,(">= "&S19))-COUNTIF(Vertices!H:H,(">="&S20)) -> 0 | U19: =U18+(($U$45-$U$2)/BinDivisor) -> 0 | V19: =COUNTIF(Vertices!G:G,(">= "&U19))-COUNTIF(Vertices!G:G,(">="&U20)) -> 0 | W19: =W18+(($W$45-$W$2)/BinDivisor) -> #REF! | X19: =#REF! -> #REF! | Y19: =Y18+(($Y$45-$Y$2)/BinDivisor) -> #REF! | Z19: =COUNTIF(INDIRECT(DynamicFilterSourceColumnRange),(">= "&Y19))-COUNTIF(INDIRECT(DynamicFilterSourceColumnRange),(">="&Y20)) -> #REF!
C20: 2 | I20: =I19+(($I$45-$I$2)/BinDivisor) -> 0 | J20: =COUNTIF(Vertices!C:C,(">= "&I20))-COUNTIF(Vertices!C:C,(">="&I21)) -> 0 | K20: =K19+(($K$45-$K$2)/BinDivisor) -> 0 | L20: =COUNTIF(Vertices!D:D,(">= "&K20))-COUNTIF(Vertices!D:D,(">="&K21)) -> 0 | M20: =M19+(($M$45-$M$2)/BinDivisor) -> 0 | N20: =COUNTIF(Vertices!E:E,(">= "&M20))-COUNTIF(Vertices!E:E,(">="&M21)) -> 0 | O20: =O19+(($O$45-$O$2)/BinDivisor) -> 0 | P20: =COUNTIF(Vertices!F:F,(">= "&O20))-COUNTIF(Vertices!F:F,(">="&O21)) -> 0 | Q20: =Q19+(($Q$45-$Q$2)/BinDivisor) -> #REF! | R20: =#REF! -> #REF! | S20: =S19+(($S$45-$S$2)/BinDivisor) -> 0 | T20: =COUNTIF(Vertices!H:H,(">= "&S20))-COUNTIF(Vertices!H:H,(">="&S21)) -> 0 | U20: =U19+(($U$45-$U$2)/BinDivisor) -> 0 | V20: =COUNTIF(Vertices!G:G,(">= "&U20))-COUNTIF(Vertices!G:G,(">="&U21)) -> 0 | W20: =W19+(($W$45-$W$2)/BinDivisor) -> #REF! | X20: =#REF! -> #REF! | Y20: =Y19+(($Y$45-$Y$2)/BinDivisor) -> #REF! | Z20: =COUNTIF(INDIRECT(DynamicFilterSourceColumnRange),(">= "&Y20))-COUNTIF(INDIRECT(DynamicFilterSourceColumnRange),(">="&Y21)) -> #REF!
C21: 2 | I21: =I20+(($I$45-$I$2)/BinDivisor) -> 0 | J21: =COUNTIF(Vertices!C:C,(">= "&I21))-COUNTIF(Vertices!C:C,(">="&I22)) -> 0 | K21: =K20+(($K$45-$K$2)/BinDivisor) -> 0 | L21: =COUNTIF(Vertices!D:D,(">= "&K21))-COUNTIF(Vertices!D:D,(">="&K22)) -> 0 | M21: =M20+(($M$45-$M$2)/BinDivisor) -> 0 | N21: =COUNTIF(Vertices!E:E,(">= "&M21))-COUNTIF(Vertices!E:E,(">="&M22)) -> 0 | O21: =O20+(($O$45-$O$2)/BinDivisor) -> 0 | P21: =COUNTIF(Vertices!F:F,(">= "&O21))-COUNTIF(Vertices!F:F,(">="&O22)) -> 0 | Q21: =Q20+(($Q$45-$Q$2)/BinDivisor) -> #REF! | R21: =#REF! -> #REF! | S21: =S20+(($S$45-$S$2)/BinDivisor) -> 0 | T21: =COUNTIF(Vertices!H:H,(">= "&S21))-COUNTIF(Vertices!H:H,(">="&S22)) -> 0 | U21: =U20+(($U$45-$U$2)/BinDivisor) -> 0 | V21: =COUNTIF(Vertices!G:G,(">= "&U21))-COUNTIF(Vertices!G:G,(">="&U22)) -> 0 | W21: =W20+(($W$45-$W$2)/BinDivisor) -> #REF! | X21: =#REF! -> #REF! | Y21: =Y20+(($Y$45-$Y$2)/BinDivisor) -> #REF! | Z21: =COUNTIF(INDIRECT(DynamicFilterSourceColumnRange),(">= "&Y21))-COUNTIF(INDIRECT(DynamicFilterSourceColumnRange),(">="&Y22)) -> #REF!
C22: 2 | I22: =I21+(($I$45-$I$2)/BinDivisor) -> 0 | J22: =COUNTIF(Vertices!C:C,(">= "&I22))-COUNTIF(Vertices!C:C,(">="&I23)) -> 0 | K22: =K21+(($K$45-$K$2)/BinDivisor) -> 0 | L22: =COUNTIF(Vertices!D:D,(">= "&K22))-COUNTIF(Vertices!D:D,(">="&K23)) -> 0 | M22: =M21+(($M$45-$M$2)/BinDivisor) -> 0 | N22: =COUNTIF(Vertices!E:E,(">= "&M22))-COUNTIF(Vertices!E:E,(">="&M23)) -> 0 | O22: =O21+(($O$45-$O$2)/BinDivisor) -> 0 | P22: =COUNTIF(Vertices!F:F,(">= "&O22))-COUNTIF(Vertices!F:F,(">="&O23)) -> 0 | Q22: =Q21+(($Q$45-$Q$2)/BinDivisor) -> #REF! | R22: =#REF! -> #REF! | S22: =S21+(($S$45-$S$2)/BinDivisor) -> 0 | T22: =COUNTIF(Vertices!H:H,(">= "&S22))-COUNTIF(Vertices!H:H,(">="&S23)) -> 0 | U22: =U21+(($U$45-$U$2)/BinDivisor) -> 0 | V22: =COUNTIF(Vertices!G:G,(">= "&U22))-COUNTIF(Vertices!G:G,(">="&U23)) -> 0 | W22: =W21+(($W$45-$W$2)/BinDivisor) -> #REF! | X22: =#REF! -> #REF! | Y22: =Y21+(($Y$45-$Y$2)/BinDivisor) -> #REF! | Z22: =COUNTIF(INDIRECT(DynamicFilterSourceColumnRange),(">= "&Y22))-COUNTIF(INDIRECT(DynamicFilterSourceColumnRange),(">="&Y23)) -> #REF!
C23: 2 | I23: =I22+(($I$45-$I$2)/BinDivisor) -> 0 | J23: =COUNTIF(Vertices!C:C,(">= "&I23))-COUNTIF(Vertices!C:C,(">="&I24)) -> 0 | K23: =K22+(($K$45-$K$2)/BinDivisor) -> 0 | L23: =COUNTIF(Vertices!D:D,(">= "&K23))-COUNTIF(Vertices!D:D,(">="&K24)) -> 0 | M23: =M22+(($M$45-$M$2)/BinDivisor) -> 0 | N23: =COUNTIF(Vertices!E:E,(">= "&M23))-COUNTIF(Vertices!E:E,(">="&M24)) -> 0 | O23: =O22+(($O$45-$O$2)/BinDivisor) -> 0 | P23: =COUNTIF(Vertices!F:F,(">= "&O23))-COUNTIF(Vertices!F:F,(">="&O24)) -> 0 | Q23: =Q22+(($Q$45-$Q$2)/BinDivisor) -> #REF! | R23: =#REF! -> #REF! | S23: =S22+(($S$45-$S$2)/BinDivisor) -> 0 | T23: =COUNTIF(Vertices!H:H,(">= "&S23))-COUNTIF(Vertices!H:H,(">="&S24)) -> 0 | U23: =U22+(($U$45-$U$2)/BinDivisor) -> 0 | V23: =COUNTIF(Vertices!G:G,(">= "&U23))-COUNTIF(Vertices!G:G,(">="&U24)) -> 0 | W23: =W22+(($W$45-$W$2)/BinDivisor) -> #REF! | X23: =#REF! -> #REF! | Y23: =Y22+(($Y$45-$Y$2)/BinDivisor) -> #REF! | Z23: =COUNTIF(INDIRECT(DynamicFilterSourceColumnRange),(">= "&Y23))-COUNTIF(INDIRECT(DynamicFilterSourceColumnRange),(">="&Y24)) -> #REF!
C24: 2 | I24: =I23+(($I$45-$I$2)/BinDivisor) -> 0 | J24: =COUNTIF(Vertices!C:C,(">= "&I24))-COUNTIF(Vertices!C:C,(">="&I25)) -> 0 | K24: =K23+(($K$45-$K$2)/BinDivisor) -> 0 | L24: =COUNTIF(Vertices!D:D,(">= "&K24))-COUNTIF(Vertices!D:D,(">="&K25)) -> 0 | M24: =M23+(($M$45-$M$2)/BinDivisor) -> 0 | N24: =COUNTIF(Vertices!E:E,(">= "&M24))-COUNTIF(Vertices!E:E,(">="&M25)) -> 0 | O24: =O23+(($O$45-$O$2)/BinDivisor) -> 0 | P24: =COUNTIF(Vertices!F:F,(">= "&O24))-COUNTIF(Vertices!F:F,(">="&O25)) -> 0 | Q24: =Q23+(($Q$45-$Q$2)/BinDivisor) -> #REF! | R24: =#REF! -> #REF! | S24: =S23+(($S$45-$S$2)/BinDivisor) -> 0 | T24: =COUNTIF(Vertices!H:H,(">= "&S24))-COUNTIF(Vertices!H:H,(">="&S25)) -> 0 | U24: =U23+(($U$45-$U$2)/BinDivisor) -> 0 | V24: =COUNTIF(Vertices!G:G,(">= "&U24))-COUNTIF(Vertices!G:G,(">="&U25)) -> 0 | W24: =W23+(($W$45-$W$2)/BinDivisor) -> #REF! | X24: =#REF! -> #REF! | Y24: =Y23+(($Y$45-$Y$2)/BinDivisor) -> #REF! | Z24: =COUNTIF(INDIRECT(DynamicFilterSourceColumnRange),(">= "&Y24))-COUNTIF(INDIRECT(DynamicFilterSourceColumnRange),(">="&Y25)) -> #REF!
C25: 2 | E25: Minimum In-Degree | F25: =IF((COUNT(Vertices!D:D)>0),K2,NoMetricMessage) -> Not Available | I25: =I24+(($I$45-$I$2)/BinDivisor) -> 0 | J25: =COUNTIF(Vertices!C:C,(">= "&I25))-COUNTIF(Vertices!C:C,(">="&I26)) -> 0 | K25: =K24+(($K$45-$K$2)/BinDivisor) -> 0 | L25: =COUNTIF(Vertices!D:D,(">= "&K25))-COUNTIF(Vertices!D:D,(">="&K26)) -> 0 | M25: =M24+(($M$45-$M$2)/BinDivisor) -> 0 | N25: =COUNTIF(Vertices!E:E,(">= "&M25))-COUNTIF(Vertices!E:E,(">="&M26)) -> 0 | O25: =O24+(($O$45-$O$2)/BinDivisor) -> 0 | P25: =COUNTIF(Vertices!F:F,(">= "&O25))-COUNTIF(Vertices!F:F,(">="&O26)) -> 0 | Q25: =Q24+(($Q$45-$Q$2)/BinDivisor) -> #REF! | R25: =#REF! -> #REF! | S25: =S24+(($S$45-$S$2)/BinDivisor) -> 0 | T25: =COUNTIF(Vertices!H:H,(">= "&S25))-COUNTIF(Vertices!H:H,(">="&S26)) -> 0 | U25: =U24+(($U$45-$U$2)/BinDivisor) -> 0 | V25: =COUNTIF(Vertices!G:G,(">= "&U25))-COUNTIF(Vertices!G:G,(">="&U26)) -> 0 | W25: =W24+(($W$45-$W$2)/BinDivisor) -> #REF! | X25: =#REF! -> #REF! | Y25: =Y24+(($Y$45-$Y$2)/BinDivisor) -> #REF! | Z25: =COUNTIF(INDIRECT(DynamicFilterSourceColumnRange),(">= "&Y25))-COUNTIF(INDIRECT(DynamicFilterSourceColumnRange),(">="&Y26)) -> #REF!
C26: 2 | E26: Maximum In-Degree | F26: =IF((COUNT(Vertices!D:D)>0),K45,NoMetricMessage) -> Not Available | I26: =I25+(($I$45-$I$2)/BinDivisor) -> 0 | J26: =COUNTIF(Vertices!C:C,(">= "&I26))-COUNTIF(Vertices!C:C,(">="&I27)) -> 0 | K26: =K25+(($K$45-$K$2)/BinDivisor) -> 0 | L26: =COUNTIF(Vertices!D:D,(">= "&K26))-COUNTIF(Vertices!D:D,(">="&K27)) -> 0 | M26: =M25+(($M$45-$M$2)/BinDivisor) -> 0 | N26: =COUNTIF(Vertices!E:E,(">= "&M26))-COUNTIF(Vertices!E:E,(">="&M27)) -> 0 | O26: =O25+(($O$45-$O$2)/BinDivisor) -> 0 | P26: =COUNTIF(Vertices!F:F,(">= "&O26))-COUNTIF(Vertices!F:F,(">="&O27)) -> 0 | Q26: =Q25+(($Q$45-$Q$2)/BinDivisor) -> #REF! | R26: =#REF! -> #REF! | S26: =S25+(($S$45-$S$2)/BinDivisor) -> 0 | T26: =COUNTIF(Vertices!H:H,(">= "&S26))-COUNTIF(Vertices!H:H,(">="&S27)) -> 0 | U26: =U25+(($U$45-$U$2)/BinDivisor) -> 0 | V26: =COUNTIF(Vertices!G:G,(">= "&U26))-COUNTIF(Vertices!G:G,(">="&U27)) -> 0 | W26: =W25+(($W$45-$W$2)/BinDivisor) -> #REF! | X26: =#REF! -> #REF! | Y26: =Y25+(($Y$45-$Y$2)/BinDivisor) -> #REF! | Z26: =COUNTIF(INDIRECT(DynamicFilterSourceColumnRange),(">= "&Y26))-COUNTIF(INDIRECT(DynamicFilterSourceColumnRange),(">="&Y27)) -> #REF!
E27: Average In-Degree | F27: =IFERROR(AVERAGE(Vertices!D:D),NoMetricMessage) -> Not Available | I27: =I26+(($I$45-$I$2)/BinDivisor) -> 0 | J27: =COUNTIF(Vertices!C:C,(">= "&I27))-COUNTIF(Vertices!C:C,(">="&I28)) -> 0 | K27: =K26+(($K$45-$K$2)/BinDivisor) -> 0 | L27: =COUNTIF(Vertices!D:D,(">= "&K27))-COUNTIF(Vertices!D:D,(">="&K28)) -> 0 | M27: =M26+(($M$45-$M$2)/BinDivisor) -> 0 | N27: =COUNTIF(Vertices!E:E,(">= "&M27))-COUNTIF(Vertices!E:E,(">="&M28)) -> 0 | O27: =O26+(($O$45-$O$2)/BinDivisor) -> 0 | P27: =COUNTIF(Vertices!F:F,(">= "&O27))-COUNTIF(Vertices!F:F,(">="&O28)) -> 0 | Q27: =Q26+(($Q$45-$Q$2)/BinDivisor) -> #REF! | R27: =#REF! -> #REF! | S27: =S26+(($S$45-$S$2)/BinDivisor) -> 0 | T27: =COUNTIF(Vertices!H:H,(">= "&S27))-COUNTIF(Vertices!H:H,(">="&S28)) -> 0 | U27: =U26+(($U$45-$U$2)/BinDivisor) -> 0 | V27: =COUNTIF(Vertices!G:G,(">= "&U27))-COUNTIF(Vertices!G:G,(">="&U28)) -> 0 | W27: =W26+(($W$45-$W$2)/BinDivisor) -> #REF! | X27: =#REF! -> #REF! | Y27: =Y26+(($Y$45-$Y$2)/BinDivisor) -> #REF! | Z27: =COUNTIF(INDIRECT(DynamicFilterSourceColumnRange),(">= "&Y27))-COUNTIF(INDIRECT(DynamicFilterSourceColumnRange),(">="&Y28)) -> #REF!
E28: Median In-Degree | F28: =IFERROR(MEDIAN(Vertices!D:D),NoMetricMessage) -> Not Available | I28: =I27+(($I$45-$I$2)/BinDivisor) -> 0 | J28: =COUNTIF(Vertices!C:C,(">= "&I28))-COUNTIF(Vertices!C:C,(">="&I29)) -> 0 | K28: =K27+(($K$45-$K$2)/BinDivisor) -> 0 | L28: =COUNTIF(Vertices!D:D,(">= "&K28))-COUNTIF(Vertices!D:D,(">="&K29)) -> 0 | M28: =M27+(($M$45-$M$2)/BinDivisor) -> 0 | N28: =COUNTIF(Vertices!E:E,(">= "&M28))-COUNTIF(Vertices!E:E,(">="&M29)) -> 0 | O28: =O27+(($O$45-$O$2)/BinDivisor) -> 0 | P28: =COUNTIF(Vertices!F:F,(">= "&O28))-COUNTIF(Vertices!F:F,(">="&O29)) -> 0 | Q28: =Q27+(($Q$45-$Q$2)/BinDivisor) -> #REF! | R28: =#REF! -> #REF! | S28: =S27+(($S$45-$S$2)/BinDivisor) -> 0 | T28: =COUNTIF(Vertices!H:H,(">= "&S28))-COUNTIF(Vertices!H:H,(">="&S29)) -> 0 | U28: =U27+(($U$45-$U$2)/BinDivisor) -> 0 | V28: =COUNTIF(Vertices!G:G,(">= "&U28))-COUNTIF(Vertices!G:G,(">="&U29)) -> 0 | W28: =W27+(($W$45-$W$2)/BinDivisor) -> #REF! | X28: =#REF! -> #REF! | Y28: =Y27+(($Y$45-$Y$2)/BinDivisor) -> #REF! | Z28: =COUNTIF(INDIRECT(DynamicFilterSourceColumnRange),(">= "&Y28))-COUNTIF(INDIRECT(DynamicFilterSourceColumnRange),(">="&Y29)) -> #REF!
A29: Degree Out - Top 10 | I29: =I28+(($I$45-$I$2)/BinDivisor) -> 0 | J29: =COUNTIF(Vertices!C:C,(">= "&I29))-COUNTIF(Vertices!C:C,(">="&I30)) -> 0 | K29: =K28+(($K$45-$K$2)/BinDivisor) -> 0 | L29: =COUNTIF(Vertices!D:D,(">= "&K29))-COUNTIF(Vertices!D:D,(">="&K30)) -> 0 | M29: =M28+(($M$45-$M$2)/BinDivisor) -> 0 | N29: =COUNTIF(Vertices!E:E,(">= "&M29))-COUNTIF(Vertices!E:E,(">="&M30)) -> 0 | O29: =O28+(($O$45-$O$2)/BinDivisor) -> 0 | P29: =COUNTIF(Vertices!F:F,(">= "&O29))-COUNTIF(Vertices!F:F,(">="&O30)) -> 0 | Q29: =Q28+(($Q$45-$Q$2)/BinDivisor) -> #REF! | R29: =#REF! -> #REF! | S29: =S28+(($S$45-$S$2)/BinDivisor) -> 0 | T29: =COUNTIF(Vertices!H:H,(">= "&S29))-COUNTIF(Vertices!H:H,(">="&S30)) -> 0 | U29: =U28+(($U$45-$U$2)/BinDivisor) -> 0 | V29: =COUNTIF(Vertices!G:G,(">= "&U29))-COUNTIF(Vertices!G:G,(">="&U30)) -> 0 | W29: =W28+(($W$45-$W$2)/BinDivisor) -> #REF! | X29: =#REF! -> #REF! | Y29: =Y28+(($Y$45-$Y$2)/BinDivisor) -> #REF! | Z29: =COUNTIF(INDIRECT(DynamicFilterSourceColumnRange),(">= "&Y29))-COUNTIF(INDIRECT(DynamicFilterSourceColumnRange),(">="&Y30)) -> #REF!
C30: 3 | I30: =I29+(($I$45-$I$2)/BinDivisor) -> 0 | J30: =COUNTIF(Vertices!C:C,(">= "&I30))-COUNTIF(Vertices!C:C,(">="&I31)) -> 0 | K30: =K29+(($K$45-$K$2)/BinDivisor) -> 0 | L30: =COUNTIF(Vertices!D:D,(">= "&K30))-COUNTIF(Vertices!D:D,(">="&K31)) -> 0 | M30: =M29+(($M$45-$M$2)/BinDivisor) -> 0 | N30: =COUNTIF(Vertices!E:E,(">= "&M30))-COUNTIF(Vertices!E:E,(">="&M31)) -> 0 | O30: =O29+(($O$45-$O$2)/BinDivisor) -> 0 | P30: =COUNTIF(Vertices!F:F,(">= "&O30))-COUNTIF(Vertices!F:F,(">="&O31)) -> 0 | Q30: =Q29+(($Q$45-$Q$2)/BinDivisor) -> #REF! | R30: =#REF! -> #REF! | S30: =S29+(($S$45-$S$2)/BinDivisor) -> 0 | T30: =COUNTIF(Vertices!H:H,(">= "&S30))-COUNTIF(Vertices!H:H,(">="&S31)) -> 0 | U30: =U29+(($U$45-$U$2)/BinDivisor) -> 0 | V30: =COUNTIF(Vertices!G:G,(">= "&U30))-COUNTIF(Vertices!G:G,(">="&U31)) -> 0 | W30: =W29+(($W$45-$W$2)/BinDivisor) -> #REF! | X30: =#REF! -> #REF! | Y30: =Y29+(($Y$45-$Y$2)/BinDivisor) -> #REF! | Z30: =COUNTIF(INDIRECT(DynamicFilterSourceColumnRange),(">= "&Y30))-COUNTIF(INDIRECT(DynamicFilterSourceColumnRange),(">="&Y31)) -> #REF!
C31: 3 | I31: =I30+(($I$45-$I$2)/BinDivisor) -> 0 | J31: =COUNTIF(Vertices!C:C,(">= "&I31))-COUNTIF(Vertices!C:C,(">="&I32)) -> 0 | K31: =K30+(($K$45-$K$2)/BinDivisor) -> 0 | L31: =COUNTIF(Vertices!D:D,(">= "&K31))-COUNTIF(Vertices!D:D,(">="&K32)) -> 0 | M31: =M30+(($M$45-$M$2)/BinDivisor) -> 0 | N31: =COUNTIF(Vertices!E:E,(">= "&M31))-COUNTIF(Vertices!E:E,(">="&M32)) -> 0 | O31: =O30+(($O$45-$O$2)/BinDivisor) -> 0 | P31: =COUNTIF(Vertices!F:F,(">= "&O31))-COUNTIF(Vertices!F:F,(">="&O32)) -> 0 | Q31: =Q30+(($Q$45-$Q$2)/BinDivisor) -> #REF! | R31: =#REF! -> #REF! | S31: =S30+(($S$45-$S$2)/BinDivisor) -> 0 | T31: =COUNTIF(Vertices!H:H,(">= "&S31))-COUNTIF(Vertices!H:H,(">="&S32)) -> 0 | U31: =U30+(($U$45-$U$2)/BinDivisor) -> 0 | V31: =COUNTIF(Vertices!G:G,(">= "&U31))-COUNTIF(Vertices!G:G,(">="&U32)) -> 0 | W31: =W30+(($W$45-$W$2)/BinDivisor) -> #REF! | X31: =#REF! -> #REF! | Y31: =Y30+(($Y$45-$Y$2)/BinDivisor) -> #REF! | Z31: =COUNTIF(INDIRECT(DynamicFilterSourceColumnRange),(">= "&Y31))-COUNTIF(INDIRECT(DynamicFilterSourceColumnRange),(">="&Y32)) -> #REF!
C32: 3 | I32: =I31+(($I$45-$I$2)/BinDivisor) -> 0 | J32: =COUNTIF(Vertices!C:C,(">= "&I32))-COUNTIF(Vertices!C:C,(">="&I33)) -> 0 | K32: =K31+(($K$45-$K$2)/BinDivisor) -> 0 | L32: =COUNTIF(Vertices!D:D,(">= "&K32))-COUNTIF(Vertices!D:D,(">="&K33)) -> 0 | M32: =M31+(($M$45-$M$2)/BinDivisor) -> 0 | N32: =COUNTIF(Vertices!E:E,(">= "&M32))-COUNTIF(Vertices!E:E,(">="&M33)) -> 0 | O32: =O31+(($O$45-$O$2)/BinDivisor) -> 0 | P32: =COUNTIF(Vertices!F:F,(">= "&O32))-COUNTIF(Vertices!F:F,(">="&O33)) -> 0 | Q32: =Q31+(($Q$45-$Q$2)/BinDivisor) -> #REF! | R32: =#REF! -> #REF! | S32: =S31+(($S$45-$S$2)/BinDivisor) -> 0 | T32: =COUNTIF(Vertices!H:H,(">= "&S32))-COUNTIF(Vertices!H:H,(">="&S33)) -> 0 | U32: =U31+(($U$45-$U$2)/BinDivisor) -> 0 | V32: =COUNTIF(Vertices!G:G,(">= "&U32))-COUNTIF(Vertices!G:G,(">="&U33)) -> 0 | W32: =W31+(($W$45-$W$2)/BinDivisor) -> #REF! | X32: =#REF! -> #REF! | Y32: =Y31+(($Y$45-$Y$2)/BinDivisor) -> #REF! | Z32: =COUNTIF(INDIRECT(DynamicFilterSourceColumnRange),(">= "&Y32))-COUNTIF(INDIRECT(DynamicFilterSourceColumnRange),(">="&Y33)) -> #REF!
C33: 3 | I33: =I32+(($I$45-$I$2)/BinDivisor) -> 0 | J33: =COUNTIF(Vertices!C:C,(">= "&I33))-COUNTIF(Vertices!C:C,(">="&I34)) -> 0 | K33: =K32+(($K$45-$K$2)/BinDivisor) -> 0 | L33: =COUNTIF(Vertices!D:D,(">= "&K33))-COUNTIF(Vertices!D:D,(">="&K34)) -> 0 | M33: =M32+(($M$45-$M$2)/BinDivisor) -> 0 | N33: =COUNTIF(Vertices!E:E,(">= "&M33))-COUNTIF(Vertices!E:E,(">="&M34)) -> 0 | O33: =O32+(($O$45-$O$2)/BinDivisor) -> 0 | P33: =COUNTIF(Vertices!F:F,(">= "&O33))-COUNTIF(Vertices!F:F,(">="&O34)) -> 0 | Q33: =Q32+(($Q$45-$Q$2)/BinDivisor) -> #REF! | R33: =#REF! -> #REF! | S33: =S32+(($S$45-$S$2)/BinDivisor) -> 0 | T33: =COUNTIF(Vertices!H:H,(">= "&S33))-COUNTIF(Vertices!H:H,(">="&S34)) -> 0 | U33: =U32+(($U$45-$U$2)/BinDivisor) -> 0 | V33: =COUNTIF(Vertices!G:G,(">= "&U33))-COUNTIF(Vertices!G:G,(">="&U34)) -> 0 | W33: =W32+(($W$45-$W$2)/BinDivisor) -> #REF! | X33: =#REF! -> #REF! | Y33: =Y32+(($Y$45-$Y$2)/BinDivisor) -> #REF! | Z33: =COUNTIF(INDIRECT(DynamicFilterSourceColumnRange),(">= "&Y33))-COUNTIF(INDIRECT(DynamicFilterSourceColumnRange),(">="&Y34)) -> #REF!
C34: 3 | I34: =I33+(($I$45-$I$2)/BinDivisor) -> 0 | J34: =COUNTIF(Vertices!C:C,(">= "&I34))-COUNTIF(Vertices!C:C,(">="&I35)) -> 0 | K34: =K33+(($K$45-$K$2)/BinDivisor) -> 0 | L34: =COUNTIF(Vertices!D:D,(">= "&K34))-COUNTIF(Vertices!D:D,(">="&K35)) -> 0 | M34: =M33+(($M$45-$M$2)/BinDivisor) -> 0 | N34: =COUNTIF(Vertices!E:E,(">= "&M34))-COUNTIF(Vertices!E:E,(">="&M35)) -> 0 | O34: =O33+(($O$45-$O$2)/BinDivisor) -> 0 | P34: =COUNTIF(Vertices!F:F,(">= "&O34))-COUNTIF(Vertices!F:F,(">="&O35)) -> 0 | Q34: =Q33+(($Q$45-$Q$2)/BinDivisor) -> #REF! | R34: =#REF! -> #REF! | S34: =S33+(($S$45-$S$2)/BinDivisor) -> 0 | T34: =COUNTIF(Vertices!H:H,(">= "&S34))-COUNTIF(Vertices!H:H,(">="&S35)) -> 0 | U34: =U33+(($U$45-$U$2)/BinDivisor) -> 0 | V34: =COUNTIF(Vertices!G:G,(">= "&U34))-COUNTIF(Vertices!G:G,(">="&U35)) -> 0 | W34: =W33+(($W$45-$W$2)/BinDivisor) -> #REF! | X34: =#REF! -> #REF! | Y34: =Y33+(($Y$45-$Y$2)/BinDivisor) -> #REF! | Z34: =COUNTIF(INDIRECT(DynamicFilterSourceColumnRange),(">= "&Y34))-COUNTIF(INDIRECT(DynamicFilterSourceColumnRange),(">="&Y35)) -> #REF!
C35: 3 | I35: =I34+(($I$45-$I$2)/BinDivisor) -> 0 | J35: =COUNTIF(Vertices!C:C,(">= "&I35))-COUNTIF(Vertices!C:C,(">="&I36)) -> 0 | K35: =K34+(($K$45-$K$2)/BinDivisor) -> 0 | L35: =COUNTIF(Vertices!D:D,(">= "&K35))-COUNTIF(Vertices!D:D,(">="&K36)) -> 0 | M35: =M34+(($M$45-$M$2)/BinDivisor) -> 0 | N35: =COUNTIF(Vertices!E:E,(">= "&M35))-COUNTIF(Vertices!E:E,(">="&M36)) -> 0 | O35: =O34+(($O$45-$O$2)/BinDivisor) -> 0 | P35: =COUNTIF(Vertices!F:F,(">= "&O35))-COUNTIF(Vertices!F:F,(">="&O36)) -> 0 | Q35: =Q34+(($Q$45-$Q$2)/BinDivisor) -> #REF! | R35: =#REF! -> #REF! | S35: =S34+(($S$45-$S$2)/BinDivisor) -> 0 | T35: =COUNTIF(Vertices!H:H,(">= "&S35))-COUNTIF(Vertices!H:H,(">="&S36)) -> 0 | U35: =U34+(($U$45-$U$2)/BinDivisor) -> 0 | V35: =COUNTIF(Vertices!G:G,(">= "&U35))-COUNTIF(Vertices!G:G,(">="&U36)) -> 0 | W35: =W34+(($W$45-$W$2)/BinDivisor) -> #REF! | X35: =#REF! -> #REF! | Y35: =Y34+(($Y$45-$Y$2)/BinDivisor) -> #REF! | Z35: =COUNTIF(INDIRECT(DynamicFilterSourceColumnRange),(">= "&Y35))-COUNTIF(INDIRECT(DynamicFilterSourceColumnRange),(">="&Y36)) -> #REF!
C36: 3 | I36: =I35+(($I$45-$I$2)/BinDivisor) -> 0 | J36: =COUNTIF(Vertices!C:C,(">= "&I36))-COUNTIF(Vertices!C:C,(">="&I37)) -> 0 | K36: =K35+(($K$45-$K$2)/BinDivisor) -> 0 | L36: =COUNTIF(Vertices!D:D,(">= "&K36))-COUNTIF(Vertices!D:D,(">="&K37)) -> 0 | M36: =M35+(($M$45-$M$2)/BinDivisor) -> 0 | N36: =COUNTIF(Vertices!E:E,(">= "&M36))-COUNTIF(Vertices!E:E,(">="&M37)) -> 0 | O36: =O35+(($O$45-$O$2)/BinDivisor) -> 0 | P36: =COUNTIF(Vertices!F:F,(">= "&O36))-COUNTIF(Vertices!F:F,(">="&O37)) -> 0 | Q36: =Q35+(($Q$45-$Q$2)/BinDivisor) -> #REF! | R36: =#REF! -> #REF! | S36: =S35+(($S$45-$S$2)/BinDivisor) -> 0 | T36: =COUNTIF(Vertices!H:H,(">= "&S36))-COUNTIF(Vertices!H:H,(">="&S37)) -> 0 | U36: =U35+(($U$45-$U$2)/BinDivisor) -> 0 | V36: =COUNTIF(Vertices!G:G,(">= "&U36))-COUNTIF(Vertices!G:G,(">="&U37)) -> 0 | W36: =W35+(($W$45-$W$2)/BinDivisor) -> #REF! | X36: =#REF! -> #REF! | Y36: =Y35+(($Y$45-$Y$2)/BinDivisor) -> #REF! | Z36: =COUNTIF(INDIRECT(DynamicFilterSourceColumnRange),(">= "&Y36))-COUNTIF(INDIRECT(DynamicFilterSourceColumnRange),(">="&Y37)) -> #REF!
C37: 3 | I37: =I36+(($I$45-$I$2)/BinDivisor) -> 0 | J37: =COUNTIF(Vertices!C:C,(">= "&I37))-COUNTIF(Vertices!C:C,(">="&I38)) -> 0 | K37: =K36+(($K$45-$K$2)/BinDivisor) -> 0 | L37: =COUNTIF(Vertices!D:D,(">= "&K37))-COUNTIF(Vertices!D:D,(">="&K38)) -> 0 | M37: =M36+(($M$45-$M$2)/BinDivisor) -> 0 | N37: =COUNTIF(Vertices!E:E,(">= "&M37))-COUNTIF(Vertices!E:E,(">="&M38)) -> 0 | O37: =O36+(($O$45-$O$2)/BinDivisor) -> 0 | P37: =COUNTIF(Vertices!F:F,(">= "&O37))-COUNTIF(Vertices!F:F,(">="&O38)) -> 0 | Q37: =Q36+(($Q$45-$Q$2)/BinDivisor) -> #REF! | R37: =#REF! -> #REF! | S37: =S36+(($S$45-$S$2)/BinDivisor) -> 0 | T37: =COUNTIF(Vertices!H:H,(">= "&S37))-COUNTIF(Vertices!H:H,(">="&S38)) -> 0 | U37: =U36+(($U$45-$U$2)/BinDivisor) -> 0 | V37: =COUNTIF(Vertices!G:G,(">= "&U37))-COUNTIF(Vertices!G:G,(">="&U38)) -> 0 | W37: =W36+(($W$45-$W$2)/BinDivisor) -> #REF! | X37: =#REF! -> #REF! | Y37: =Y36+(($Y$45-$Y$2)/BinDivisor) -> #REF! | Z37: =COUNTIF(INDIRECT(DynamicFilterSourceColumnRange),(">= "&Y37))-COUNTIF(INDIRECT(DynamicFilterSourceColumnRange),(">="&Y38)) -> #REF!
C38: 3 | E38: Minimum Out-Degree | F38: =IF((COUNT(Vertices!E:E)>0),M2,NoMetricMessage) -> Not Available | I38: =I37+(($I$45-$I$2)/BinDivisor) -> 0 | J38: =COUNTIF(Vertices!C:C,(">= "&I38))-COUNTIF(Vertices!C:C,(">="&I39)) -> 0 | K38: =K37+(($K$45-$K$2)/BinDivisor) -> 0 | L38: =COUNTIF(Vertices!D:D,(">= "&K38))-COUNTIF(Vertices!D:D,(">="&K39)) -> 0 | M38: =M37+(($M$45-$M$2)/BinDivisor) -> 0 | N38: =COUNTIF(Vertices!E:E,(">= "&M38))-COUNTIF(Vertices!E:E,(">="&M39)) -> 0 | O38: =O37+(($O$45-$O$2)/BinDivisor) -> 0 | P38: =COUNTIF(Vertices!F:F,(">= "&O38))-COUNTIF(Vertices!F:F,(">="&O39)) -> 0 | Q38: =Q37+(($Q$45-$Q$2)/BinDivisor) -> #REF! | R38: =#REF! -> #REF! | S38: =S37+(($S$45-$S$2)/BinDivisor) -> 0 | T38: =COUNTIF(Vertices!H:H,(">= "&S38))-COUNTIF(Vertices!H:H,(">="&S39)) -> 0 | U38: =U37+(($U$45-$U$2)/BinDivisor) -> 0 | V38: =COUNTIF(Vertices!G:G,(">= "&U38))-COUNTIF(Vertices!G:G,(">="&U39)) -> 0 | W38: =W37+(($W$45-$W$2)/BinDivisor) -> #REF! | X38: =#REF! -> #REF! | Y38: =Y37+(($Y$45-$Y$2)/BinDivisor) -> #REF! | Z38: =COUNTIF(INDIRECT(DynamicFilterSourceColumnRange),(">= "&Y38))-COUNTIF(INDIRECT(DynamicFilterSourceColumnRange),(">="&Y39)) -> #REF!
C39: 3 | E39: Maximum Out-Degree | F39: =IF((COUNT(Vertices!E:E)>0),M45,NoMetricMessage) -> Not Available | I39: =I38+(($I$45-$I$2)/BinDivisor) -> 0 | J39: =COUNTIF(Vertices!C:C,(">= "&I39))-COUNTIF(Vertices!C:C,(">="&I40)) -> 0 | K39: =K38+(($K$45-$K$2)/BinDivisor) -> 0 | L39: =COUNTIF(Vertices!D:D,(">= "&K39))-COUNTIF(Vertices!D:D,(">="&K40)) -> 0 | M39: =M38+(($M$45-$M$2)/BinDivisor) -> 0 | N39: =COUNTIF(Vertices!E:E,(">= "&M39))-COUNTIF(Vertices!E:E,(">="&M40)) -> 0 | O39: =O38+(($O$45-$O$2)/BinDivisor) -> 0 | P39: =COUNTIF(Vertices!F:F,(">= "&O39))-COUNTIF(Vertices!F:F,(">="&O40)) -> 0 | Q39: =Q38+(($Q$45-$Q$2)/BinDivisor) -> #REF! | R39: =#REF! -> #REF! | S39: =S38+(($S$45-$S$2)/BinDivisor) -> 0 | T39: =COUNTIF(Vertices!H:H,(">= "&S39))-COUNTIF(Vertices!H:H,(">="&S40)) -> 0 | U39: =U38+(($U$45-$U$2)/BinDivisor) -> 0 | V39: =COUNTIF(Vertices!G:G,(">= "&U39))-COUNTIF(Vertices!G:G,(">="&U40)) -> 0 | W39: =W38+(($W$45-$W$2)/BinDivisor) -> #REF! | X39: =#REF! -> #REF! | Y39: =Y38+(($Y$45-$Y$2)/BinDivisor) -> #REF! | Z39: =COUNTIF(INDIRECT(DynamicFilterSourceColumnRange),(">= "&Y39))-COUNTIF(INDIRECT(DynamicFilterSourceColumnRange),(">="&Y40)) -> #REF!
E40: Average Out-Degree | F40: =IFERROR(AVERAGE(Vertices!E:E),NoMetricMessage) -> Not Available | I40: =I39+(($I$45-$I$2)/BinDivisor) -> 0 | J40: =COUNTIF(Vertices!C:C,(">= "&I40))-COUNTIF(Vertices!C:C,(">="&I41)) -> 0 | K40: =K39+(($K$45-$K$2)/BinDivisor) -> 0 | L40: =COUNTIF(Vertices!D:D,(">= "&K40))-COUNTIF(Vertices!D:D,(">="&K41)) -> 0 | M40: =M39+(($M$45-$M$2)/BinDivisor) -> 0 | N40: =COUNTIF(Vertices!E:E,(">= "&M40))-COUNTIF(Vertices!E:E,(">="&M41)) -> 0 | O40: =O39+(($O$45-$O$2)/BinDivisor) -> 0 | P40: =COUNTIF(Vertices!F:F,(">= "&O40))-COUNTIF(Vertices!F:F,(">="&O41)) -> 0 | Q40: =Q39+(($Q$45-$Q$2)/BinDivisor) -> #REF! | R40: =#REF! -> #REF! | S40: =S39+(($S$45-$S$2)/BinDivisor) -> 0 | T40: =COUNTIF(Vertices!H:H,(">= "&S40))-COUNTIF(Vertices!H:H,(">="&S41)) -> 0 | U40: =U39+(($U$45-$U$2)/BinDivisor) -> 0 | V40: =COUNTIF(Vertices!G:G,(">= "&U40))-COUNTIF(Vertices!G:G,(">="&U41)) -> 0 | W40: =W39+(($W$45-$W$2)/BinDivisor) -> #REF! | X40: =#REF! -> #REF! | Y40: =Y39+(($Y$45-$Y$2)/BinDivisor) -> #REF! | Z40: =COUNTIF(INDIRECT(DynamicFilterSourceColumnRange),(">= "&Y40))-COUNTIF(INDIRECT(DynamicFilterSourceColumnRange),(">="&Y41)) -> #REF!
E41: Median Out-Degree | F41: =IFERROR(MEDIAN(Vertices!E:E),NoMetricMessage) -> Not Available | I41: =I40+(($I$45-$I$2)/BinDivisor) -> 0 | J41: =COUNTIF(Vertices!C:C,(">= "&I41))-COUNTIF(Vertices!C:C,(">="&I42)) -> 0 | K41: =K40+(($K$45-$K$2)/BinDivisor) -> 0 | L41: =COUNTIF(Vertices!D:D,(">= "&K41))-COUNTIF(Vertices!D:D,(">="&K42)) -> 0 | M41: =M40+(($M$45-$M$2)/BinDivisor) -> 0 | N41: =COUNTIF(Vertices!E:E,(">= "&M41))-COUNTIF(Vertices!E:E,(">="&M42)) -> 0 | O41: =O40+(($O$45-$O$2)/BinDivisor) -> 0 | P41: =COUNTIF(Vertices!F:F,(">= "&O41))-COUNTIF(Vertices!F:F,(">="&O42)) -> 0 | Q41: =Q40+(($Q$45-$Q$2)/BinDivisor) -> #REF! | R41: =#REF! -> #REF! | S41: =S40+(($S$45-$S$2)/BinDivisor) -> 0 | T41: =COUNTIF(Vertices!H:H,(">= "&S41))-COUNTIF(Vertices!H:H,(">="&S42)) -> 0 | U41: =U40+(($U$45-$U$2)/BinDivisor) -> 0 | V41: =COUNTIF(Vertices!G:G,(">= "&U41))-COUNTIF(Vertices!G:G,(">="&U42)) -> 0 | W41: =W40+(($W$45-$W$2)/BinDivisor) -> #REF! | X41: =#REF! -> #REF! | Y41: =Y40+(($Y$45-$Y$2)/BinDivisor) -> #REF! | Z41: =COUNTIF(INDIRECT(DynamicFilterSourceColumnRange),(">= "&Y41))-COUNTIF(INDIRECT(DynamicFilterSourceColumnRange),(">="&Y42)) -> #REF!
A42: Betweenness Centraility - Top 10 | I42: =I41+(($I$45-$I$2)/BinDivisor) -> 0 | J42: =COUNTIF(Vertices!C:C,(">= "&I42))-COUNTIF(Vertices!C:C,(">="&I43)) -> 0 | K42: =K41+(($K$45-$K$2)/BinDivisor) -> 0 | L42: =COUNTIF(Vertices!D:D,(">= "&K42))-COUNTIF(Vertices!D:D,(">="&K43)) -> 0 | M42: =M41+(($M$45-$M$2)/BinDivisor) -> 0 | N42: =COUNTIF(Vertices!E:E,(">= "&M42))-COUNTIF(Vertices!E:E,(">="&M43)) -> 0 | O42: =O41+(($O$45-$O$2)/BinDivisor) -> 0 | P42: =COUNTIF(Vertices!F:F,(">= "&O42))-COUNTIF(Vertices!F:F,(">="&O43)) -> 0 | Q42: =Q41+(($Q$45-$Q$2)/BinDivisor) -> #REF! | R42: =#REF! -> #REF! | S42: =S41+(($S$45-$S$2)/BinDivisor) -> 0 | T42: =COUNTIF(Vertices!H:H,(">= "&S42))-COUNTIF(Vertices!H:H,(">="&S43)) -> 0 | U42: =U41+(($U$45-$U$2)/BinDivisor) -> 0 | V42: =COUNTIF(Vertices!G:G,(">= "&U42))-COUNTIF(Vertices!G:G,(">="&U43)) -> 0 | W42: =W41+(($W$45-$W$2)/BinDivisor) -> #REF! | X42: =#REF! -> #REF! | Y42: =Y41+(($Y$45-$Y$2)/BinDivisor) -> #REF! | Z42: =COUNTIF(INDIRECT(DynamicFilterSourceColumnRange),(">= "&Y42))-COUNTIF(INDIRECT(DynamicFilterSourceColumnRange),(">="&Y43)) -> #REF!
C43: 4 | I43: =I42+(($I$45-$I$2)/BinDivisor) -> 0 | J43: =COUNTIF(Vertices!C:C,(">= "&I43))-COUNTIF(Vertices!C:C,(">="&I44)) -> 0 | K43: =K42+(($K$45-$K$2)/BinDivisor) -> 0 | L43: =COUNTIF(Vertices!D:D,(">= "&K43))-COUNTIF(Vertices!D:D,(">="&K44)) -> 0 | M43: =M42+(($M$45-$M$2)/BinDivisor) -> 0 | N43: =COUNTIF(Vertices!E:E,(">= "&M43))-COUNTIF(Vertices!E:E,(">="&M44)) -> 0 | O43: =O42+(($O$45-$O$2)/BinDivisor) -> 0 | P43: =COUNTIF(Vertices!F:F,(">= "&O43))-COUNTIF(Vertices!F:F,(">="&O44)) -> 0 | Q43: =Q42+(($Q$45-$Q$2)/BinDivisor) -> #REF! | R43: =#REF! -> #REF! | S43: =S42+(($S$45-$S$2)/BinDivisor) -> 0 | T43: =COUNTIF(Vertices!H:H,(">= "&S43))-COUNTIF(Vertices!H:H,(">="&S44)) -> 0 | U43: =U42+(($U$45-$U$2)/BinDivisor) -> 0 | V43: =COUNTIF(Vertices!G:G,(">= "&U43))-COUNTIF(Vertices!G:G,(">="&U44)) -> 0 | W43: =W42+(($W$45-$W$2)/BinDivisor) -> #REF! | X43: =#REF! -> #REF! | Y43: =Y42+(($Y$45-$Y$2)/BinDivisor) -> #REF! | Z43: =COUNTIF(INDIRECT(DynamicFilterSourceColumnRange),(">= "&Y43))-COUNTIF(INDIRECT(DynamicFilterSourceColumnRange),(">="&Y44)) -> #REF!
C44: 4 | I44: =I43+(($I$45-$I$2)/BinDivisor) -> 0 | J44: =COUNTIF(Vertices!C:C,(">= "&I44))-COUNTIF(Vertices!C:C,(">="&I45)) -> 0 | K44: =K43+(($K$45-$K$2)/BinDivisor) -> 0 | L44: =COUNTIF(Vertices!D:D,(">= "&K44))-COUNTIF(Vertices!D:D,(">="&K45)) -> 0 | M44: =M43+(($M$45-$M$2)/BinDivisor) -> 0 | N44: =COUNTIF(Vertices!E:E,(">= "&M44))-COUNTIF(Vertices!E:E,(">="&M45)) -> 0 | O44: =O43+(($O$45-$O$2)/BinDivisor) -> 0 | P44: =COUNTIF(Vertices!F:F,(">= "&O44))-COUNTIF(Vertices!F:F,(">="&O45)) -> 0 | Q44: =Q43+(($Q$45-$Q$2)/BinDivisor) -> #REF! | R44: =#REF! -> #REF! | S44: =S43+(($S$45-$S$2)/BinDivisor) -> 0 | T44: =COUNTIF(Vertices!H:H,(">= "&S44))-COUNTIF(Vertices!H:H,(">="&S45)) -> 0 | U44: =U43+(($U$45-$U$2)/BinDivisor) -> 0 | V44: =COUNTIF(Vertices!G:G,(">= "&U44))-COUNTIF(Vertices!G:G,(">="&U45)) -> 0 | W44: =W43+(($W$45-$W$2)/BinDivisor) -> #REF! | X44: =#REF! -> #REF! | Y44: =Y43+(($Y$45-$Y$2)/BinDivisor) -> #REF! | Z44: =COUNTIF(INDIRECT(DynamicFilterSourceColumnRange),(">= "&Y44))-COUNTIF(INDIRECT(DynamicFilterSourceColumnRange),(">="&Y45)) -> #REF!
C45: 4 | I45: =MAX(Vertices!C:C) -> 0 | J45: =#REF! -> #REF! | K45: =MAX(Vertices!D:D) -> 0 | L45: =COUNTIF(Vertices!D:D,(">= "&K45))-COUNTIF(Vertices!D:D,(">="&J46)) -> 0 | M45: =MAX(Vertices!E:E) -> 0 | N45: =COUNTIF(Vertices!E:E,(">= "&M45))-COUNTIF(Vertices!E:E,(">="&L46)) -> 0 | O45: =MAX(Vertices!F:F) -> 0 | P45: =COUNTIF(Vertices!F:F,(">= "&O45))-COUNTIF(Vertices!F:F,(">="&N46)) -> 0 | Q45: =#REF! -> #REF! | R45: =#REF! -> #REF! | S45: =MAX(Vertices!H:H) -> 0 | T45: =COUNTIF(Vertices!H:H,(">= "&S45))-COUNTIF(Vertices!H:H,(">="&R46)) -> 0 | U45: =MAX(Vertices!G:G) -> 0 | V45: =COUNTIF(Vertices!G:G,(">= "&U45))-COUNTIF(Vertices!G:G,(">="&T46)) -> 0 | W45: =#REF! -> #REF! | X45: =#REF! -> #REF! | Y45: =MAX(INDIRECT(DynamicFilterSourceColumnRange)) -> #REF! | Z45: =COUNTIF(INDIRECT(DynamicFilterSourceColumnRange),(">= "&Y45))-COUNTIF(INDIRECT(DynamicFilterSourceColumnRange),(">="&X46)) -> #REF!
C46: 4
C47: 4
C48: 4
C49: 4
C50: 4
C51: 4 | E51: Minimum Betweenness Centrality | F51: =IF((COUNT(Vertices!F:F)>0),O2,NoMetricMessage) -> Not Available
C52: 4 | E52: Maximum Betweenness Centrality | F52: =IF((COUNT(Vertices!F:F)>0),O45,NoMetricMessage) -> Not Available
E53: Average Betweenness Centrality | F53: =IFERROR(AVERAGE(Vertices!F:F),NoMetricMessage) -> Not Available
E54: Median Betweenness Centrality | F54: =IFERROR(MEDIAN(Vertices!F:F),NoMetricMessage) -> Not Available
A55: Eigenvector Centraility - Top 10
C56: 5
C57: 5
C58: 5
C59: 5
C60: 5
C61: 5
C62: 5
C63: 5
C64: 5 | E64: Minimum Eigenvector Centrality | F64: =IF((COUNT(Vertices!F:F)>0),S2,NoMetricMessage) -> Not Available
C65: 5 | E65: Maximum Eigenvector Centrality | F65: =IF((COUNT(Vertices!F:F)>0),S45,NoMetricMessage) -> Not Available
E66: Average Eigenvector Centrality | F66: =IFERROR(AVERAGE(Vertices!H:H),NoMetricMessage) -> Not Available
E67: Median Eigenvector Centrality | F67: =IFERROR(MEDIAN(Vertices!H:H),NoMetricMessage) -> Not Available
A68: Pagerank - Top 10
C69: 6
C70: 6
C71: 6
C72: 6
C73: 6
C74: 6
C75: 6
C76: 6
C77: 6 | E77: Minimum PageRank | F77: =IF((COUNT(Vertices!G:G)>0),U2,NoMetricMessage) -> Not Available
C78: 6 | E78: Maximum PageRank | F78: =IF((COUNT(Vertices!G:G)>0),U45,NoMetricMessage) -> Not Available
E79: Average PageRank | F79: =IFERROR(AVERAGE(Vertices!G:G),NoMetricMessage) -> Not Available
E80: Median PageRank | F80: =IFERROR(MEDIAN(Vertices!G:G),NoMetricMessage) -> Not Available
A92: Minimum Clustering Coefficient | B92: =#REF! -> #REF!
A93: Maximum Clustering Coefficient | B93: =#REF! -> #REF!
A94: Average Clustering Coefficient | B94: =#REF! -> #REF!
A95: Median Clustering Coefficient | B95: =#REF! -> #REF!

Sheet TMP
A1: id_str | B1: from_user | C1: text | D1: created_at | E1: time | F1: geo_coordinates | G1: iso_language_code | H1: to_user_id_str | I1: from_user_id_str | J1: source | K1: profile_image_url | L1: status_url | M1: entities_str
